Workbook

Sheet Introduction
A2: An analysis of the impacts of all-electric heat pumps and peak mitigation technologies on peak power demand in Ontario
A4: This spreadsheet is designed to help the user understand the calculation made for the report on the impacts of all-electric heat pump and peak mitigation technologies on peak power demand in Ontario. Users also have the opportunity to change some of the assumptions and data points used and test the impacts on the outcomes.
A6: The ASHPs and GSHPs sheets contain the raw data used to determine the power draw of different sized heat pumps in each temperature bin. Tables showing the home heating load calculations are found at the bottom of these sheets.
A8: The input sheet contains additional input data and sources for all equipment used in the analysis, geographical housing statistics and data used in calculating the avoided costs of building new electricity generation. Values in this sheet can be changed to test the impacts on the calculated outcomes.
A10: The regional outcomes sheet summarizes the heat pump and peak mitigation technology outcomes for each of the geographic regions as well as the outcomes for an average Ontario single family home after taking the geographically weighted average. These outcomes form the basis of the values in the Figures.
A12: The data used to plot the Figures can be seen in the corresponding Figure sheets.
A14: The assumptions sheet lists the assumptions that were made in this analysis.
A16: The formulas sheet shows the calculations and methodology used. For further details, please refer to the full report.

Sheet ASHPs
A1: ASHP data from manufacturer specification sheets
E3: without backup | K3: capacity | Q3: capacity met by backup resistance heater | W3: COP | AC3: % of time HP is running | AI3: % of time electric resistance is running
A4: brand | B4: model | C4: size | D4: scop | E4: kW at -10 | F4: kW at -13.5 | G4: kW at -15 | H4: kW at -20 | I4: kW at -25 | J4: kW a -30 | K4: -10 | L4: -13.5 | M4: -15 | N4: -20 | O4: -25 | P4: -30 | Q4: -10 | R4: -13.5 | S4: -15 | T4: -20 | U4: -25 | V4: -30 | W4: -10 | X4: -13.5 | Y4: -15 | Z4: -20 | AA4: -25 | AB4: -30 | AC4: -10 | AD4: -13.5 | AE4: -15 | AF4: -20 | AG4: -25 | AH4: -30 | AI4: -10 | AJ4: -13.5 | AK4: -15 | AL4: -20 | AM4: -25 | AN4: -30
A5: Capacity calculated using 36,000 BTU/hr at -20'C
A7: -30'C design temperature
A8: Moovair | B8: FMA48HIAHUU230X7/DMA48HOS20230E7 | C8: 4t | E8: 6.86 | F8: 6.93 | G8: 7.1 | H8: 7.46 | I8: 7.83 | J8: 7.59 | K8: 50440 | L8: 48830 | M8: 47060 | N8: 43290 | O8: 38960 | P8: 33120 | Q8: =MAX(ASHPs!I$81 -K8,0) -> 0 | R8: =MAX(ASHPs!J$81 -L8,0) -> 0 | S8: =MAX(ASHPs!K$81 -M8,0) -> 0 | T8: =MAX(ASHPs!L$81 -N8,0) -> 0 | U8: =MAX(ASHPs!M$81 -O8,0) -> 2355.7029 | V8: =MAX(ASHPs!N$81 -P8,0) -> 12932.545 | W8: =K8/(E8*3412) -> 2.1549735 | X8: =L8/(F8*3412) -> 2.0651161 | Y8: =M8/(G8*3412) -> 1.9426052 | Z8: =N8/(H8*3412) -> 1.7007471 | AA8: =O8/(I8*3412) -> 1.4583043 | AB8: =P8/(J8*3412) -> 1.2789087 | AC8: =IF(ASHPs!I$81/K8<1, ASHPs!I$81/K8,1) -> 0.53737464 | AD8: =IF(ASHPs!J$81/L8<1, ASHPs!J$81/L8,1) -> 0.62299746 | AE8: =IF(ASHPs!K$81/M8<1, ASHPs!K$81/M8,1) -> 0.67662598 | AF8: =IF(ASHPs!L$81/N8<1, ASHPs!L$81/N8,1) -> 0.84497253 | AG8: =IF(ASHPs!M$81/O8<1, ASHPs!M$81/O8,1) -> 1 | AH8: =IF(ASHPs!N$81/P8<1, ASHPs!N$81/P8,1) -> 1 | AI8: =Q8/(15*3412) -> 0 | AJ8: =R8/(15*3412) -> 0 | AK8: =S8/(15*3412) -> 0 | AL8: =T8/(15*3412) -> 0 | AM8: =U8/(15*3412) -> 0.046027803 | AN8: =V8/(15*3412) -> 0.25268748
A9: Daikin Comfort | B9: FTQ48TAVJU + RZQ48TAVJUA | C9: 4t | E9: 6.67 | F9: 6.47 | G9: 6.41 | H9: 6.03 | I9: =AVERAGE(E9:H9) -> 6.395 | J9: =AVERAGE(E9:I9) -> 6.395 | K9: =15.3*3412 -> 52203.6 | L9: =14.1*3412 -> 48109.2 | M9: =13.7*3412 -> 46744.4 | N9: =11.9*3412 -> 40602.8 | O9: =0.9*N9 -> 36542.52 | P9: =0.5*N9 -> 20301.4 | Q9: =MAX(ASHPs!I$81 -K9,0) -> 0 | R9: =MAX(ASHPs!J$81 -L9,0) -> 0 | S9: =MAX(ASHPs!K$81 -M9,0) -> 0 | T9: =MAX(ASHPs!L$81 -N9,0) -> 0 | U9: =MAX(ASHPs!M$81 -O9,0) -> 4773.1829 | V9: =MAX(ASHPs!N$81 -P9,0) -> 25751.145 | W9: =K9/(E9*3412) -> 2.2938531 | X9: =L9/(F9*3412) -> 2.179289 | Y9: =M9/(G9*3412) -> 2.1372855 | Z9: =N9/(H9*3412) -> 1.973466 | AA9: =O9/(I9*3412) -> 1.6747459 | AB9: =P9/(J9*3412) -> 0.93041439 | AC9: =IF(ASHPs!I$81/K9<1, ASHPs!I$81/K9,1) -> 0.51922045 | AD9: =IF(ASHPs!J$81/L9<1, ASHPs!J$81/L9,1) -> 0.63233157 | AE9: =IF(ASHPs!K$81/M9<1, ASHPs!K$81/M9,1) -> 0.6811943 | AF9: =IF(ASHPs!L$81/N9<1, ASHPs!L$81/N9,1) -> 0.90089503 | AG9: =IF(ASHPs!M$81/O9<1, ASHPs!M$81/O9,1) -> 1 | AH9: =IF(ASHPs!N$81/P9<1, ASHPs!N$81/P9,1) -> 1 | AI9: =Q9/(15*3412) -> 0 | AJ9: =R9/(15*3412) -> 0 | AK9: =S9/(15*3412) -> 0 | AL9: =T9/(15*3412) -> 0 | AM9: =U9/(15*3412) -> 0.09326266 | AN9: =V9/(15*3412) -> 0.50314859
A10: Fujitsu | B10: AMUG48LMAS | C10: 4t | E10: 6.34 | F10: 6.37 | G10: 6.39 | H10: 6.34 | I10: 6.29 | J10: =AVERAGE(E10:I10) -> 6.346 | K10: 51000 | L10: 51000 | M10: 51000 | N10: 45500 | O10: 39000 | P10: =_xlfn.FORECAST.LINEAR(P$4,L10:O10,L$4:O$4) -> 34039.403 | Q10: =MAX(ASHPs!I$81 -K10,0) -> 0 | R10: =MAX(ASHPs!J$81 -L10,0) -> 0 | S10: =MAX(ASHPs!K$81 -M10,0) -> 0 | T10: =MAX(ASHPs!L$81 -N10,0) -> 0 | U10: =MAX(ASHPs!M$81 -O10,0) -> 2315.7029 | V10: =MAX(ASHPs!N$81 -P10,0) -> 12013.142 | W10: =K10/(E10*3412) -> 2.3576096 | X10: =L10/(F10*3412) -> 2.3465063 | Y10: =M10/(G10*3412) -> 2.339162 | Z10: =N10/(H10*3412) -> 2.1033576 | AA10: =O10/(I10*3412) -> 1.8172093 | AB10: =P10/(J10*3412) -> 1.5720735 | AC10: =IF(ASHPs!I$81/K10<1, ASHPs!I$81/K10,1) -> 0.53147405 | AD10: =IF(ASHPs!J$81/L10<1, ASHPs!J$81/L10,1) -> 0.59648953 | AE10: =IF(ASHPs!K$81/M10<1, ASHPs!K$81/M10,1) -> 0.62435331 | AF10: =IF(ASHPs!L$81/N10<1, ASHPs!L$81/N10,1) -> 0.80393101 | AG10: =IF(ASHPs!M$81/O10<1, ASHPs!M$81/O10,1) -> 1 | AH10: =IF(ASHPs!N$81/P10<1, ASHPs!N$81/P10,1) -> 1 | AI10: =Q10/(15*3412) -> 0 | AJ10: =R10/(15*3412) -> 0 | AK10: =S10/(15*3412) -> 0 | AL10: =T10/(15*3412) -> 0 | AM10: =U10/(15*3412) -> 0.045246247 | AN10: =V10/(15*3412) -> 0.23472337
A11: Mitsubishi Zuba | B11: PVA‐A42AA7/PUZ-HA42NKA | C11: 4t | E11: 7.67 | F11: 7.6 | G11: 7.54 | H11: 7.35 | I11: 7.1 | J11: =AVERAGE(E11:I11) -> 7.452 | K11: 48000 | L11: 48000 | M11: 48000 | N11: 43200 | O11: 38400 | P11: =_xlfn.FORECAST.LINEAR(P$4,L11:O11,L$4:O$4) -> 34239.021 | Q11: =MAX(ASHPs!I$81 -K11,0) -> 0 | R11: =MAX(ASHPs!J$81 -L11,0) -> 0 | S11: =MAX(ASHPs!K$81 -M11,0) -> 0 | T11: =MAX(ASHPs!L$81 -N11,0) -> 0 | U11: =MAX(ASHPs!M$81 -O11,0) -> 2915.7029 | V11: =MAX(ASHPs!N$81 -P11,0) -> 11813.524 | W11: =K11/(E11*3412) -> 1.8341584 | X11: =L11/(F11*3412) -> 1.851052 | Y11: =M11/(G11*3412) -> 1.8657819 | Z11: =N11/(H11*3412) -> 1.7226117 | AA11: =O11/(I11*3412) -> 1.5851262 | AB11: =P11/(J11*3412) -> 1.3466027 | AC11: =IF(ASHPs!I$81/K11<1, ASHPs!I$81/K11,1) -> 0.56469118 | AD11: =IF(ASHPs!J$81/L11<1, ASHPs!J$81/L11,1) -> 0.63377013 | AE11: =IF(ASHPs!K$81/M11<1, ASHPs!K$81/M11,1) -> 0.66337539 | AF11: =IF(ASHPs!L$81/N11<1, ASHPs!L$81/N11,1) -> 0.84673289 | AG11: =IF(ASHPs!M$81/O11<1, ASHPs!M$81/O11,1) -> 1 | AH11: =IF(ASHPs!N$81/P11<1, ASHPs!N$81/P11,1) -> 1 | AI11: =Q11/(15*3412) -> 0 | AJ11: =R11/(15*3412) -> 0 | AK11: =S11/(15*3412) -> 0 | AL11: =T11/(15*3412) -> 0 | AM11: =U11/(15*3412) -> 0.056969577 | AN11: =V11/(15*3412) -> 0.23082306
A12: GE Connect | B12: AUH4060ZGDA/UUY60ZGDAA | C12: 5t | E12: 7.1 | F12: 7.13 | G12: 7.16 | H12: 7 | I12: 6.7 | J12: 6.35 | K12: 49000 | L12: 46500 | M12: 44000 | N12: 37000 | O12: 32000 | P12: 27000 | Q12: =MAX(ASHPs!I$81 -K12,0) -> 0 | R12: =MAX(ASHPs!J$81 -L12,0) -> 0 | S12: =MAX(ASHPs!K$81 -M12,0) -> 0 | T12: =MAX(ASHPs!L$81 -N12,0) -> 0 | U12: =MAX(ASHPs!M$81 -O12,0) -> 9315.7029 | V12: =MAX(ASHPs!N$81 -P12,0) -> 19052.545 | W12: =K12/(E12*3412) -> 2.0226871 | X12: =L12/(F12*3412) -> 1.9114124 | Y12: =M12/(G12*3412) -> 1.8010702 | Z12: =N12/(H12*3412) -> 1.5491542 | AA12: =O12/(I12*3412) -> 1.3998005 | AB12: =P12/(J12*3412) -> 1.2461807 | AC12: =IF(ASHPs!I$81/K12<1, ASHPs!I$81/K12,1) -> 0.55316687 | AD12: =IF(ASHPs!J$81/L12<1, ASHPs!J$81/L12,1) -> 0.65421432 | AE12: =IF(ASHPs!K$81/M12<1, ASHPs!K$81/M12,1) -> 0.72368224 | AF12: =IF(ASHPs!L$81/N12<1, ASHPs!L$81/N12,1) -> 0.98861786 | AG12: =IF(ASHPs!M$81/O12<1, ASHPs!M$81/O12,1) -> 1 | AH12: =IF(ASHPs!N$81/P12<1, ASHPs!N$81/P12,1) -> 1 | AI12: =Q12/(15*3412) -> 0 | AJ12: =R12/(15*3412) -> 0 | AK12: =S12/(15*3412) -> 0 | AL12: =T12/(15*3412) -> 0 | AM12: =U12/(15*3412) -> 0.18201842 | AN12: =V12/(15*3412) -> 0.37226544
A14: average | E14: =AVERAGE(E7:E12) -> 6.928 | F14: =AVERAGE(F7:F12) -> 6.9 | G14: =AVERAGE(G7:G12) -> 6.92 | H14: =AVERAGE(H7:H12) -> 6.836 | I14: =AVERAGE(I7:I12) -> 6.863 | J14: =AVERAGE(J7:J12) -> 6.8266 | K14: =AVERAGE(K7:K12) -> 50128.72 | L14: =AVERAGE(L7:L12) -> 48487.84 | ... AN14: =AVERAGE(AN7:AN12) -> 0.31872959
A16: -25'C design temperature
A17: Moovair | B17: FMA48HIAHUU230X7/DMA48HOS20230E7 | C17: 4t | E17: 6.86 | F17: 6.93 | G17: 7.1 | H17: 7.46 | I17: 7.83 | J17: 7.59 | K17: 50440 | L17: 48830 | M17: 47060 | N17: 43290 | O17: 38960 | P17: 33120 | Q17: =MAX(ASHPs!I$81 -K17,0) -> 0 | R17: =MAX(ASHPs!J$81 -L17,0) -> 0 | S17: =MAX(ASHPs!K$81 -M17,0) -> 0 | T17: =MAX(ASHPs!L$81 -N17,0) -> 0 | U17: =MAX(ASHPs!M$81 -O17,0) -> 2355.7029 | V17: =MAX(ASHPs!N$81 -P17,0) -> 12932.545 | W17: =K17/(E17*3412) -> 2.1549735 | X17: =L17/(F17*3412) -> 2.0651161 | Y17: =M17/(G17*3412) -> 1.9426052 | Z17: =N17/(H17*3412) -> 1.7007471 | AA17: =O17/(I17*3412) -> 1.4583043 | AB17: =P17/(J17*3412) -> 1.2789087 | AC17: =IF(ASHPs!I$81/K17<1, ASHPs!I$81/K17,1) -> 0.53737464 | AD17: =IF(ASHPs!J$81/L17<1, ASHPs!J$81/L17,1) -> 0.62299746 | AE17: =IF(ASHPs!K$81/M17<1, ASHPs!K$81/M17,1) -> 0.67662598 | AF17: =IF(ASHPs!L$81/N17<1, ASHPs!L$81/N17,1) -> 0.84497253 | AG17: =IF(ASHPs!M$81/O17<1, ASHPs!M$81/O17,1) -> 1 | AH17: =IF(ASHPs!N$81/P17<1, ASHPs!N$81/P17,1) -> 1 | AI17: =Q17/(10*3412) -> 0 | AJ17: =R17/(10*3412) -> 0 | AK17: =S17/(10*3412) -> 0 | AL17: =T17/(10*3412) -> 0 | AM17: =U17/(10*3412) -> 0.069041704 | AN17: =V17/(10*3412) -> 0.37903121
A18: Daikin Comfort | B18: FTQ48TAVJU + RZQ48TAVJUA | C18: 4t | E18: 6.67 | F18: 6.47 | G18: 6.41 | H18: 6.03 | I18: =AVERAGE(E18:H18) -> 6.395 | J18: =AVERAGE(E18:I18) -> 6.395 | K18: =15.3*3412 -> 52203.6 | L18: =14.1*3412 -> 48109.2 | M18: =13.7*3412 -> 46744.4 | N18: =11.9*3412 -> 40602.8 | O18: =0.9*N18 -> 36542.52 | P18: =0.5*N18 -> 20301.4 | Q18: =MAX(ASHPs!I$81 -K18,0) -> 0 | R18: =MAX(ASHPs!J$81 -L18,0) -> 0 | S18: =MAX(ASHPs!K$81 -M18,0) -> 0 | T18: =MAX(ASHPs!L$81 -N18,0) -> 0 | U18: =MAX(ASHPs!M$81 -O18,0) -> 4773.1829 | V18: =MAX(ASHPs!N$81 -P18,0) -> 25751.145 | W18: =K18/(E18*3412) -> 2.2938531 | X18: =L18/(F18*3412) -> 2.179289 | Y18: =M18/(G18*3412) -> 2.1372855 | Z18: =N18/(H18*3412) -> 1.973466 | AA18: =O18/(I18*3412) -> 1.6747459 | AB18: =P18/(J18*3412) -> 0.93041439 | AC18: =IF(ASHPs!I$81/K18<1, ASHPs!I$81/K18,1) -> 0.51922045 | AD18: =IF(ASHPs!J$81/L18<1, ASHPs!J$81/L18,1) -> 0.63233157 | AE18: =IF(ASHPs!K$81/M18<1, ASHPs!K$81/M18,1) -> 0.6811943 | AF18: =IF(ASHPs!L$81/N18<1, ASHPs!L$81/N18,1) -> 0.90089503 | AG18: =IF(ASHPs!M$81/O18<1, ASHPs!M$81/O18,1) -> 1 | AH18: =IF(ASHPs!N$81/P18<1, ASHPs!N$81/P18,1) -> 1 | AI18: =Q18/(10*3412) -> 0 | AJ18: =R18/(10*3412) -> 0 | AK18: =S18/(10*3412) -> 0 | AL18: =T18/(10*3412) -> 0 | AM18: =U18/(10*3412) -> 0.13989399 | AN18: =V18/(10*3412) -> 0.75472289
A19: Fujitsu | B19: AMUG48LMAS | C19: 4t | E19: 6.34 | F19: 6.37 | G19: 6.39 | H19: 6.34 | I19: 6.29 | J19: =AVERAGE(E19:I19) -> 6.346 | K19: 51000 | L19: 51000 | M19: 51000 | N19: 45500 | O19: 39000 | P19: =_xlfn.FORECAST.LINEAR(P$4,L19:O19,L$4:O$4) -> 34039.403 | Q19: =MAX(ASHPs!I$81 -K19,0) -> 0 | R19: =MAX(ASHPs!J$81 -L19,0) -> 0 | S19: =MAX(ASHPs!K$81 -M19,0) -> 0 | T19: =MAX(ASHPs!L$81 -N19,0) -> 0 | U19: =MAX(ASHPs!M$81 -O19,0) -> 2315.7029 | V19: =MAX(ASHPs!N$81 -P19,0) -> 12013.142 | W19: =K19/(E19*3412) -> 2.3576096 | X19: =L19/(F19*3412) -> 2.3465063 | Y19: =M19/(G19*3412) -> 2.339162 | Z19: =N19/(H19*3412) -> 2.1033576 | AA19: =O19/(I19*3412) -> 1.8172093 | AB19: =P19/(J19*3412) -> 1.5720735 | AC19: =IF(ASHPs!I$81/K19<1, ASHPs!I$81/K19,1) -> 0.53147405 | AD19: =IF(ASHPs!J$81/L19<1, ASHPs!J$81/L19,1) -> 0.59648953 | AE19: =IF(ASHPs!K$81/M19<1, ASHPs!K$81/M19,1) -> 0.62435331 | AF19: =IF(ASHPs!L$81/N19<1, ASHPs!L$81/N19,1) -> 0.80393101 | AG19: =IF(ASHPs!M$81/O19<1, ASHPs!M$81/O19,1) -> 1 | AH19: =IF(ASHPs!N$81/P19<1, ASHPs!N$81/P19,1) -> 1 | AI19: =Q19/(10*3412) -> 0 | AJ19: =R19/(10*3412) -> 0 | AK19: =S19/(10*3412) -> 0 | AL19: =T19/(10*3412) -> 0 | AM19: =U19/(10*3412) -> 0.067869371 | AN19: =V19/(10*3412) -> 0.35208505
A20: Mitsubishi Zuba | B20: PVA‐A42AA7/PUZ-HA42NKA | C20: 4t | E20: 7.67 | F20: 7.6 | G20: 7.54 | H20: 7.35 | I20: 7.1 | J20: =AVERAGE(E20:I20) -> 7.452 | K20: 48000 | L20: 48000 | M20: 48000 | N20: 43200 | O20: 38400 | P20: =_xlfn.FORECAST.LINEAR(P$4,L20:O20,L$4:O$4) -> 34239.021 | Q20: =MAX(ASHPs!I$81 -K20,0) -> 0 | R20: =MAX(ASHPs!J$81 -L20,0) -> 0 | S20: =MAX(ASHPs!K$81 -M20,0) -> 0 | T20: =MAX(ASHPs!L$81 -N20,0) -> 0 | U20: =MAX(ASHPs!M$81 -O20,0) -> 2915.7029 | V20: =MAX(ASHPs!N$81 -P20,0) -> 11813.524 | W20: =K20/(E20*3412) -> 1.8341584 | X20: =L20/(F20*3412) -> 1.851052 | Y20: =M20/(G20*3412) -> 1.8657819 | Z20: =N20/(H20*3412) -> 1.7226117 | AA20: =O20/(I20*3412) -> 1.5851262 | AB20: =P20/(J20*3412) -> 1.3466027 | AC20: =IF(ASHPs!I$81/K20<1, ASHPs!I$81/K20,1) -> 0.56469118 | AD20: =IF(ASHPs!J$81/L20<1, ASHPs!J$81/L20,1) -> 0.63377013 | AE20: =IF(ASHPs!K$81/M20<1, ASHPs!K$81/M20,1) -> 0.66337539 | AF20: =IF(ASHPs!L$81/N20<1, ASHPs!L$81/N20,1) -> 0.84673289 | AG20: =IF(ASHPs!M$81/O20<1, ASHPs!M$81/O20,1) -> 1 | AH20: =IF(ASHPs!N$81/P20<1, ASHPs!N$81/P20,1) -> 1 | AI20: =Q20/(10*3412) -> 0 | AJ20: =R20/(10*3412) -> 0 | AK20: =S20/(10*3412) -> 0 | AL20: =T20/(10*3412) -> 0 | AM20: =U20/(10*3412) -> 0.085454365 | AN20: =V20/(10*3412) -> 0.3462346
A21: GE Connect | B21: AUH4060ZGDA/UUY60ZGDAA | C21: 5t | E21: 7.1 | F21: 7.13 | G21: 7.16 | H21: 7 | I21: 6.7 | J21: 6.35 | K21: 49000 | L21: 46500 | M21: 44000 | N21: 37000 | O21: 32000 | P21: 27000 | Q21: =MAX(ASHPs!I$81 -K21,0) -> 0 | R21: =MAX(ASHPs!J$81 -L21,0) -> 0 | S21: =MAX(ASHPs!K$81 -M21,0) -> 0 | T21: =MAX(ASHPs!L$81 -N21,0) -> 0 | U21: =MAX(ASHPs!M$81 -O21,0) -> 9315.7029 | V21: =MAX(ASHPs!N$81 -P21,0) -> 19052.545 | W21: =K21/(E21*3412) -> 2.0226871 | X21: =L21/(F21*3412) -> 1.9114124 | Y21: =M21/(G21*3412) -> 1.8010702 | Z21: =N21/(H21*3412) -> 1.5491542 | AA21: =O21/(I21*3412) -> 1.3998005 | AB21: =P21/(J21*3412) -> 1.2461807 | AC21: =IF(ASHPs!I$81/K21<1, ASHPs!I$81/K21,1) -> 0.55316687 | AD21: =IF(ASHPs!J$81/L21<1, ASHPs!J$81/L21,1) -> 0.65421432 | AE21: =IF(ASHPs!K$81/M21<1, ASHPs!K$81/M21,1) -> 0.72368224 | AF21: =IF(ASHPs!L$81/N21<1, ASHPs!L$81/N21,1) -> 0.98861786 | AG21: =IF(ASHPs!M$81/O21<1, ASHPs!M$81/O21,1) -> 1 | AH21: =IF(ASHPs!N$81/P21<1, ASHPs!N$81/P21,1) -> 1 | AI21: =Q21/(10*3412) -> 0 | AJ21: =R21/(10*3412) -> 0 | AK21: =S21/(10*3412) -> 0 | AL21: =T21/(10*3412) -> 0 | AM21: =U21/(10*3412) -> 0.27302764 | AN21: =V21/(10*3412) -> 0.55839816
A23: average | E23: =AVERAGE(E17:E21) -> 6.928 | F23: =AVERAGE(F17:F21) -> 6.9 | G23: =AVERAGE(G17:G21) -> 6.92 | H23: =AVERAGE(H17:H21) -> 6.836 | I23: =AVERAGE(I17:I21) -> 6.863 | J23: =AVERAGE(J17:J21) -> 6.8266 | K23: =AVERAGE(K17:K21) -> 50128.72 | L23: =AVERAGE(L17:L21) -> 48487.84 | ... AN23: =AVERAGE(AN17:AN21) -> 0.47809438
A25: -20'C design temperature
A26: Moovair | B26: FMA36HIAHUU230X7/DMA36HOS20230E7 | C26: 3t | E26: 6.44 | F26: 6.33 | G26: 6.25 | H26: 6.56 | I26: 6.89 | J26: 6.91 | K26: 42840 | L26: 40720 | M26: 38890 | N26: 35780 | O26: 32200 | P26: 27690 | Q26: =MAX(ASHPs!I$81 -K26,0) -> 0 | R26: =MAX(ASHPs!J$81 -L26,0) -> 0 | S26: =MAX(ASHPs!K$81 -M26,0) -> 0 | T26: =MAX(ASHPs!L$81 -N26,0) -> 798.86084 | U26: =MAX(ASHPs!M$81 -O26,0) -> 9115.7029 | V26: =MAX(ASHPs!N$81 -P26,0) -> 18362.545 | W26: =K26/(E26*3412) -> 1.9496407 | X26: =L26/(F26*3412) -> 1.8853632 | Y26: =M26/(G26*3412) -> 1.8236811 | Z26: =N26/(H26*3412) -> 1.5985546 | AA26: =O26/(I26*3412) -> 1.3697068 | AB26: =P26/(J26*3412) -> 1.1744537 | AC26: =IF(ASHPs!I$81/K26<1, ASHPs!I$81/K26,1) -> 0.6327072 | AD26: =IF(ASHPs!J$81/L26<1, ASHPs!J$81/L26,1) -> 0.74707677 | AE26: =IF(ASHPs!K$81/M26<1, ASHPs!K$81/M26,1) -> 0.81877137 | AF26: =IF(ASHPs!L$81/N26<1, ASHPs!L$81/N26,1) -> 1 | AG26: =IF(ASHPs!M$81/O26<1, ASHPs!M$81/O26,1) -> 1 | AH26: =IF(ASHPs!N$81/P26<1, ASHPs!N$81/P26,1) -> 1 | AI26: =Q26/(10*3412) -> 0 | AJ26: =R26/(10*3412) -> 0 | AK26: =S26/(10*3412) -> 0 | AL26: =T26/(10*3412) -> 0.023413272 | AM26: =U26/(10*3412) -> 0.26716597 | AN26: =V26/(10*3412) -> 0.53817541
A27: Daikin Comfort | B27: FTQ36TAVJUD/A + RZQ36TAVJUA | C27: 3t | E27: 5.25 | F27: 5.9 | G27: 6.09 | H27: 7.42 | I27: =AVERAGE(E27:H27) -> 6.165 | J27: =AVERAGE(E27:I27) -> 6.165 | K27: =11.7*3412 -> 39920.4 | L27: =11.7*3412 -> 39920.4 | M27: =11.7*3412 -> 39920.4 | N27: =11.7*3412 -> 39920.4 | O27: =0.9*N27 -> 35928.36 | P27: =0.5*N27 -> 19960.2 | Q27: =MAX(ASHPs!I$81 -K27,0) -> 0 | R27: =MAX(ASHPs!J$81 -L27,0) -> 0 | S27: =MAX(ASHPs!K$81 -M27,0) -> 0 | T27: =MAX(ASHPs!L$81 -N27,0) -> 0 | U27: =MAX(ASHPs!M$81 -O27,0) -> 5387.3429 | V27: =MAX(ASHPs!N$81 -P27,0) -> 26092.345 | W27: =K27/(E27*3412) -> 2.2285714 | X27: =L27/(F27*3412) -> 1.9830508 | Y27: =M27/(G27*3412) -> 1.9211823 | Z27: =N27/(H27*3412) -> 1.5768194 | AA27: =O27/(I27*3412) -> 1.7080292 | AB27: =P27/(J27*3412) -> 0.94890511 | AC27: =IF(ASHPs!I$81/K27<1, ASHPs!I$81/K27,1) -> 0.67898059 | AD27: =IF(ASHPs!J$81/L27<1, ASHPs!J$81/L27,1) -> 0.76204061 | AE27: =IF(ASHPs!K$81/M27<1, ASHPs!K$81/M27,1) -> 0.79763777 | AF27: =IF(ASHPs!L$81/N27<1, ASHPs!L$81/N27,1) -> 0.91629495 | AG27: =IF(ASHPs!M$81/O27<1, ASHPs!M$81/O27,1) -> 1 | AH27: =IF(ASHPs!N$81/P27<1, ASHPs!N$81/P27,1) -> 1 | AI27: =Q27/(10*3412) -> 0 | AJ27: =R27/(10*3412) -> 0 | AK27: =S27/(10*3412) -> 0 | AL27: =T27/(10*3412) -> 0 | AM27: =U27/(10*3412) -> 0.15789399 | AN27: =V27/(10*3412) -> 0.76472289
A28: Mitsubishi Zuba | B28: PVA‐A36AA4/PUZ-HA36NHA5 | C28: 3t | E28: 5.69 | F28: 5.98 | G28: 6.1 | H28: 6.12 | I28: 6.15 | J28: =AVERAGE(E28:I28) -> 6.008 | K28: 38000 | L28: 38000 | M28: 38000 | N28: 34200 | O28: 30400 | P28: =_xlfn.FORECAST.LINEAR(P$4,L28:O28,L$4:O$4) -> 27105.891 | Q28: =MAX(ASHPs!I$81 -K28,0) -> 0 | R28: =MAX(ASHPs!J$81 -L28,0) -> 0 | S28: =MAX(ASHPs!K$81 -M28,0) -> 0 | T28: =MAX(ASHPs!L$81 -N28,0) -> 2378.8608 | U28: =MAX(ASHPs!M$81 -O28,0) -> 10915.703 | V28: =MAX(ASHPs!N$81 -P28,0) -> 18946.654 | W28: =K28/(E28*3412) -> 1.9573221 | X28: =L28/(F28*3412) -> 1.8624018 | Y28: =M28/(G28*3412) -> 1.8257644 | Z28: =N28/(H28*3412) -> 1.6378181 | AA28: =O28/(I28*3412) -> 1.4487366 | AB28: =P28/(J28*3412) -> 1.322284 | AC28: =IF(ASHPs!I$81/K28<1, ASHPs!I$81/K28,1) -> 0.71329412 | AD28: =IF(ASHPs!J$81/L28<1, ASHPs!J$81/L28,1) -> 0.80055174 | AE28: =IF(ASHPs!K$81/M28<1, ASHPs!K$81/M28,1) -> 0.83794786 | AF28: =IF(ASHPs!L$81/N28<1, ASHPs!L$81/N28,1) -> 1 | AG28: =IF(ASHPs!M$81/O28<1, ASHPs!M$81/O28,1) -> 1 | AH28: =IF(ASHPs!N$81/P28<1, ASHPs!N$81/P28,1) -> 1 | AI28: =Q28/(10*3412) -> 0 | AJ28: =R28/(10*3412) -> 0 | AK28: =S28/(10*3412) -> 0 | AL28: =T28/(10*3412) -> 0.069720423 | AM28: =U28/(10*3412) -> 0.31992095 | AN28: =V28/(10*3412) -> 0.55529466
A29: Fujitsu | B29: AMUG36LMAS | C29: 3t | E29: 5.82 | F29: 5.85 | G29: 5.85 | H29: 5.8 | I29: 5.75 | J29: =AVERAGE(E29:I29) -> 5.814 | K29: 44150 | L29: 43000 | M29: 42000 | N29: 38000 | O29: 32000 | P29: =_xlfn.FORECAST.LINEAR(P$4,L29:O29,L$4:O$4) -> 27703.137 | Q29: =MAX(ASHPs!I$81 -K29,0) -> 0 | R29: =MAX(ASHPs!J$81 -L29,0) -> 0 | S29: =MAX(ASHPs!K$81 -M29,0) -> 0 | T29: =MAX(ASHPs!L$81 -N29,0) -> 0 | U29: =MAX(ASHPs!M$81 -O29,0) -> 9315.7029 | V29: =MAX(ASHPs!N$81 -P29,0) -> 18349.408 | W29: =K29/(E29*3412) -> 2.2233032 | X29: =L29/(F29*3412) -> 2.154287 | Y29: =M29/(G29*3412) -> 2.1041873 | Z29: =N29/(H29*3412) -> 1.9202005 | AA29: =O29/(I29*3412) -> 1.6310719 | AB29: =P29/(J29*3412) -> 1.3965127 | AC29: =IF(ASHPs!I$81/K29<1, ASHPs!I$81/K29,1) -> 0.61393379 | AD29: =IF(ASHPs!J$81/L29<1, ASHPs!J$81/L29,1) -> 0.70746433 | AE29: =IF(ASHPs!K$81/M29<1, ASHPs!K$81/M29,1) -> 0.7581433 | AF29: =IF(ASHPs!L$81/N29<1, ASHPs!L$81/N29,1) -> 0.9626016 | AG29: =IF(ASHPs!M$81/O29<1, ASHPs!M$81/O29,1) -> 1 | AH29: =IF(ASHPs!N$81/P29<1, ASHPs!N$81/P29,1) -> 1 | AI29: =Q29/(10*3412) -> 0 | AJ29: =R29/(10*3412) -> 0 | AK29: =S29/(10*3412) -> 0 | AL29: =T29/(10*3412) -> 0 | AM29: =U29/(10*3412) -> 0.27302764 | AN29: =V29/(10*3412) -> 0.53779039
A30: GE Connect | B30: AUH4860ZGDA1/UUY48ZGDAA | C30: 4t | E30: 6.88 | F30: 6.9 | G30: 6.92 | H30: 6.2 | I30: 5.9 | J30: 5.7 | K30: 48000 | L30: 45500 | M30: 43000 | N30: 34200 | O30: 28500 | P30: 26400 | Q30: =MAX(ASHPs!I$81 -K30,0) -> 0 | R30: =MAX(ASHPs!J$81 -L30,0) -> 0 | S30: =MAX(ASHPs!K$81 -M30,0) -> 0 | T30: =MAX(ASHPs!L$81 -N30,0) -> 2378.8608 | U30: =MAX(ASHPs!M$81 -O30,0) -> 12815.703 | V30: =MAX(ASHPs!N$81 -P30,0) -> 19652.545 | W30: =K30/(E30*3412) -> 2.0447668 | X30: =L30/(F30*3412) -> 1.9326503 | Y30: =M30/(G30*3412) -> 1.821182 | Z30: =N30/(H30*3412) -> 1.6166849 | AA30: =O30/(I30*3412) -> 1.4157411 | AB30: =P30/(J30*3412) -> 1.3574381 | AC30: =IF(ASHPs!I$81/K30<1, ASHPs!I$81/K30,1) -> 0.56469118 | AD30: =IF(ASHPs!J$81/L30<1, ASHPs!J$81/L30,1) -> 0.66859266 | AE30: =IF(ASHPs!K$81/M30<1, ASHPs!K$81/M30,1) -> 0.74051206 | AF30: =IF(ASHPs!L$81/N30<1, ASHPs!L$81/N30,1) -> 1 | AG30: =IF(ASHPs!M$81/O30<1, ASHPs!M$81/O30,1) -> 1 | AH30: =IF(ASHPs!N$81/P30<1, ASHPs!N$81/P30,1) -> 1 | AI30: =Q30/(10*3412) -> 0 | AJ30: =R30/(10*3412) -> 0 | AK30: =S30/(10*3412) -> 0 | AL30: =T30/(10*3412) -> 0.069720423 | AM30: =U30/(10*3412) -> 0.37560677 | AN30: =V30/(10*3412) -> 0.57598315
A32: average | E32: =AVERAGE(E26:E30) -> 6.016 | F32: =AVERAGE(F26:F30) -> 6.192 | G32: =AVERAGE(G26:G30) -> 6.242 | H32: =AVERAGE(H26:H30) -> 6.42 | I32: =AVERAGE(I26:I30) -> 6.171 | J32: =AVERAGE(J26:J30) -> 6.1194 | K32: =AVERAGE(K26:K30) -> 42582.08 | L32: =AVERAGE(L26:L30) -> 41428.08 | ... AN32: =AVERAGE(AN26:AN30) -> 0.5943933
A34: Moovair | B34: FMA30HIAHUU230X7/DMA30HOS20230E7 | C34: 2.5t | E34: 3.84 | F34: 3.97 | G34: 4.13 | H34: 4.34 | I34: 4.55 | J34: 4.52 | K34: 29620 | L34: 29080 | M34: 28550 | N34: 26270 | O34: 23900 | P34: 21040 | Q34: =MAX(ASHPs!I$81 -K34,0) -> 0 | R34: =MAX(ASHPs!J$81 -L34,0) -> 1340.9661 | S34: =MAX(ASHPs!K$81 -M34,0) -> 3292.0187 | T34: =MAX(ASHPs!L$81 -N34,0) -> 10308.861 | U34: =MAX(ASHPs!M$81 -O34,0) -> 17415.703 | V34: =MAX(ASHPs!N$81 -P34,0) -> 25012.545 | W34: =K34/(E34*3412) -> 2.2607097 | X34: =L34/(F34*3412) -> 2.1468162 | Y34: =M34/(G34*3412) -> 2.0260354 | Z34: =N34/(H34*3412) -> 1.7740315 | AA34: =O34/(I34*3412) -> 1.5394922 | AB34: =P34/(J34*3412) -> 1.3642636 | AC34: =IF(ASHPs!I$81/K34<1, ASHPs!I$81/K34,1) -> 0.91509712 | AD34: =IF(ASHPs!J$81/L34<1, ASHPs!J$81/L34,1) -> 1 | AE34: =IF(ASHPs!K$81/M34<1, ASHPs!K$81/M34,1) -> 1 | AF34: =IF(ASHPs!L$81/N34<1, ASHPs!L$81/N34,1) -> 1 | AG34: =IF(ASHPs!M$81/O34<1, ASHPs!M$81/O34,1) -> 1 | AH34: =IF(ASHPs!N$81/P34<1, ASHPs!N$81/P34,1) -> 1 | AI34: =Q34/(10*3412) -> 0 | AJ34: =R34/(10*3412) -> 0.039301468 | AK34: =S34/(10*3412) -> 0.09648355 | AL34: =T34/(10*3412) -> 0.30213543 | AM34: =U34/(10*3412) -> 0.51042506 | AN34: =V34/(10*3412) -> 0.73307576
A35: Daikin Comfort | B35: FTQ30TAVJUD/A + RZQ30TAVJUA | C35: 2.5t | E35: 4.11 | F35: 4.61 | G35: 4.77 | H35: 5.81 | I35: =AVERAGE(E35:H35) -> 4.825 | J35: =AVERAGE(E35:I35) -> 4.825 | K35: =9.96*3412 -> 33983.52 | L35: =9.96*3412 -> 33983.52 | M35: =9.96*3412 -> 33983.52 | N35: =9.96*3412 -> 33983.52 | O35: =0.9*N35 -> 30585.168 | P35: =0.5*N35 -> 16991.76 | Q35: =MAX(ASHPs!I$81 -K35,0) -> 0 | R35: =MAX(ASHPs!J$81 -L35,0) -> 0 | S35: =MAX(ASHPs!K$81 -M35,0) -> 0 | T35: =MAX(ASHPs!L$81 -N35,0) -> 2595.3408 | U35: =MAX(ASHPs!M$81 -O35,0) -> 10730.535 | V35: =MAX(ASHPs!N$81 -P35,0) -> 29060.785 | W35: =K35/(E35*3412) -> 2.4233577 | X35: =L35/(F35*3412) -> 2.1605206 | Y35: =M35/(G35*3412) -> 2.0880503 | Z35: =N35/(H35*3412) -> 1.7142857 | AA35: =O35/(I35*3412) -> 1.8578238 | AB35: =P35/(J35*3412) -> 1.0321244 | AC35: =IF(ASHPs!I$81/K35<1, ASHPs!I$81/K35,1) -> 0.79759768 | AD35: =IF(ASHPs!J$81/L35<1, ASHPs!J$81/L35,1) -> 0.89516819 | AE35: =IF(ASHPs!K$81/M35<1, ASHPs!K$81/M35,1) -> 0.93698412 | AF35: =IF(ASHPs!L$81/N35<1, ASHPs!L$81/N35,1) -> 1 | AG35: =IF(ASHPs!M$81/O35<1, ASHPs!M$81/O35,1) -> 1 | AH35: =IF(ASHPs!N$81/P35<1, ASHPs!N$81/P35,1) -> 1 | AI35: =Q35/(10*3412) -> 0 | AJ35: =R35/(10*3412) -> 0 | AK35: =S35/(10*3412) -> 0 | AL35: =T35/(10*3412) -> 0.076065089 | AM35: =U35/(10*3412) -> 0.31449399 | AN35: =V35/(10*3412) -> 0.85172289
A36: Mitsubishi Zuba | B36: PVA‐A30AA7/PUZ-HA30NHA5 | C36: 2.5t | E36: 4.58 | F36: 4.73 | G36: 4.87 | H36: 4.91 | I36: 4.95 | J36: =AVERAGE(E36:I36) -> 4.808 | K36: 32000 | L36: 32000 | M36: 32000 | N36: 28800 | O36: 25600 | P36: =_xlfn.FORECAST.LINEAR(P$4,L36:O36,L$4:O$4) -> 22826.014 | Q36: =MAX(ASHPs!I$81 -K36,0) -> 0 | R36: =MAX(ASHPs!J$81 -L36,0) -> 0 | S36: =MAX(ASHPs!K$81 -M36,0) -> 0 | T36: =MAX(ASHPs!L$81 -N36,0) -> 7778.8608 | U36: =MAX(ASHPs!M$81 -O36,0) -> 15715.703 | V36: =MAX(ASHPs!N$81 -P36,0) -> 23226.531 | W36: =K36/(E36*3412) -> 2.0477431 | X36: =L36/(F36*3412) -> 1.9828041 | Y36: =M36/(G36*3412) -> 1.9258036 | Z36: =N36/(H36*3412) -> 1.7191033 | AA36: =O36/(I36*3412) -> 1.5157436 | AB36: =P36/(J36*3412) -> 1.3914147 | AC36: =IF(ASHPs!I$81/K36<1, ASHPs!I$81/K36,1) -> 0.84703677 | AD36: =IF(ASHPs!J$81/L36<1, ASHPs!J$81/L36,1) -> 0.95065519 | AE36: =IF(ASHPs!K$81/M36<1, ASHPs!K$81/M36,1) -> 0.99506309 | AF36: =IF(ASHPs!L$81/N36<1, ASHPs!L$81/N36,1) -> 1 | AG36: =IF(ASHPs!M$81/O36<1, ASHPs!M$81/O36,1) -> 1 | AH36: =IF(ASHPs!N$81/P36<1, ASHPs!N$81/P36,1) -> 1 | AI36: =Q36/(10*3412) -> 0 | AJ36: =R36/(10*3412) -> 0 | AK36: =S36/(10*3412) -> 0 | AL36: =T36/(10*3412) -> 0.22798537 | AM36: =U36/(10*3412) -> 0.46060091 | AN36: =V36/(10*3412) -> 0.68073069
A37: Fujitsu | B37: AMUG30LMAS | C37: 2.5t | E37: 4.98 | F37: 5 | G37: 5.01 | H37: 4.97 | I37: 4.93 | J37: =AVERAGE(E37:I37) -> 4.978 | K37: 34290 | L37: 33600 | M37: 33000 | N37: 29000 | O37: 26000 | P37: =_xlfn.FORECAST.LINEAR(P$4,L37:O37,L$4:O$4) -> 22459.067 | Q37: =MAX(ASHPs!I$81 -K37,0) -> 0 | R37: =MAX(ASHPs!J$81 -L37,0) -> 0 | S37: =MAX(ASHPs!K$81 -M37,0) -> 0 | T37: =MAX(ASHPs!L$81 -N37,0) -> 7578.8608 | U37: =MAX(ASHPs!M$81 -O37,0) -> 15315.703 | V37: =MAX(ASHPs!N$81 -P37,0) -> 23593.478 | W37: =K37/(E37*3412) -> 2.018037 | X37: =L37/(F37*3412) -> 1.9695193 | Y37: =M37/(G37*3412) -> 1.9304884 | Z37: =N37/(H37*3412) -> 1.7101436 | AA37: =O37/(I37*3412) -> 1.5456722 | AB37: =P37/(J37*3412) -> 1.3222933 | AC37: =IF(ASHPs!I$81/K37<1, ASHPs!I$81/K37,1) -> 0.79046884 | AD37: =IF(ASHPs!J$81/L37<1, ASHPs!J$81/L37,1) -> 0.9053859 | AE37: =IF(ASHPs!K$81/M37<1, ASHPs!K$81/M37,1) -> 0.96490966 | AF37: =IF(ASHPs!L$81/N37<1, ASHPs!L$81/N37,1) -> 1 | AG37: =IF(ASHPs!M$81/O37<1, ASHPs!M$81/O37,1) -> 1 | AH37: =IF(ASHPs!N$81/P37<1, ASHPs!N$81/P37,1) -> 1 | AI37: =Q37/(10*3412) -> 0 | AJ37: =R37/(10*3412) -> 0 | AK37: =S37/(10*3412) -> 0 | AL37: =T37/(10*3412) -> 0.22212371 | AM37: =U37/(10*3412) -> 0.44887758 | AN37: =V37/(10*3412) -> 0.6914853
A38: GE Connect | B38: AUH2436ZGDA/UUY36ZGDAA | C38: 3t | E38: 5.45 | F38: 4.8 | G38: 4.8 | H38: 4.63 | I38: 4.43 | J38: 4.15 | K38: 36000 | L38: 33000 | M38: 30000 | N38: 25200 | O38: 21100 | P38: 18400 | Q38: =MAX(ASHPs!I$81 -K38,0) -> 0 | R38: =MAX(ASHPs!J$81 -L38,0) -> 0 | S38: =MAX(ASHPs!K$81 -M38,0) -> 1842.0187 | T38: =MAX(ASHPs!L$81 -N38,0) -> 11378.861 | U38: =MAX(ASHPs!M$81 -O38,0) -> 20215.703 | V38: =MAX(ASHPs!N$81 -P38,0) -> 27652.545 | W38: =K38/(E38*3412) -> 1.9359627 | X38: =L38/(F38*3412) -> 2.0149472 | Y38: =M38/(G38*3412) -> 1.8317702 | Z38: =N38/(H38*3412) -> 1.5951831 | AA38: =O38/(I38*3412) -> 1.3959495 | AB38: =P38/(J38*3412) -> 1.2994534 | AC38: =IF(ASHPs!I$81/K38<1, ASHPs!I$81/K38,1) -> 0.75292157 | AD38: =IF(ASHPs!J$81/L38<1, ASHPs!J$81/L38,1) -> 0.92184746 | AE38: =IF(ASHPs!K$81/M38<1, ASHPs!K$81/M38,1) -> 1 | AF38: =IF(ASHPs!L$81/N38<1, ASHPs!L$81/N38,1) -> 1 | AG38: =IF(ASHPs!M$81/O38<1, ASHPs!M$81/O38,1) -> 1 | AH38: =IF(ASHPs!N$81/P38<1, ASHPs!N$81/P38,1) -> 1 | AI38: =Q38/(10*3412) -> 0 | AJ38: =R38/(10*3412) -> 0 | AK38: =S38/(10*3412) -> 0.053986481 | AL38: =T38/(10*3412) -> 0.33349534 | AM38: =U38/(10*3412) -> 0.59248836 | AN38: =V38/(10*3412) -> 0.81044974
A40: average | E40: =AVERAGE(E34:E38) -> 4.592 | F40: =AVERAGE(F34:F38) -> 4.622 | G40: =AVERAGE(G34:G38) -> 4.716 | H40: =AVERAGE(H34:H38) -> 4.932 | I40: =AVERAGE(I34:I38) -> 4.737 | J40: =AVERAGE(J34:J38) -> 4.6562 | K40: =AVERAGE(K34:K38) -> 33178.704 | L40: =AVERAGE(L34:L38) -> 32332.704 | ... AN40: =AVERAGE(AN34:AN38) -> 0.75349288
A43: Capacity calculated with 30,000 BTU/hr at -20'C
A45: -25'C design temperature
A46: Moovair | B46: FMA48HIAHUU230X7/DMA48HOS20230E7 | C46: 4t | E46: 6.86 | F46: 6.93 | G46: 7.1 | H46: 7.46 | I46: 7.83 | J46: 7.59 | K46: 50440 | L46: 48830 | M46: 47060 | N46: 43290 | O46: 38960 | P46: 33120 | Q46: =MAX(ASHPs!I$84 -K46,0) -> 0 | R46: =MAX(ASHPs!J$84 -L46,0) -> 0 | S46: =MAX(ASHPs!K$84 -M46,0) -> 0 | T46: =MAX(ASHPs!L$84 -N46,0) -> 0 | U46: =MAX(ASHPs!M$84 -O46,0) -> 0 | V46: =MAX(ASHPs!N$84 -P46,0) -> 5353.5977 | W46: =K46/(E46*3412) -> 2.1549735 | X46: =L46/(F46*3412) -> 2.0651161 | Y46: =M46/(G46*3412) -> 1.9426052 | Z46: =N46/(H46*3412) -> 1.7007471 | AA46: =O46/(I46*3412) -> 1.4583043 | AB46: =P46/(J46*3412) -> 1.2789087 | AC46: =IF(ASHPs!I$84/K46<1, ASHPs!I$84/K46,1) -> 0.4497249 | AD46: =IF(ASHPs!J$84/L46<1, ASHPs!J$84/L46,1) -> 0.52114032 | AE46: =IF(ASHPs!K$84/M46<1, ASHPs!K$84/M46,1) -> 0.56590507 | AF46: =IF(ASHPs!L$84/N46<1, ASHPs!L$84/N46,1) -> 0.70637239 | AG46: =IF(ASHPs!M$84/O46<1, ASHPs!M$84/O46,1) -> 0.88619685 | AH46: =IF(ASHPs!N$84/P46<1, ASHPs!N$84/P46,1) -> 1 | AI46: =Q46/(10*3412) -> 0 | AJ46: =R46/(10*3412) -> 0 | AK46: =S46/(10*3412) -> 0 | AL46: =T46/(10*3412) -> 0 | AM46: =U46/(10*3412) -> 0 | AN46: =V46/(10*3412) -> 0.15690497
A47: Daikin Comfort | B47: FTQ48TAVJU + RZQ48TAVJUA | C47: 4t | E47: 6.67 | F47: 6.47 | G47: 6.41 | H47: 6.03 | I47: =AVERAGE(E47:H47) -> 6.395 | J47: =AVERAGE(E47:I47) -> 6.395 | K47: =15.3*3412 -> 52203.6 | L47: =14.1*3412 -> 48109.2 | M47: =13.7*3412 -> 46744.4 | N47: =11.9*3412 -> 40602.8 | O47: =0.9*N47 -> 36542.52 | P47: =0.5*N47 -> 20301.4 | Q47: =MAX(ASHPs!I$84 -K47,0) -> 0 | R47: =MAX(ASHPs!J$84 -L47,0) -> 0 | S47: =MAX(ASHPs!K$84 -M47,0) -> 0 | T47: =MAX(ASHPs!L$84 -N47,0) -> 0 | U47: =MAX(ASHPs!M$84 -O47,0) -> 0 | V47: =MAX(ASHPs!N$84 -P47,0) -> 18172.198 | W47: =K47/(E47*3412) -> 2.2938531 | X47: =L47/(F47*3412) -> 2.179289 | Y47: =M47/(G47*3412) -> 2.1372855 | Z47: =N47/(H47*3412) -> 1.973466 | AA47: =O47/(I47*3412) -> 1.6747459 | AB47: =P47/(J47*3412) -> 0.93041439 | AC47: =IF(ASHPs!I$84/K47<1, ASHPs!I$84/K47,1) -> 0.43453179 | AD47: =IF(ASHPs!J$84/L47<1, ASHPs!J$84/L47,1) -> 0.52894835 | AE47: =IF(ASHPs!K$84/M47<1, ASHPs!K$84/M47,1) -> 0.56972584 | AF47: =IF(ASHPs!L$84/N47<1, ASHPs!L$84/N47,1) -> 0.75312197 | AG47: =IF(ASHPs!M$84/O47<1, ASHPs!M$84/O47,1) -> 0.94482343 | AH47: =IF(ASHPs!N$84/P47<1, ASHPs!N$84/P47,1) -> 1 | AI47: =Q47/(10*3412) -> 0 | AJ47: =R47/(10*3412) -> 0 | AK47: =S47/(10*3412) -> 0 | AL47: =T47/(10*3412) -> 0 | AM47: =U47/(10*3412) -> 0 | AN47: =V47/(10*3412) -> 0.53259665
A48: Fujitsu | B48: AMUG48LMAS | C48: 4t | E48: 6.34 | F48: 6.37 | G48: 6.39 | H48: 6.34 | I48: 6.29 | J48: =AVERAGE(E48:I48) -> 6.346 | K48: 51000 | L48: 51000 | M48: 51000 | N48: 45500 | O48: 39000 | P48: =_xlfn.FORECAST.LINEAR(P$4,L48:O48,L$4:O$4) -> 34039.403 | Q48: =MAX(ASHPs!I$84 -K48,0) -> 0 | R48: =MAX(ASHPs!J$84 -L48,0) -> 0 | S48: =MAX(ASHPs!K$84 -M48,0) -> 0 | T48: =MAX(ASHPs!L$84 -N48,0) -> 0 | U48: =MAX(ASHPs!M$84 -O48,0) -> 0 | V48: =MAX(ASHPs!N$84 -P48,0) -> 4434.1945 | W48: =K48/(E48*3412) -> 2.3576096 | X48: =L48/(F48*3412) -> 2.3465063 | Y48: =M48/(G48*3412) -> 2.339162 | Z48: =N48/(H48*3412) -> 2.1033576 | AA48: =O48/(I48*3412) -> 1.8172093 | AB48: =P48/(J48*3412) -> 1.5720735 | AC48: =IF(ASHPs!I$84/K48<1, ASHPs!I$84/K48,1) -> 0.44478675 | AD48: =IF(ASHPs!J$84/L48<1, ASHPs!J$84/L48,1) -> 0.49896631 | AE48: =IF(ASHPs!K$84/M48<1, ASHPs!K$84/M48,1) -> 0.52218613 | AF48: =IF(ASHPs!L$84/N48<1, ASHPs!L$84/N48,1) -> 0.67206288 | AG48: =IF(ASHPs!M$84/O48<1, ASHPs!M$84/O48,1) -> 0.88528793 | AH48: =IF(ASHPs!N$84/P48<1, ASHPs!N$84/P48,1) -> 1 | AI48: =Q48/(10*3412) -> 0 | AJ48: =R48/(10*3412) -> 0 | AK48: =S48/(10*3412) -> 0 | AL48: =T48/(10*3412) -> 0 | AM48: =U48/(10*3412) -> 0 | AN48: =V48/(10*3412) -> 0.12995881
A49: Mitsubishi Zuba | B49: PVA‐A42AA7/PUZ-HA42NKA | C49: 4t | E49: 7.67 | F49: 7.6 | G49: 7.54 | H49: 7.35 | I49: 7.1 | J49: =AVERAGE(E49:I49) -> 7.452 | K49: 48000 | L49: 48000 | M49: 48000 | N49: 43200 | O49: 38400 | P49: =_xlfn.FORECAST.LINEAR(P$4,L49:O49,L$4:O$4) -> 34239.021 | Q49: =MAX(ASHPs!I$84 -K49,0) -> 0 | R49: =MAX(ASHPs!J$84 -L49,0) -> 0 | S49: =MAX(ASHPs!K$84 -M49,0) -> 0 | T49: =MAX(ASHPs!L$84 -N49,0) -> 0 | U49: =MAX(ASHPs!M$84 -O49,0) -> 0 | V49: =MAX(ASHPs!N$84 -P49,0) -> 4234.577 | W49: =K49/(E49*3412) -> 1.8341584 | X49: =L49/(F49*3412) -> 1.851052 | Y49: =M49/(G49*3412) -> 1.8657819 | Z49: =N49/(H49*3412) -> 1.7226117 | AA49: =O49/(I49*3412) -> 1.5851262 | AB49: =P49/(J49*3412) -> 1.3466027 | AC49: =IF(ASHPs!I$84/K49<1, ASHPs!I$84/K49,1) -> 0.47258592 | AD49: =IF(ASHPs!J$84/L49<1, ASHPs!J$84/L49,1) -> 0.53015171 | AE49: =IF(ASHPs!K$84/M49<1, ASHPs!K$84/M49,1) -> 0.55482276 | AF49: =IF(ASHPs!L$84/N49<1, ASHPs!L$84/N49,1) -> 0.707844 | AG49: =IF(ASHPs!M$84/O49<1, ASHPs!M$84/O49,1) -> 0.89912055 | AH49: =IF(ASHPs!N$84/P49<1, ASHPs!N$84/P49,1) -> 1 | AI49: =Q49/(10*3412) -> 0 | AJ49: =R49/(10*3412) -> 0 | AK49: =S49/(10*3412) -> 0 | AL49: =T49/(10*3412) -> 0 | AM49: =U49/(10*3412) -> 0 | AN49: =V49/(10*3412) -> 0.12410835
A50: GE Connect | B50: AUH4060ZGDA/UUY60ZGDAA | C50: 5t | E50: 7.1 | F50: 7.13 | G50: 7.16 | H50: 7 | I50: 6.7 | J50: 6.35 | K50: 49000 | L50: 46500 | M50: 44000 | N50: 37000 | O50: 32000 | P50: 27000 | Q50: =MAX(ASHPs!I$84 -K50,0) -> 0 | R50: =MAX(ASHPs!J$84 -L50,0) -> 0 | S50: =MAX(ASHPs!K$84 -M50,0) -> 0 | T50: =MAX(ASHPs!L$84 -N50,0) -> 0 | U50: =MAX(ASHPs!M$84 -O50,0) -> 2526.2293 | V50: =MAX(ASHPs!N$84 -P50,0) -> 11473.598 | W50: =K50/(E50*3412) -> 2.0226871 | X50: =L50/(F50*3412) -> 1.9114124 | Y50: =M50/(G50*3412) -> 1.8010702 | Z50: =N50/(H50*3412) -> 1.5491542 | AA50: =O50/(I50*3412) -> 1.3998005 | AB50: =P50/(J50*3412) -> 1.2461807 | AC50: =IF(ASHPs!I$84/K50<1, ASHPs!I$84/K50,1) -> 0.46294131 | AD50: =IF(ASHPs!J$84/L50<1, ASHPs!J$84/L50,1) -> 0.54725337 | AE50: =IF(ASHPs!K$84/M50<1, ASHPs!K$84/M50,1) -> 0.60526119 | AF50: =IF(ASHPs!L$84/N50<1, ASHPs!L$84/N50,1) -> 0.8264557 | AG50: =IF(ASHPs!M$84/O50<1, ASHPs!M$84/O50,1) -> 1 | AH50: =IF(ASHPs!N$84/P50<1, ASHPs!N$84/P50,1) -> 1 | AI50: =Q50/(10*3412) -> 0 | AJ50: =R50/(10*3412) -> 0 | AK50: =S50/(10*3412) -> 0 | AL50: =T50/(10*3412) -> 0 | AM50: =U50/(10*3412) -> 0.074039545 | AN50: =V50/(10*3412) -> 0.33627191
A52: average | E52: =AVERAGE(E46:E50) -> 6.928 | F52: =AVERAGE(F46:F50) -> 6.9 | G52: =AVERAGE(G46:G50) -> 6.92 | H52: =AVERAGE(H46:H50) -> 6.836 | I52: =AVERAGE(I46:I50) -> 6.863 | J52: =AVERAGE(J46:J50) -> 6.8266 | K52: =AVERAGE(K46:K50) -> 50128.72 | L52: =AVERAGE(L46:L50) -> 48487.84 | ... AN52: =AVERAGE(AN46:AN50) -> 0.25596814
A54: -20'C design temperature
A55: Moovair | B55: FMA36HIAHUU230X7/DMA36HOS20230E7 | C55: 3t | E55: 6.44 | F55: 6.33 | G55: 6.25 | H55: 6.56 | I55: 6.89 | J55: 6.91 | K55: 42840 | L55: 40720 | M55: 38890 | N55: 35780 | O55: 32200 | P55: 27690 | Q55: =MAX(ASHPs!I$84 -K55,0) -> 0 | R55: =MAX(ASHPs!J$84 -L55,0) -> 0 | S55: =MAX(ASHPs!K$84 -M55,0) -> 0 | T55: =MAX(ASHPs!L$84 -N55,0) -> 0 | U55: =MAX(ASHPs!M$84 -O55,0) -> 2326.2293 | V55: =MAX(ASHPs!N$84 -P55,0) -> 10783.598 | W55: =K55/(E55*3412) -> 1.9496407 | X55: =L55/(F55*3412) -> 1.8853632 | Y55: =M55/(G55*3412) -> 1.8236811 | Z55: =N55/(H55*3412) -> 1.5985546 | AA55: =O55/(I55*3412) -> 1.3697068 | AB55: =P55/(J55*3412) -> 1.1744537 | AC55: =IF(ASHPs!I$84/K55<1, ASHPs!I$84/K55,1) -> 0.52950803 | AD55: =IF(ASHPs!J$84/L55<1, ASHPs!J$84/L55,1) -> 0.62493325 | AE55: =IF(ASHPs!K$84/M55<1, ASHPs!K$84/M55,1) -> 0.68479024 | AF55: =IF(ASHPs!L$84/N55<1, ASHPs!L$84/N55,1) -> 0.85463557 | AG55: =IF(ASHPs!M$84/O55<1, ASHPs!M$84/O55,1) -> 1 | AH55: =IF(ASHPs!N$84/P55<1, ASHPs!N$84/P55,1) -> 1 | AI55: =Q55/(10*3412) -> 0 | AJ55: =R55/(10*3412) -> 0 | AK55: =S55/(10*3412) -> 0 | AL55: =T55/(10*3412) -> 0 | AM55: =U55/(10*3412) -> 0.06817788 | AN55: =V55/(10*3412) -> 0.31604917
A56: Daikin Comfort | B56: FTQ36TAVJUD/A + RZQ36TAVJUA | C56: 3t | E56: 5.25 | F56: 5.9 | G56: 6.09 | H56: 7.42 | I56: =AVERAGE(E56:H56) -> 6.165 | J56: =AVERAGE(E56:I56) -> 6.165 | K56: =11.7*3412 -> 39920.4 | L56: =11.7*3412 -> 39920.4 | M56: =11.7*3412 -> 39920.4 | N56: =11.7*3412 -> 39920.4 | O56: =0.9*N56 -> 35928.36 | P56: =0.5*N56 -> 19960.2 | Q56: =MAX(ASHPs!I$84 -K56,0) -> 0 | R56: =MAX(ASHPs!J$84 -L56,0) -> 0 | S56: =MAX(ASHPs!K$84 -M56,0) -> 0 | T56: =MAX(ASHPs!L$84 -N56,0) -> 0 | U56: =MAX(ASHPs!M$84 -O56,0) -> 0 | V56: =MAX(ASHPs!N$84 -P56,0) -> 18513.398 | W56: =K56/(E56*3412) -> 2.2285714 | X56: =L56/(F56*3412) -> 1.9830508 | Y56: =M56/(G56*3412) -> 1.9211823 | Z56: =N56/(H56*3412) -> 1.5768194 | AA56: =O56/(I56*3412) -> 1.7080292 | AB56: =P56/(J56*3412) -> 0.94890511 | AC56: =IF(ASHPs!I$84/K56<1, ASHPs!I$84/K56,1) -> 0.56823389 | AD56: =IF(ASHPs!J$84/L56<1, ASHPs!J$84/L56,1) -> 0.63745057 | AE56: =IF(ASHPs!K$84/M56<1, ASHPs!K$84/M56,1) -> 0.66711487 | AF56: =IF(ASHPs!L$84/N56<1, ASHPs!L$84/N56,1) -> 0.76599585 | AG56: =IF(ASHPs!M$84/O56<1, ASHPs!M$84/O56,1) -> 0.96097426 | AH56: =IF(ASHPs!N$84/P56<1, ASHPs!N$84/P56,1) -> 1 | AI56: =Q56/(10*3412) -> 0 | AJ56: =R56/(10*3412) -> 0 | AK56: =S56/(10*3412) -> 0 | AL56: =T56/(10*3412) -> 0 | AM56: =U56/(10*3412) -> 0 | AN56: =V56/(10*3412) -> 0.54259665
A57: Mitsubishi Zuba | B57: PVA‐A36AA4/PUZ-HA36NHA5 | C57: 3t | E57: 5.69 | F57: 5.98 | G57: 6.1 | H57: 6.12 | I57: 6.15 | J57: =AVERAGE(E57:I57) -> 6.008 | K57: 38000 | L57: 38000 | M57: 38000 | N57: 34200 | O57: 30400 | P57: =_xlfn.FORECAST.LINEAR(P$4,L57:O57,L$4:O$4) -> 27105.891 | Q57: =MAX(ASHPs!I$84 -K57,0) -> 0 | R57: =MAX(ASHPs!J$84 -L57,0) -> 0 | S57: =MAX(ASHPs!K$84 -M57,0) -> 0 | T57: =MAX(ASHPs!L$84 -N57,0) -> 0 | U57: =MAX(ASHPs!M$84 -O57,0) -> 4126.2293 | V57: =MAX(ASHPs!N$84 -P57,0) -> 11367.706 | W57: =K57/(E57*3412) -> 1.9573221 | X57: =L57/(F57*3412) -> 1.8624018 | Y57: =M57/(G57*3412) -> 1.8257644 | Z57: =N57/(H57*3412) -> 1.6378181 | AA57: =O57/(I57*3412) -> 1.4487366 | AB57: =P57/(J57*3412) -> 1.322284 | AC57: =IF(ASHPs!I$84/K57<1, ASHPs!I$84/K57,1) -> 0.59695063 | AD57: =IF(ASHPs!J$84/L57<1, ASHPs!J$84/L57,1) -> 0.66966531 | AE57: =IF(ASHPs!K$84/M57<1, ASHPs!K$84/M57,1) -> 0.70082875 | AF57: =IF(ASHPs!L$84/N57<1, ASHPs!L$84/N57,1) -> 0.89411874 | AG57: =IF(ASHPs!M$84/O57<1, ASHPs!M$84/O57,1) -> 1 | AH57: =IF(ASHPs!N$84/P57<1, ASHPs!N$84/P57,1) -> 1 | AI57: =Q57/(10*3412) -> 0 | AJ57: =R57/(10*3412) -> 0 | AK57: =S57/(10*3412) -> 0 | AL57: =T57/(10*3412) -> 0 | AM57: =U57/(10*3412) -> 0.12093286 | AN57: =V57/(10*3412) -> 0.33316842
A58: Fujitsu | B58: AMUG36LMAS | C58: 3t | E58: 5.82 | F58: 5.85 | G58: 5.85 | H58: 5.8 | I58: 5.75 | J58: =AVERAGE(E58:I58) -> 5.814 | K58: 44150 | L58: 43000 | M58: 42000 | N58: 38000 | O58: 32000 | P58: =_xlfn.FORECAST.LINEAR(P$4,L58:O58,L$4:O$4) -> 27703.137 | Q58: =MAX(ASHPs!I$84 -K58,0) -> 0 | R58: =MAX(ASHPs!J$84 -L58,0) -> 0 | S58: =MAX(ASHPs!K$84 -M58,0) -> 0 | T58: =MAX(ASHPs!L$84 -N58,0) -> 0 | U58: =MAX(ASHPs!M$84 -O58,0) -> 2526.2293 | V58: =MAX(ASHPs!N$84 -P58,0) -> 10770.461 | W58: =K58/(E58*3412) -> 2.2233032 | X58: =L58/(F58*3412) -> 2.154287 | Y58: =M58/(G58*3412) -> 2.1041873 | Z58: =N58/(H58*3412) -> 1.9202005 | AA58: =O58/(I58*3412) -> 1.6310719 | AB58: =P58/(J58*3412) -> 1.3965127 | AC58: =IF(ASHPs!I$84/K58<1, ASHPs!I$84/K58,1) -> 0.51379669 | AD58: =IF(ASHPs!J$84/L58<1, ASHPs!J$84/L58,1) -> 0.59179725 | AE58: =IF(ASHPs!K$84/M58<1, ASHPs!K$84/M58,1) -> 0.63408315 | AF58: =IF(ASHPs!L$84/N58<1, ASHPs!L$84/N58,1) -> 0.80470686 | AG58: =IF(ASHPs!M$84/O58<1, ASHPs!M$84/O58,1) -> 1 | AH58: =IF(ASHPs!N$84/P58<1, ASHPs!N$84/P58,1) -> 1 | AI58: =Q58/(10*3412) -> 0 | AJ58: =R58/(10*3412) -> 0 | AK58: =S58/(10*3412) -> 0 | AL58: =T58/(10*3412) -> 0 | AM58: =U58/(10*3412) -> 0.074039545 | AN58: =V58/(10*3412) -> 0.31566415
A59: GE Connect | B59: AUH4860ZGDA1/UUY48ZGDAA | C59: 4t | E59: 6.88 | F59: 6.9 | G59: 6.92 | H59: 6.2 | I59: 5.9 | J59: 5.7 | K59: 48000 | L59: 45500 | M59: 43000 | N59: 34200 | O59: 28500 | P59: 26400 | Q59: =MAX(ASHPs!I$84 -K59,0) -> 0 | R59: =MAX(ASHPs!J$84 -L59,0) -> 0 | S59: =MAX(ASHPs!K$84 -M59,0) -> 0 | T59: =MAX(ASHPs!L$84 -N59,0) -> 0 | U59: =MAX(ASHPs!M$84 -O59,0) -> 6026.2293 | V59: =MAX(ASHPs!N$84 -P59,0) -> 12073.598 | W59: =K59/(E59*3412) -> 2.0447668 | X59: =L59/(F59*3412) -> 1.9326503 | Y59: =M59/(G59*3412) -> 1.821182 | Z59: =N59/(H59*3412) -> 1.6166849 | AA59: =O59/(I59*3412) -> 1.4157411 | AB59: =P59/(J59*3412) -> 1.3574381 | AC59: =IF(ASHPs!I$84/K59<1, ASHPs!I$84/K59,1) -> 0.47258592 | AD59: =IF(ASHPs!J$84/L59<1, ASHPs!J$84/L59,1) -> 0.55928092 | AE59: =IF(ASHPs!K$84/M59<1, ASHPs!K$84/M59,1) -> 0.61933703 | AF59: =IF(ASHPs!L$84/N59<1, ASHPs!L$84/N59,1) -> 0.89411874 | AG59: =IF(ASHPs!M$84/O59<1, ASHPs!M$84/O59,1) -> 1 | AH59: =IF(ASHPs!N$84/P59<1, ASHPs!N$84/P59,1) -> 1 | AI59: =Q59/(10*3412) -> 0 | AJ59: =R59/(10*3412) -> 0 | AK59: =S59/(10*3412) -> 0 | AL59: =T59/(10*3412) -> 0 | AM59: =U59/(10*3412) -> 0.17661868 | AN59: =V59/(10*3412) -> 0.35385691
A61: average | E61: =AVERAGE(E55:E59) -> 6.016 | F61: =AVERAGE(F55:F59) -> 6.192 | G61: =AVERAGE(G55:G59) -> 6.242 | H61: =AVERAGE(H55:H59) -> 6.42 | I61: =AVERAGE(I55:I59) -> 6.171 | J61: =AVERAGE(J55:J59) -> 6.1194 | K61: =AVERAGE(K55:K59) -> 42582.08 | L61: =AVERAGE(L55:L59) -> 41428.08 | ... AN61: =AVERAGE(AN55:AN59) -> 0.37226706
A63: Moovair | B63: FMA30HIAHUU230X7/DMA30HOS20230E7 | C63: 2.5t | E63: 3.84 | F63: 3.97 | G63: 4.13 | H63: 4.34 | I63: 4.55 | J63: 4.52 | K63: 29620 | L63: 29080 | M63: 28550 | N63: 26270 | O63: 23900 | P63: 21040 | Q63: =MAX(ASHPs!I$84 -K63,0) -> 0 | R63: =MAX(ASHPs!J$84 -L63,0) -> 0 | S63: =MAX(ASHPs!K$84 -M63,0) -> 0 | T63: =MAX(ASHPs!L$84 -N63,0) -> 4308.8608 | U63: =MAX(ASHPs!M$84 -O63,0) -> 10626.229 | V63: =MAX(ASHPs!N$84 -P63,0) -> 17433.598 | W63: =K63/(E63*3412) -> 2.2607097 | X63: =L63/(F63*3412) -> 2.1468162 | Y63: =M63/(G63*3412) -> 2.0260354 | Z63: =N63/(H63*3412) -> 1.7740315 | AA63: =O63/(I63*3412) -> 1.5394922 | AB63: =P63/(J63*3412) -> 1.3642636 | AC63: =IF(ASHPs!I$84/K63<1, ASHPs!I$84/K63,1) -> 0.76583808 | AD63: =IF(ASHPs!J$84/L63<1, ASHPs!J$84/L63,1) -> 0.87507847 | AE63: =IF(ASHPs!K$84/M63<1, ASHPs!K$84/M63,1) -> 0.93280184 | AF63: =IF(ASHPs!L$84/N63<1, ASHPs!L$84/N63,1) -> 1 | AG63: =IF(ASHPs!M$84/O63<1, ASHPs!M$84/O63,1) -> 1 | AH63: =IF(ASHPs!N$84/P63<1, ASHPs!N$84/P63,1) -> 1 | AI63: =Q63/(10*3412) -> 0 | AJ63: =R63/(10*3412) -> 0 | AK63: =S63/(10*3412) -> 0 | AL63: =T63/(10*3412) -> 0.12628549 | AM63: =U63/(10*3412) -> 0.31143697 | AN63: =V63/(10*3412) -> 0.51094952
A64: Daikin Comfort | B64: FTQ30TAVJUD/A + RZQ30TAVJUA | C64: 2.5t | E64: 4.11 | F64: 4.61 | G64: 4.77 | H64: 5.81 | I64: =AVERAGE(E64:H64) -> 4.825 | J64: =AVERAGE(E64:I64) -> 4.825 | K64: =9.96*3412 -> 33983.52 | L64: =9.96*3412 -> 33983.52 | M64: =9.96*3412 -> 33983.52 | N64: =9.96*3412 -> 33983.52 | O64: =0.9*N64 -> 30585.168 | P64: =0.5*N64 -> 16991.76 | Q64: =MAX(ASHPs!I$84 -K64,0) -> 0 | R64: =MAX(ASHPs!J$84 -L64,0) -> 0 | S64: =MAX(ASHPs!K$84 -M64,0) -> 0 | T64: =MAX(ASHPs!L$84 -N64,0) -> 0 | U64: =MAX(ASHPs!M$84 -O64,0) -> 3941.0613 | V64: =MAX(ASHPs!N$84 -P64,0) -> 21481.838 | W64: =K64/(E64*3412) -> 2.4233577 | X64: =L64/(F64*3412) -> 2.1605206 | Y64: =M64/(G64*3412) -> 2.0880503 | Z64: =N64/(H64*3412) -> 1.7142857 | AA64: =O64/(I64*3412) -> 1.8578238 | AB64: =P64/(J64*3412) -> 1.0321244 | AC64: =IF(ASHPs!I$84/K64<1, ASHPs!I$84/K64,1) -> 0.66750366 | AD64: =IF(ASHPs!J$84/L64<1, ASHPs!J$84/L64,1) -> 0.74881242 | AE64: =IF(ASHPs!K$84/M64<1, ASHPs!K$84/M64,1) -> 0.78365903 | AF64: =IF(ASHPs!L$84/N64<1, ASHPs!L$84/N64,1) -> 0.89981441 | AG64: =IF(ASHPs!M$84/O64<1, ASHPs!M$84/O64,1) -> 1 | AH64: =IF(ASHPs!N$84/P64<1, ASHPs!N$84/P64,1) -> 1 | AI64: =Q64/(10*3412) -> 0 | AJ64: =R64/(10*3412) -> 0 | AK64: =S64/(10*3412) -> 0 | AL64: =T64/(10*3412) -> 0 | AM64: =U64/(10*3412) -> 0.1155059 | AN64: =V64/(10*3412) -> 0.62959665
A65: Mitsubishi Zuba | B65: PVA‐A30AA7/PUZ-HA30NHA5 | C65: 2.5t | E65: 4.58 | F65: 4.73 | G65: 4.87 | H65: 4.91 | I65: 4.95 | J65: =AVERAGE(E65:I65) -> 4.808 | K65: 32000 | L65: 32000 | M65: 32000 | N65: 28800 | O65: 25600 | P65: =_xlfn.FORECAST.LINEAR(P$4,L65:O65,L$4:O$4) -> 22826.014 | Q65: =MAX(ASHPs!I$84 -K65,0) -> 0 | R65: =MAX(ASHPs!J$84 -L65,0) -> 0 | S65: =MAX(ASHPs!K$84 -M65,0) -> 0 | T65: =MAX(ASHPs!L$84 -N65,0) -> 1778.8608 | U65: =MAX(ASHPs!M$84 -O65,0) -> 8926.2293 | V65: =MAX(ASHPs!N$84 -P65,0) -> 15647.584 | W65: =K65/(E65*3412) -> 2.0477431 | X65: =L65/(F65*3412) -> 1.9828041 | Y65: =M65/(G65*3412) -> 1.9258036 | Z65: =N65/(H65*3412) -> 1.7191033 | AA65: =O65/(I65*3412) -> 1.5157436 | AB65: =P65/(J65*3412) -> 1.3914147 | AC65: =IF(ASHPs!I$84/K65<1, ASHPs!I$84/K65,1) -> 0.70887887 | AD65: =IF(ASHPs!J$84/L65<1, ASHPs!J$84/L65,1) -> 0.79522756 | AE65: =IF(ASHPs!K$84/M65<1, ASHPs!K$84/M65,1) -> 0.83223414 | AF65: =IF(ASHPs!L$84/N65<1, ASHPs!L$84/N65,1) -> 1 | AG65: =IF(ASHPs!M$84/O65<1, ASHPs!M$84/O65,1) -> 1 | AH65: =IF(ASHPs!N$84/P65<1, ASHPs!N$84/P65,1) -> 1 | AI65: =Q65/(10*3412) -> 0 | AJ65: =R65/(10*3412) -> 0 | AK65: =S65/(10*3412) -> 0 | AL65: =T65/(10*3412) -> 0.052135429 | AM65: =U65/(10*3412) -> 0.26161282 | AN65: =V65/(10*3412) -> 0.45860445
A66: Fujitsu | B66: AMUG30LMAS | C66: 2.5t | E66: 4.98 | F66: 5 | G66: 5.01 | H66: 4.97 | I66: 4.93 | J66: =AVERAGE(E66:I66) -> 4.978 | K66: 34290 | L66: 33600 | M66: 33000 | N66: 29000 | O66: 26000 | P66: =_xlfn.FORECAST.LINEAR(P$4,L66:O66,L$4:O$4) -> 22459.067 | Q66: =MAX(ASHPs!I$84 -K66,0) -> 0 | R66: =MAX(ASHPs!J$84 -L66,0) -> 0 | S66: =MAX(ASHPs!K$84 -M66,0) -> 0 | T66: =MAX(ASHPs!L$84 -N66,0) -> 1578.8608 | U66: =MAX(ASHPs!M$84 -O66,0) -> 8526.2293 | V66: =MAX(ASHPs!N$84 -P66,0) -> 16014.531 | W66: =K66/(E66*3412) -> 2.018037 | X66: =L66/(F66*3412) -> 1.9695193 | Y66: =M66/(G66*3412) -> 1.9304884 | Z66: =N66/(H66*3412) -> 1.7101436 | AA66: =O66/(I66*3412) -> 1.5456722 | AB66: =P66/(J66*3412) -> 1.3222933 | AC66: =IF(ASHPs!I$84/K66<1, ASHPs!I$84/K66,1) -> 0.66153759 | AD66: =IF(ASHPs!J$84/L66<1, ASHPs!J$84/L66,1) -> 0.75735958 | AE66: =IF(ASHPs!K$84/M66<1, ASHPs!K$84/M66,1) -> 0.80701492 | AF66: =IF(ASHPs!L$84/N66<1, ASHPs!L$84/N66,1) -> 1 | AG66: =IF(ASHPs!M$84/O66<1, ASHPs!M$84/O66,1) -> 1 | AH66: =IF(ASHPs!N$84/P66<1, ASHPs!N$84/P66,1) -> 1 | AI66: =Q66/(10*3412) -> 0 | AJ66: =R66/(10*3412) -> 0 | AK66: =S66/(10*3412) -> 0 | AL66: =T66/(10*3412) -> 0.046273764 | AM66: =U66/(10*3412) -> 0.24988949 | AN66: =V66/(10*3412) -> 0.46935906
A67: GE Connect | B67: AUH2436ZGDA/UUY36ZGDAA | C67: 3t | E67: 5.45 | F67: 4.8 | G67: 4.8 | H67: 4.63 | I67: 4.43 | J67: 4.15 | K67: 36000 | L67: 33000 | M67: 30000 | N67: 25200 | O67: 21100 | P67: 18400 | Q67: =MAX(ASHPs!I$84 -K67,0) -> 0 | R67: =MAX(ASHPs!J$84 -L67,0) -> 0 | S67: =MAX(ASHPs!K$84 -M67,0) -> 0 | T67: =MAX(ASHPs!L$84 -N67,0) -> 5378.8608 | U67: =MAX(ASHPs!M$84 -O67,0) -> 13426.229 | V67: =MAX(ASHPs!N$84 -P67,0) -> 20073.598 | W67: =K67/(E67*3412) -> 1.9359627 | X67: =L67/(F67*3412) -> 2.0149472 | Y67: =M67/(G67*3412) -> 1.8317702 | Z67: =N67/(H67*3412) -> 1.5951831 | AA67: =O67/(I67*3412) -> 1.3959495 | AB67: =P67/(J67*3412) -> 1.2994534 | AC67: =IF(ASHPs!I$84/K67<1, ASHPs!I$84/K67,1) -> 0.63011456 | AD67: =IF(ASHPs!J$84/L67<1, ASHPs!J$84/L67,1) -> 0.77112975 | AE67: =IF(ASHPs!K$84/M67<1, ASHPs!K$84/M67,1) -> 0.88771641 | AF67: =IF(ASHPs!L$84/N67<1, ASHPs!L$84/N67,1) -> 1 | AG67: =IF(ASHPs!M$84/O67<1, ASHPs!M$84/O67,1) -> 1 | AH67: =IF(ASHPs!N$84/P67<1, ASHPs!N$84/P67,1) -> 1 | AI67: =Q67/(10*3412) -> 0 | AJ67: =R67/(10*3412) -> 0 | AK67: =S67/(10*3412) -> 0 | AL67: =T67/(10*3412) -> 0.15764539 | AM67: =U67/(10*3412) -> 0.39350027 | AN67: =V67/(10*3412) -> 0.5883235
A69: average | E69: =AVERAGE(E63:E67) -> 4.592 | F69: =AVERAGE(F63:F67) -> 4.622 | G69: =AVERAGE(G63:G67) -> 4.716 | H69: =AVERAGE(H63:H67) -> 4.932 | I69: =AVERAGE(I63:I67) -> 4.737 | J69: =AVERAGE(J63:J67) -> 4.6562 | K69: =AVERAGE(K63:K67) -> 33178.704 | L69: =AVERAGE(L63:L67) -> 32332.704 | ... AN69: =AVERAGE(AN63:AN67) -> 0.53136664
B72: heating load at different temperatures for home with an ASHP (HPWH heating penalty included)
B75: temp heat turned on | C75: temp where 36000 BTU used | D75: slope and intercept | F75: HPWH load
A76: heating load for 48000 BTU/hr at design temperature | B76: 18 | C76: -20 | D76: {=LINEST(B77:C77,B76:C76)} -> -1263.1579 | E76: 22736.842 | F76: =Input!B86*947817/(365*24)/2 -> 578.86084 | H76: -5 | I76: -10 | J76: -13.5 | K76: -15 | L76: -20 | M76: -25 | N76: -30 | O76: -35 | P76: -40
B77: 0 | C77: 48000 | H77: =$D76*H76+$E76+$F76 -> 29631.492 | I77: =$D76*I76+$E76+$F76 -> 35947.282 | J77: =$D76*J76+$E76+$F76 -> 40368.335 | K77: =$D76*K76+$E76+$F76 -> 42263.071 | L77: =$D76*L76+$E76+$F76 -> 48578.861 | M77: =$D76*M76+$E76+$F76 -> 54894.65 | N77: =$D76*N76+$E76+$F76 -> 61210.44 | O77: =$D76*O76+$E76+$F76 -> 67526.229 | P77: =$D76*P76+$E76+$F76 -> 73842.019
A78: heating load for 42000 BTU/hr at -25'C | B78: 18 | C78: -20 | D78: {=LINEST(B79:C79,B78:C78)} -> -1105.2632 | E78: 19894.737 | F78: =F$76 -> 578.86084 | H78: -5 | I78: -10 | J78: -13.5 | K78: -15 | L78: -20 | M78: -25 | N78: -30 | O78: -35 | P78: -40
B79: 0 | C79: 42000 | H79: =$D78*H78+$E78+$F78 -> 25999.913 | I79: =$D78*I78+$E78+$F78 -> 31526.229 | J79: =$D78*J78+$E78+$F78 -> 35394.65 | K79: =$D78*K78+$E78+$F78 -> 37052.545 | L79: =$D78*L78+$E78+$F78 -> 42578.861 | M79: =$D78*M78+$E78+$F78 -> 48105.177 | N79: =$D78*N78+$E78+$F78 -> 53631.492 | O79: =$D78*O78+$E78+$F78 -> 59157.808 | P79: =$D78*P78+$E78+$F78 -> 64684.124
A80: heating load for 36000 BTU/hr at -20'C - the "average home" | B80: 18 | C80: -20 | D80: {=LINEST(B81:C81,B80:C80)} -> -947.36842 | E80: 17052.632 | F80: =F$76 -> 578.86084 | H80: -5 | I80: -10 | J80: -13.5 | K80: -15 | L80: -20 | M80: -25 | N80: -30 | O80: -35 | P80: -40
B81: 0 | C81: 36000 | H81: =$D80*H80+$E80+$F80 -> 22368.335 | I81: =$D80*I80+$E80+$F80 -> 27105.177 | J81: =$D80*J80+$E80+$F80 -> 30420.966 | K81: =$D80*K80+$E80+$F80 -> 31842.019 | L81: =$D80*L80+$E80+$F80 -> 36578.861 | M81: =$D80*M80+$E80+$F80 -> 41315.703 | N81: =$D80*N80+$E80+$F80 -> 46052.545 | O81: =$D80*O80+$E80+$F80 -> 50789.387 | P81: =$D80*P80+$E80+$F80 -> 55526.229
A82: heating load (kW) | H82: =H81/3412 -> 6.5557839 | I82: =I81/3412 -> 7.9440729 | J82: =J81/3412 -> 8.9158752 | K82: =K81/3412 -> 9.3323619 | L82: =L81/3412 -> 10.720651 | M82: =M81/3412 -> 12.10894 | N82: =N81/3412 -> 13.497229 | O82: =O81/3412 -> 14.885518 | P82: =P81/3412 -> 16.273807
A83: heating load for 30000 BTU/hr at -30'C | B83: 18 | C83: -20 | D83: {=LINEST(B84:C84,B83:C83)} -> -789.47368 | E83: 14210.526 | F83: =F$76 -> 578.86084 | H83: -5 | I83: -10 | J83: -13.5 | K83: -15 | L83: -20 | M83: -25 | N83: -30 | O83: -35 | P83: -40
B84: 0 | C84: 30000 | F84: heating load | H84: =$D83*H83+$E83+$F83 -> 18736.756 | I84: =$D83*I83+$E83+$F83 -> 22684.124 | J84: =$D83*J83+$E83+$F83 -> 25447.282 | K84: =$D83*K83+$E83+$F83 -> 26631.492 | L84: =$D83*L83+$E83+$F83 -> 30578.861 | M84: =$D83*M83+$E83+$F83 -> 34526.229 | N84: =$D83*N83+$E83+$F83 -> 38473.598 | O84: =$D83*O83+$E83+$F83 -> 42420.966 | P84: =$D83*P83+$E83+$F83 -> 46368.335
F85: heating load (kW) | H85: =H84/3412 -> 5.4914289 | I85: =I84/3412 -> 6.6483365 | J85: =J84/3412 -> 7.4581717 | K85: =K84/3412 -> 7.805244 | L85: =L84/3412 -> 8.9621515 | M85: =M84/3412 -> 10.119059 | N85: =N84/3412 -> 11.275966 | O85: =O84/3412 -> 12.432874 | P85: =P84/3412 -> 13.589782
A86: heating load for 24000 BTU/hr at design temperature | B86: 18 | C86: -20 | D86: {=LINEST(B87:C87,B86:C86)} -> -631.57895 | E86: 11368.421 | F86: =F$76 -> 578.86084 | H86: -5 | I86: -10 | J86: -13.5 | K86: -15 | L86: -20 | M86: -25 | N86: -30 | O86: -35 | P86: -40
B87: 0 | C87: 24000 | H87: =$D86*H86+$E86+$F86 -> 15105.177 | I87: =$D86*I86+$E86+$F86 -> 18263.071 | J87: =$D86*J86+$E86+$F86 -> 20473.598 | K87: =$D86*K86+$E86+$F86 -> 21420.966 | L87: =$D86*L86+$E86+$F86 -> 24578.861 | M87: =$D86*M86+$E86+$F86 -> 27736.756 | N87: =$D86*N86+$E86+$F86 -> 30894.65 | O87: =$D86*O86+$E86+$F86 -> 34052.545 | P87: =$D86*P86+$E86+$F86 -> 37210.44

Sheet GSHPs
A1: GSHP data from manufacturer software
E3: average kW per hour | L3: capacity of heat pump | S3: capacity met by backup resistance heater
A4: brand | C4: size | D4: scop | E4: kW at -10 | F4: kW at -13.5 | G4: kW at -15 | H4: kW at -20 | I4: kW at -25 | J4: kW at -30 | K4: kW at -35 | L4: -10 | M4: -13.5 | N4: -15 | O4: -20 | P4: -25 | Q4: -30 | R4: -35 | S4: -10 | T4: -13.5 | U4: -15 | V4: -20 | W4: -25 | X4: -30 | Y4: -35
A5: Capacity calculated using 36,000 BTU/hr at -20'C
A7: -20'C design temperature
A8: TE 038 Digital with horizontal loop | C8: 3t | E8: =4080/245/10 -> 1.6653061 | F8: =2930/159/10 -> 1.8427673 | G8: =1850/92/10 -> 2.0108696 | H8: =990/45/10 -> 2.2 | I8: =70/3/10 -> 2.3333333 | J8: =20/1/10 -> 2 | K8: =J8 -> 2 | L8: 36000 | M8: 36000 | N8: 36000 | O8: 36000 | P8: 36000 | Q8: 36000 | R8: 36000 | S8: =MAX(GSHPs!I$33-L8,0) -> 0 | T8: =MAX(GSHPs!J$33-M8,0) -> 0 | U8: =MAX(GSHPs!K$33-N8,0) -> 0 | V8: =MAX(GSHPs!L$33-O8,0) -> 289.43042 | W8: =MAX(GSHPs!M$33-P8,0) -> 5026.2725 | X8: =MAX(GSHPs!N$33-Q8,0) -> 9763.1146 | Y8: =MAX(GSHPs!O$33-R8,0) -> 14499.957
A10: Average | B10: for Toronto, Windsor | E10: =AVERAGE(E8:E8) -> 1.6653061 | F10: =AVERAGE(F8:F8) -> 1.8427673 | G10: =AVERAGE(G8:G8) -> 2.0108696 | H10: =AVERAGE(H8:H8) -> 2.2 | I10: =AVERAGE(I8:I8) -> 2.3333333 | J10: =AVERAGE(J8:J8) -> 2 | K10: =AVERAGE(K8:K8) -> 2 | L10: =AVERAGE(L8:L8) -> 36000 | ... Y10: =AVERAGE(Y8:Y8) -> 14499.957
A13: -25'C design temperature
A14: TE 049 digital with horizontal loop | C14: 4t | E14: =6100/340/10 -> 1.7941176 | F14: =5410/275/10 -> 1.9672727 | G14: =4540/212/10 -> 2.1415094 | H14: =3480/150/10 -> 2.32 | I14: =1210/44/10 -> 2.75 | J14: =130/4/10 -> 3.25 | K14: =30/1/10 -> 3 | L14: 48000 | M14: 48000 | N14: 48000 | O14: 48000 | P14: 48000 | Q14: 48000 | R14: 48000 | S14: =MAX(GSHPs!I$33-L14,0) -> 0 | T14: =MAX(GSHPs!J$33-M14,0) -> 0 | U14: =MAX(GSHPs!K$33-N14,0) -> 0 | V14: =MAX(GSHPs!L$33-O14,0) -> 0 | W14: =MAX(GSHPs!M$33-P14,0) -> 0 | X14: =MAX(GSHPs!N$33-Q14,0) -> 0 | Y14: =MAX(GSHPs!O$33-R14,0) -> 2499.9567
A16: Average | B16: for Ottawa area | E16: =AVERAGE(E14:E14) -> 1.7941176 | F16: =AVERAGE(F14:F14) -> 1.9672727 | G16: =AVERAGE(G14:G14) -> 2.1415094 | H16: =AVERAGE(H14:H14) -> 2.32 | I16: =AVERAGE(I14:I14) -> 2.75 | J16: =AVERAGE(J14:J14) -> 3.25 | K16: =AVERAGE(K14:K14) -> 3 | L16: =AVERAGE(L14:L14) -> 48000 | ... Y16: =AVERAGE(Y14:Y14) -> 2499.9567
A19: -30'C design temperature
A20: TE 049 digital with horizontal loop | C20: 4t | E20: =6590/345/10 -> 1.9101449 | F20: =6790/325/10 -> 2.0892308 | G20: =6070/268/10 -> 2.2649254 | H20: =6100/248/10 -> 2.4596774 | I20: =3870/134/10 -> 2.8880597 | J20: =1290/39/10 -> 3.3076923 | K20: =70/2/10 -> 3.5 | L20: 48000 | M20: 48000 | N20: 48000 | O20: 48000 | P20: 48000 | Q20: 48000 | R20: 48000 | S20: =MAX(GSHPs!I$33-L20,0) -> 0 | T20: =MAX(GSHPs!J$33-M20,0) -> 0 | U20: =MAX(GSHPs!K$33-N20,0) -> 0 | V20: =MAX(GSHPs!L$33-O20,0) -> 0 | W20: =MAX(GSHPs!M$33-P20,0) -> 0 | X20: =MAX(GSHPs!N$33-Q20,0) -> 0 | Y20: =MAX(GSHPs!O$33-R20,0) -> 2499.9567
A22: Average | B22: for Thunder Bay area | E22: =AVERAGE(E20:E20) -> 1.9101449 | F22: =AVERAGE(F20:F20) -> 2.0892308 | G22: =AVERAGE(G20:G20) -> 2.2649254 | H22: =AVERAGE(H20:H20) -> 2.4596774 | I22: =AVERAGE(I20:I20) -> 2.8880597 | J22: =AVERAGE(J20:J20) -> 3.3076923 | K22: =AVERAGE(K20:K20) -> 3.5 | L22: =AVERAGE(L20:L20) -> 48000 | ... Y22: =AVERAGE(Y20:Y20) -> 2499.9567
C25: heating load at different temperatures for home with a GSHP (desuperheater load included)
B27: temp heat turned on | C27: temp where 36000 BTU used | D27: slope and intercept | F27: desuperheater load
A28: heating load for 48000 BTU/hr at design temperature | B28: 18 | C28: -20 | D28: {=LINEST(B29:C29,B28:C28)} -> -1263.1579 | E28: 22736.842 | F28: =Input!B86*947817/(365*24)/4 -> 289.43042 | H28: -5 | I28: -10 | J28: -13.5 | K28: -15 | L28: -20 | M28: -25 | N28: -30 | O28: -35 | P28: -40
B29: 0 | C29: 48000 | H29: =$D28*H28+$E28+$F28 -> 29342.062 | I29: =$D28*I28+$E28+$F28 -> 35657.851 | J29: =$D28*J28+$E28+$F28 -> 40078.904 | K29: =$D28*K28+$E28+$F28 -> 41973.641 | L29: =$D28*L28+$E28+$F28 -> 48289.43 | M29: =$D28*M28+$E28+$F28 -> 54605.22 | N29: =$D28*N28+$E28+$F28 -> 60921.009 | O29: =$D28*O28+$E28+$F28 -> 67236.799 | P29: =$D28*P28+$E28+$F28 -> 73552.588
A30: heating load for 42000 BTU/hr at -25'C | B30: 18 | C30: -20 | D30: {=LINEST(B31:C31,B30:C30)} -> -1105.2632 | E30: 19894.737 | F30: =F$28 -> 289.43042 | H30: -5 | I30: -10 | J30: -13.5 | K30: -15 | L30: -20 | M30: -25 | N30: -30 | O30: -35 | P30: -40
B31: 0 | C31: 42000 | H31: =$D30*H30+$E30 -> 25421.053 | I31: =$D30*I30+$E30 -> 30947.368 | J31: =$D30*J30+$E30 -> 34815.789 | K31: =$D30*K30+$E30 -> 36473.684 | L31: =$D30*L30+$E30 -> 42000 | M31: =$D30*M30+$E30 -> 47526.316 | N31: =$D30*N30+$E30 -> 53052.632 | O31: =$D30*O30+$E30 -> 58578.947 | P31: =$D30*P30+$E30 -> 64105.263
A32: heating load for 36000 BTU/hr at -20'C - the "average home" | B32: 18 | C32: -20 | D32: {=LINEST(B33:C33,B32:C32)} -> -947.36842 | E32: 17052.632 | F32: =F$28 -> 289.43042 | H32: -5 | I32: -10 | J32: -13.5 | K32: -15 | L32: -20 | M32: -25 | N32: -30 | O32: -35 | P32: -40
B33: 0 | C33: 36000 | H33: =$D32*H32+$E32+$F32 -> 22078.904 | I33: =$D32*I32+$E32+$F32 -> 26815.746 | J33: =$D32*J32+$E32+$F32 -> 30131.536 | K33: =$D32*K32+$E32+$F32 -> 31552.588 | L33: =$D32*L32+$E32+$F32 -> 36289.43 | M33: =$D32*M32+$E32+$F32 -> 41026.273 | N33: =$D32*N32+$E32+$F32 -> 45763.115 | O33: =$D32*O32+$E32+$F32 -> 50499.957 | P33: =$D32*P32+$E32+$F32 -> 55236.799
A34: heating load (kW) | H34: =H33/3412 -> 6.4709567 | I34: =I33/3412 -> 7.8592457 | J34: =J33/3412 -> 8.831048 | K34: =K33/3412 -> 9.2475347 | L34: =L33/3412 -> 10.635824 | M34: =M33/3412 -> 12.024113 | N34: =N33/3412 -> 13.412402 | O34: =O33/3412 -> 14.800691 | P34: =P33/3412 -> 16.18898
A35: heating load for 30000 BTU/hr at -30'C | B35: 18 | C35: -20 | D35: {=LINEST(B36:C36,B35:C35)} -> -789.47368 | E35: 14210.526 | F35: =F$28 -> 289.43042 | H35: -5 | I35: -10 | J35: -13.5 | K35: -15 | L35: -20 | M35: -25 | N35: -30 | O35: -35 | P35: -40
B36: 0 | C36: 30000 | H36: =$D35*H35+$E35+$F35 -> 18447.325 | I36: =$D35*I35+$E35+$F35 -> 22394.694 | J36: =$D35*J35+$E35+$F35 -> 25157.851 | K36: =$D35*K35+$E35+$F35 -> 26342.062 | L36: =$D35*L35+$E35+$F35 -> 30289.43 | M36: =$D35*M35+$E35+$F35 -> 34236.799 | N36: =$D35*N35+$E35+$F35 -> 38184.167 | O36: =$D35*O35+$E35+$F35 -> 42131.536 | P36: =$D35*P35+$E35+$F35 -> 46078.904
H37: =H36/3412 -> 5.4066017 | I37: =I36/3412 -> 6.5635093 | J37: =J36/3412 -> 7.3733445 | K37: =K36/3412 -> 7.7204168 | L37: =L36/3412 -> 8.8773243 | M37: =M36/3412 -> 10.034232 | N37: =N36/3412 -> 11.191139 | O37: =O36/3412 -> 12.348047 | P37: =P36/3412 -> 13.504954
A38: heating load for 24000 BTU/hr at design temperature | B38: 18 | C38: -20 | D38: {=LINEST(B39:C39,B38:C38)} -> -631.57895 | E38: 11368.421 | F38: =F$28 -> 289.43042 | H38: -5 | I38: -10 | J38: -13.5 | K38: -15 | L38: -20 | M38: -25 | N38: -30 | O38: -35 | P38: -40
B39: 0 | C39: 24000 | H39: =$D38*H38+$E38+$F38 -> 14815.746 | I39: =$D38*I38+$E38+$F38 -> 17973.641 | J39: =$D38*J38+$E38+$F38 -> 20184.167 | K39: =$D38*K38+$E38+$F38 -> 21131.536 | L39: =$D38*L38+$E38+$F38 -> 24289.43 | M39: =$D38*M38+$E38+$F38 -> 27447.325 | N39: =$D38*N38+$E38+$F38 -> 30605.22 | O39: =$D38*O38+$E38+$F38 -> 33763.115 | P39: =$D38*P38+$E38+$F38 -> 36921.009

Sheet Input
A1: ETS | B1: Value | C1: Source
A2: upfront costs | B2: 10000 | C2: Steffes and Hydro Quebec unofficial quotes
A3: 15-year annualized cost | B3: =-PMT(B$88,15,B2) -> 1029.6276 | C3: annual payments
A4: % adoption | B4: 0.24 | C4: IESO DER study BAU+
A5: ETS heating efficiency | B5: 0.78
A6: Charging Input (Kw) | B6: 14 | C6: https://www.steffes.com/wp-content/uploads/2020/12/Steffes-Forced-Air-Furnace.pdf
A7: Charging time (Hr) | B7: =B10/(B6*0.78) -> 10.989011 | C7: Charging time for the heating load requirement = energy draw/power draw
A8: Air Supply Outlet (Fan) (Kw) | B8: 0.84 | C8: supplier notes max 7amp draw for blower and control, assumes 120V https://www.steffes.com/wp-content/uploads/2020/12/Steffes-Forced-Air-Furnace.pdf
A9: Discharging time (Hr) | B9: =409440/30621 -> 13.371216 | C9: based on output capacity and storage capacity https://www.steffes.com/wp-content/uploads/2020/12/Steffes-Forced-Air-Furnace.pdf
A10: size (total kWh stored) | B10: 120 | C10: https://www.steffes.com/wp-content/uploads/2020/12/Steffes-Forced-Air-Furnace.pdf
A11: efficiency | B11: 1
A12: after diversity maximum demand or coincidence factor | B12: 1 | C12: assuming that during discharge, the fan is running 100% of the time and therefore there is maximum coincidence
A13: Batteries (Tesla Powerwall) | B13: Value | C13: Source
A14: Upfront costs | B14: 21500 | C14: https://kubyenergy.ca/blog/complete-guide-to-tesla-powerwall-in-canada | D14: installation included, $CAN
A15: lifespan (yrs) | B15: 10 | C15: https://kubyenergy.ca/blog/complete-guide-to-tesla-powerwall-in-canada
A16: 10-year annualized cost | B16: =-PMT(B$88,B15,B14) -> 2921.1611 | C16: annual payments
A17: % adoption | B17: 0.27 | C17: IESO DER study BAU+
A18: Size needed (Kwh) | B18: 13.5 | C18: https://www.tesla.com/en_ca/powerwall
A19: Discharge efficiency | B19: 0.9 | C19: https://www.tesla.com/en_ca/powerwall
A20: discharge time (hours) | B20: =B18/B24*B19 -> 2.43
A21: practical discharge time (hours) | B21: 2
A22: Charging Input (Kw) | B22: =B24/B19 -> 5.5555556 | C22: https://www.tesla.com/en_ca/powerwall
A23: Charging Time (Hr) | B23: =B18/B22/B19 -> 2.7 | C23: https://www.ndh-ltd.co.uk/sites/default/files/2020-08/Tesla%20Battery%20User%20Guide.pdf
A24: Power available during discharge (kW) | B24: 5 | C24: https://www.tesla.com/en_ca/powerwall
A25: Electricity draw during charging times (Kwh) | B25: =B22*B23 -> 15 | C25: https://www.ndh-ltd.co.uk/sites/default/files/2020-08/Tesla%20Battery%20User%20Guide.pdf
A26: EV batteries | B26: Value | C26: Source
A27: bidirectional charger | B27: 9950 | C27: $1310 US + $3895 US Integration System converted to CAN$ + HST https://chargers.ford.com/products/ford-charge-station-pro + $2000 installation cost | D27: for estimated installation cost, see https://www.linkedin.com/feed/update/urn:li:activity:7042123940617482240/?commentUrn=urn%3Ali%3Acomment%3A(ugcPost%3A7042123940198064129%2C7042845035297456128)&dashCommentUrn=urn%3Ali%3Afsd_comment%3A(7042845035297456128%2Curn%3Ali%3AugcPost%3A7042123940198064129)
A28: EV/vehicle lifetime | B28: 15 | C28: https://www.cell.com/joule/pdfExtended/S2542-4351(20)30231-2
A29: 15-year annualized cost | B29: =-PMT(B$88,B28,B27) -> 1024.4795
A30: % adoption | B30: 0.31 | C30: IESO DER study BAU+
A31: Battery Size (Kwh) | B31: 98 | C31: https://www.caranddriver.com/ford/f-150-lightning
A32: Discharge efficiency | B32: =B33/(B31/B35) -> 0.9002449 | C32: Calculated value
A33: maximum discharge time (hours) | B33: 9.19
A34: practical discharge time (hours) | B34: 4
A35: Power available during discharge (kW) | B35: 9.6 | C35: https://www.ford.com/trucks/f150/f150-lightning/features/capability/
A36: Power draw during charging times (Kw) | B36: 11.52 | C36: https://insideevs.com/news/508674/battery-capacity-ford-f150-lightning/ (240V*48amps considering a Lvl. 2 Charger, std. Range battery)
A37: Charging time (Hr) 15%-80% | B37: =((B31*80%)-(B31*15%))/B36/B32 -> 6.142233 | C37: Calculated value depending on the battery size, considering the battery is at 15% and is charged at 80% of its capacity
A38: ASHP | B38: Value | C38: Source
A39: Upfront cost | B39: 19000 | C39: source from NG vs ASHP v
A40: average lifespan (yr) | B40: 15
A41: 15-year annualized cost | B41: =-PMT(B$88,B40,B39) -> 1956.2925
A42: % adoption | B42: 1
A43: Heating efficiency | B43: 2.7 | C43: based on a minimum HSPF performance of 10.5 in zone IV
A44: Cooling efficiency | B44: 4.01 | C44: https://energy-models.com/tools/how-convert-seer-eer-or-cop-kwton-hspf?page=1
A45: coincidence factor | B45: 1 | C45: conservative assumption
A46: GSHP | B46: Value | C46: Source
A47: Upfront cost | B47: 27000 | C47: based on quotes from 3 installers including Dunsky report on GSHP https://www.hrai.ca/uploads/userfiles/files/Dunsky__HRAI_Benefits%20of%20GSHPs_(2020-10-30)_F.PDF
A48: average lifespan (yr) | B48: 20
A49: 20-year annualized cost | B49: =-PMT(B$88,B48,(B47-B39)) -> 697.47646 | C49: annualized incremental cost over an ASHP
A50: % adoption (high) | B50: 0.3 | C50: from https://www.hrai.ca/uploads/userfiles/files/Dunsky__HRAI_Benefits%20of%20GSHPs_(2020-10-30)_F.PDF
A51: % adoption (low) | B51: 0.1 | C51: from https://www.hrai.ca/uploads/userfiles/files/Dunsky__HRAI_Benefits%20of%20GSHPs_(2020-10-30)_F.PDF
A52: Heating efficiency | B52: 3.7 | C52: Dunsky report on GSHP https://www.hrai.ca/uploads/userfiles/files/Dunsky__HRAI_Benefits%20of%20GSHPs_(2020-10-30)_F.PDF
A53: Cooling efficiency | B53: 5.79 | C53: average value for GSHP with heating SCOP of 3.7
A54: coincidence factor | B54: 1 | C54: many GSHPs are designed to run 100% of the time at colder temperatures
A55: electric resistance heating | B55: Value | C55: Source
A56: electric resistance heating (kW) | B56: 15 | C56: output in 5 kW stages
A57: electric resistance heating efficiency | B57: 1
A58: electric resistance heating coincidence factor | B58: 0.9 | C58: conservative estimate based on AC coincidence factor
A59: fossil gas furnace and water heater | B59: Value | C59: Source
A60: home furnace ventilation fan (kW) | B60: 0.84 | C60: max 7amp draw for blower and control, assumes 120V https://www.steffes.com/wp-content/uploads/2020/12/Steffes-Forced-Air-Furnace.pdf (also 6.3 amp for https://keeprite.hvacpartners.com/products/detail/G96VTN )
A61: furnace efficiency | B61: 0.95
A62: furnace coincidence factor | B62: 0.8 | C62: https://www3.dps.ny.gov/W/PSCWeb.nsf/ca7cd46b41e6d01f0525685800545955/06f2fee55575bd8a852576e4006f9af7/$FILE/TRM%20Version%202%20December%2010,%202014.pdf | D62: based on https://www.h2ouse.org/how-often-should-a-furnace-cycle/ https://jpsfurnace.ca/do-high-efficiency-furnaces-run-more-often/
A63: gas water heater efficiency | B63: 0.67 | C63: based on typical EF values for gas tank water heaters at Home Depot
A64: HPWH | B64: Value | C64: Source
A65: Upfront cost | B65: 3750 | C65: based on quotes from 2 installers
A66: average lifespan (yr) | B66: 15
A67: 15-year annualized cost | B67: =-PMT(B$88,B66,B65) -> 386.11036
A68: Efficiency | B68: 3.75 | C68: HPWH: 3.75 Home Depot 50 gal hybrid heat pump water heater https://www.homedepot.ca/product/rheem-proterra-50-gallon-189l-10-year-4-5kw-hybrid-high-efficiency-tank-electric-water-heater/1001586346
A69: Peak power draw (Kw) | B69: 1.23 | C69: https://www.homedepot.ca/product/rheem-proterra-50-gallon-189l-10-year-4-5kw-hybrid-high-efficiency-tank-electric-water-heater/1001586346 | D69: assumes water is heated with the heat pump only
A70: coincidence factor | B70: 0.15 | C70: NRDC heat pump demand flexibility study https://www.aceee.org/sites/default/files/pdf/conferences/hwf/2018/2a-delforge.pdf
A71: coincidence factor when used with GSHP | B71: 0.075 | C71: EWH coincidence factor multiplied by 0.5 because the GSHP desuperheater provides half of the water heating in winter
A72: EWH | B72: Value | C72: Source
A73: Upfront cost | B73: 2200 | C73: conventional electric tank water heater: $2200 based on 3 quotes
A74: average lifespan (yr) | B74: 15
A75: 15-year annualized cost | B75: =-PMT(B$88,B74,(B73-B65)) -> -159.59228 | C75: annualized incremental cost over a HPWH
A76: Efficiency | B76: 0.91 | C76: conventional electric tank water heater: 0.91 https://www.rheem.com/product/marathon-50-gallon-electric-water-heater-with-limited-lifetime-warranty-msr50245c
A77: Peak power draw (Kw) | B77: 4.5 | C77: https://www.homedepot.ca/product/rheem-proterra-50-gallon-189l-10-year-4-5kw-hybrid-high-efficiency-tank-electric-water-heater/1001586346
A78: coincidence factor | B78: 0.2 | C78: NRDC heat pump demand flexibility study https://www.aceee.org/sites/default/files/pdf/conferences/hwf/2018/2a-delforge.pdf
A79: Other | B79: Value | C79: Source
A80: Electrical panel upgrade for ETS and ASHP | B80: 2000 | C80: estimated average cost of upgrade for ASHP only
A81: 15-year annualized cost | B81: =-PMT(B$88,15,B80,1) -> 205.96849
A82: cost of building envelope upgrades | B82: 10000 | C82: this value needs a reference
A83: 15-year annualized cost of building envelope upgrades | B83: =-PMT(B$88,15,B82) -> 1029.6276 | C83: based on average occupancy of 13 years or so
A84: Average annual heating load (GJ) | B84: 74.6 | C84: Tables 33 and 16 of https://oee.nrcan.gc.ca/corporate/statistics/neud/dpa/menus/trends/comprehensive/trends_res_on.cfm
A85: Average annual cooling load (GJ) | B85: 20.7 | C85: Tables 4 and 27 of https://oee.nrcan.gc.ca/corporate/statistics/neud/dpa/menus/trends/comprehensive/trends_res_on.cfm
A86: Average annual water heating load (GJ) | B86: 10.7 | C86: based on an OEB analysis of gas demand side management options - derived from values in Table 1 on page 31 of https://www.oeb.ca/sites/default/files/OEB-Natural-Gas-DSM-TRM-V5.0-20201112.pdf
A87: GJ/kWh | B87: 0.0036
A88: discount rate | B88: 0.06 | C88: rate used by Dunsky in DER potential study
A89: Housing stock | B89: value | C89: source
A90: Southwestern Ontario occupied single detached, attached and row housing | B90: ='other data'!C10+'other data'!D10+'other data'!E10 -> 2764290 | C90: https://www12.statcan.gc.ca/census-recensement/2021/dp-pd/prof/details/page.cfm?Lang=E&SearchText=Ontario&DGUIDlist=2021A000235&GENDERlist=1,2,3&STATISTIClist=1&HEADERlist=0
A91: Occupied single detached, attached and row housing in Ontario | B91: 3751515 | C91: https://www12.statcan.gc.ca/census-recensement/2021/dp-pd/prof/details/page.cfm?Lang=E&SearchText=Ontario&DGUIDlist=2021A000235&GENDERlist=1,2,3&STATISTIClist=1&HEADERlist=0
A92: stock of single detached in ON | B92: 3214900 | C92: https://oee.nrcan.gc.ca/corporate/statistics/neud/dpa/showTable.cfm?type=CP&sector=res&juris=on&rn=15&page=0
A93: stock of single attached in ON | B93: 919500 | C93: https://oee.nrcan.gc.ca/corporate/statistics/neud/dpa/showTable.cfm?type=CP&sector=res&juris=on&rn=15&page=0
A94: % built before 1984 (detached) | B94: 0.466 | C94: https://oee.nrcan.gc.ca/corporate/statistics/neud/dpa/showTable.cfm?type=CP&sector=res&juris=on&rn=15&page=0
A95: % built before 1984 (attached) | B95: 0.332 | C95: https://oee.nrcan.gc.ca/corporate/statistics/neud/dpa/showTable.cfm?type=CP&sector=res&juris=on&rn=15&page=0
A96: % using electric resistance heat (detached) | B96: 0.2 | C96: https://oee.nrcan.gc.ca/corporate/statistics/neud/dpa/showTable.cfm?type=CP&sector=res&juris=on&rn=23&page=0
A97: % using electric resistance heat (attached) | B97: 0.195 | C97: https://oee.nrcan.gc.ca/corporate/statistics/neud/dpa/showTable.cfm?type=CP&sector=res&juris=on&rn=23&page=0
A99: Housing stock | B99: value | C99: source
A101: sources | B101: https://www12.statcan.gc.ca/census-recensement/2021/dp-pd/prof/details/page.cfm?Lang=E&SearchText=Ontario&DGUIDlist=2021A000235&GENDERlist=1,2,3&STATISTIClist=1&HEADERlist=0
B102: https://oee.nrcan.gc.ca/corporate/statistics/neud/dpa/showTable.cfm?type=CP&sector=res&juris=on&rn=15&page=0
...

Sheet regional outcomes
A2: Single Toronto or Windsor home peak power draw analysis for space heating (kW) | J2: Single Ottawa home peak power draw analysis for space heating (kW) | S2: Single Northern home peak power draw analysis for space heating (kW)
A3: condition | B3: at -10'C | C3: at -13.5'C | D3: at -15'C | E3: at -20'C | F3: at -25'C | G3: at -30'C | J3: condition | K3: at -10'C | L3: at -13.5'C | M3: at -15'C | N3: at -20'C | O3: at -25'C | P3: at -30'C | S3: condition | T3: at -10'C | U3: at -13.5'C | V3: at -15'C | W3: at -20'C | X3: at -25'C | Y3: at -30'C | Z3: at -35
A5: ASHP alone | B5: =ASHPs!E32*ASHPs!AC32*Input!$B45 + 10*ASHPs!AI32*Input!$B45 -> 3.8545798 | C5: =ASHPs!F32*ASHPs!AD32*Input!$B45 + 10*ASHPs!AJ32*Input!$B45 -> 4.5644032 | D5: =ASHPs!G32*ASHPs!AE32*Input!$B45 + 10*ASHPs!AK32*Input!$B45 -> 4.9349406 | E5: =ASHPs!H32*ASHPs!AF32*Input!$B45 + 10*ASHPs!AL32*Input!$B45 -> 6.5902114 | F5: =ASHPs!I32*ASHPs!AG32*Input!$B45 + 10*ASHPs!AM32*Input!$B45 -> 8.9582306 | G5: =ASHPs!J32*ASHPs!AH32*Input!$B45 + 10*ASHPs!AN32*Input!$B45 -> 12.063333 | J5: ASHP alone | K5: =ASHPs!E23*ASHPs!AC23*Input!$B45+10*ASHPs!AI23*Input!$B45 -> 3.7493327 | L5: =ASHPs!F23*ASHPs!AD23*Input!$B45+10*ASHPs!AJ23*Input!$B45 -> 4.3329282 | M5: =ASHPs!G23*ASHPs!AE23*Input!$B45+10*ASHPs!AK23*Input!$B45 -> 4.663016 | N5: =ASHPs!H23*ASHPs!AF23*Input!$B45+10*ASHPs!AL23*Input!$B45 -> 5.9953762 | O5: =ASHPs!I23*ASHPs!AG23*Input!$B45+10*ASHPs!AM23*Input!$B45 -> 8.1335741 | P5: =ASHPs!J23*ASHPs!AH23*Input!$B45+10*ASHPs!AN23*Input!$B45 -> 11.607544 | S5: ASHP alone | T5: =ASHPs!E14*ASHPs!AC14*Input!$B45+15*ASHPs!AI14*Input!$B45 -> 3.7493327 | U5: =ASHPs!F14*ASHPs!AD14*Input!$B45+15*ASHPs!AJ14*Input!$B45 -> 4.3329282 | V5: =ASHPs!G14*ASHPs!AE14*Input!$B45+15*ASHPs!AK14*Input!$B45 -> 4.663016 | W5: =ASHPs!H14*ASHPs!AF14*Input!$B45+15*ASHPs!AL14*Input!$B45 -> 5.9953762 | X5: =ASHPs!I14*ASHPs!AG14*Input!$B45+15*ASHPs!AM14*Input!$B45 -> 8.1335741 | Y5: =ASHPs!J14*ASHPs!AH14*Input!$B45+15*ASHPs!AN14*Input!$B45 -> 11.607544 | Z5: =15 -> 15
A6: ASHP with ETS for peak hours | B6: =Input!$B8*Input!$B12 -> 0.84 | C6: =Input!$B8*Input!$B12 -> 0.84 | D6: =Input!$B8*Input!$B12 -> 0.84 | E6: =Input!$B8*Input!$B12 -> 0.84 | F6: =Input!$B8*Input!$B12 -> 0.84 | G6: =Input!$B8*Input!$B12 -> 0.84 | J6: ASHP with ETS for peak hours | K6: =Input!$B8*Input!$B12 -> 0.84 | L6: =Input!$B8*Input!$B12 -> 0.84 | M6: =Input!$B8*Input!$B12 -> 0.84 | N6: =Input!$B8*Input!$B12 -> 0.84 | O6: =Input!$B8*Input!$B12 -> 0.84 | P6: =Input!$B8*Input!$B12 -> 0.84 | S6: ASHP with ETS for peak hours | T6: =Input!$B8*Input!$B12 -> 0.84 | U6: =Input!$B8*Input!$B12 -> 0.84 | V6: =Input!$B8*Input!$B12 -> 0.84 | W6: =Input!$B8*Input!$B12 -> 0.84 | X6: =Input!$B8*Input!$B12 -> 0.84 | Y6: =Input!$B8*Input!$B12 -> 0.84 | Z6: =Input!$B8*Input!$B12 -> 0.84
A7: ASHP powered with home batteries | B7: =IF((B5-Input!$B24)<0,0,B5-Input!$B24) -> 0 | C7: =IF((C5-Input!$B24)<0,0,C5-Input!$B24) -> 0 | D7: =IF((D5-Input!$B24)<0,0,D5-Input!$B24) -> 0 | E7: =IF((E5-Input!$B24)<0,0,E5-Input!$B24) -> 1.5902114 | F7: =IF((F5-Input!$B24)<0,0,F5-Input!$B24) -> 3.9582306 | G7: =IF((G5-Input!$B24)<0,0,G5-Input!$B24) -> 7.063333 | J7: ASHP powered with home batteries | K7: =MAX(K5-Input!$B24,0) -> 0 | L7: =MAX(L5-Input!$B24,0) -> 0 | M7: =MAX(M5-Input!$B24,0) -> 0 | N7: =MAX(N5-Input!$B24,0) -> 0.99537615 | O7: =MAX(O5-Input!$B24,0) -> 3.1335741 | P7: =MAX(P5-Input!$B24,0) -> 6.6075438 | S7: ASHP powered with home batteries | T7: =MAX(T5-Input!$B24,0) -> 0 | U7: =MAX(U5-Input!$B24,0) -> 0 | V7: =MAX(V5-Input!$B24,0) -> 0 | W7: =MAX(W5-Input!$B24,0) -> 0.99537615 | X7: =MAX(X5-Input!$B24,0) -> 3.1335741 | Y7: =MAX(Y5-Input!$B24,0) -> 6.6075438 | Z7: =MAX(Z5-Input!$B24,0) -> 10
A8: ASHP powered with EV battery | B8: =MAX(B5-Input!$B35,0) -> 0 | C8: =MAX(C5-Input!$B35,0) -> 0 | D8: =MAX(D5-Input!$B35,0) -> 0 | E8: =MAX(E5-Input!$B35,0) -> 0 | F8: =MAX(F5-Input!$B35,0) -> 0 | G8: =MAX(G5-Input!$B35,0) -> 2.463333 | J8: ASHP powered with EV battery | K8: =MAX(K5 -Input!$B35,0) -> 0 | L8: =MAX(L5 -Input!$B35,0) -> 0 | M8: =MAX(M5 -Input!$B35,0) -> 0 | N8: =MAX(N5 -Input!$B35,0) -> 0 | O8: =MAX(O5 -Input!$B35,0) -> 0 | P8: =MAX(P5 -Input!$B35,0) -> 2.0075438 | S8: ASHP powered with EV battery | T8: =MAX(T5-Input!$B35,0) -> 0 | U8: =MAX(U5-Input!$B35,0) -> 0 | V8: =MAX(V5-Input!$B35,0) -> 0 | W8: =MAX(W5-Input!$B35,0) -> 0 | X8: =MAX(X5-Input!$B35,0) -> 0 | Y8: =MAX(Y5-Input!$B35,0) -> 2.0075438 | Z8: =MAX(Z5-Input!$B35,0) -> 5.4
A9: ASHP after retrofits | B9: =ASHPs!E69*ASHPs!AC69*Input!$B45 + 10*ASHPs!AI69*Input!$B45 -> 3.1536687 | C9: =ASHPs!F69*ASHPs!AD69*Input!$B45 + 10*ASHPs!AJ69*Input!$B45 -> 3.6491686 | D9: =ASHPs!G69*ASHPs!AE69*Input!$B45 + 10*ASHPs!AK69*Input!$B45 -> 4.0023997 | E9: =ASHPs!H69*ASHPs!AF69*Input!$B45 + 10*ASHPs!AL69*Input!$B45 -> 5.5978571 | F9: =ASHPs!I69*ASHPs!AG69*Input!$B45 + 10*ASHPs!AM69*Input!$B45 -> 7.4008909 | G9: =ASHPs!J69*ASHPs!AH69*Input!$B45 + 10*ASHPs!AN69*Input!$B45 -> 9.9698664 | J9: ASHP after retrofits | K9: =ASHPs!E61*ASHPs!AC61*Input!$B45 +10*ASHPs!AI61*Input!$B45 -> 3.2258696 | L9: =ASHPs!F61*ASHPs!AD61*Input!$B45 +10*ASHPs!AJ61*Input!$B45 -> 3.8181449 | M9: =ASHPs!G61*ASHPs!AE61*Input!$B45 +10*ASHPs!AK61*Input!$B45 -> 4.1274027 | N9: =ASHPs!H61*ASHPs!AF61*Input!$B45 +10*ASHPs!AL61*Input!$B45 -> 5.4102313 | O9: =ASHPs!I61*ASHPs!AG61*Input!$B45 +10*ASHPs!AM61*Input!$B45 -> 7.0023724 | P9: =ASHPs!J61*ASHPs!AH61*Input!$B45 +10*ASHPs!AN61*Input!$B45 -> 9.8420706 | S9: ASHP after retrofits | T9: =ASHPs!E52*ASHPs!AC52*Input!$B45+15*ASHPs!AI52*Input!$B45 -> 3.1377891 | U9: =ASHPs!F52*ASHPs!AD52*Input!$B45+15*ASHPs!AJ52*Input!$B45 -> 3.6245149 | V9: =ASHPs!G52*ASHPs!AE52*Input!$B45+15*ASHPs!AK52*Input!$B45 -> 3.899975 | W9: =ASHPs!H52*ASHPs!AF52*Input!$B45+15*ASHPs!AL52*Input!$B45 -> 5.0119596 | X9: =ASHPs!I52*ASHPs!AG52*Input!$B45+15*ASHPs!AM52*Input!$B45 -> 6.5572562 | Y9: =ASHPs!J52*ASHPs!AH52*Input!$B45+15*ASHPs!AN52*Input!$B45 -> 10.666122 | Z9: 15
A10: GSHP alone | B10: =GSHPs!E10*Input!$B54+GSHPs!S10/3412*Input!$B54 -> 1.6653061 | C10: =GSHPs!F10*Input!$B54+GSHPs!T10/3412*Input!$B54 -> 1.8427673 | D10: =GSHPs!G10*Input!$B54+GSHPs!U10/3412*Input!$B54 -> 2.0108696 | E10: =GSHPs!H10*Input!$B54+GSHPs!V10/3412*Input!$B54 -> 2.2848272 | F10: =GSHPs!I10*Input!$B54+GSHPs!W10/3412*Input!$B54 -> 3.8064495 | G10: =GSHPs!J10*Input!$B54+GSHPs!X10/3412*Input!$B54 -> 4.8614052 | J10: GSHP alone | K10: =GSHPs!E16*Input!$B54+GSHPs!S16/3412*Input!$B54 -> 1.7941176 | L10: =GSHPs!F16*Input!$B54+GSHPs!T16/3412*Input!$B54 -> 1.9672727 | M10: =GSHPs!G16*Input!$B54+GSHPs!U16/3412*Input!$B54 -> 2.1415094 | N10: =GSHPs!H16*Input!$B54+GSHPs!V16/3412*Input!$B54 -> 2.32 | O10: =GSHPs!I16*Input!$B54+GSHPs!W16/3412*Input!$B54 -> 2.75 | P10: =GSHPs!J16*Input!$B54+GSHPs!X16/3412*Input!$B54 -> 3.25 | S10: GSHP alone | T10: =GSHPs!E22*Input!$B54+GSHPs!S22/3412*Input!$B54 -> 1.9101449 | U10: =GSHPs!F22*Input!$B54+GSHPs!T22/3412*Input!$B54 -> 2.0892308 | V10: =GSHPs!G22*Input!$B54+GSHPs!U22/3412*Input!$B54 -> 2.2649254 | W10: =GSHPs!H22*Input!$B54+GSHPs!V22/3412*Input!$B54 -> 2.4596774 | X10: =GSHPs!I22*Input!$B54+GSHPs!W22/3412*Input!$B54 -> 2.8880597 | Y10: =GSHPs!J22*Input!$B54+GSHPs!X22/3412*Input!$B54 -> 3.3076923 | Z10: =GSHPs!K22*Input!$B54+GSHPs!Y22/3412*Input!$B54 -> 4.2326954
A11: improved ASHP model | B11: =MIN(ASHPs!E26:E30)*ASHPs!AC32*Input!$B45 + 10*ASHPs!AI32*Input!$B45 -> 3.3637872 | C11: =MIN(ASHPs!F26:F30)*ASHPs!AD32*Input!$B45 + 10*ASHPs!AJ32*Input!$B45 -> 4.3122996 | D11: =MIN(ASHPs!G26:G30)*ASHPs!AE32*Input!$B45 + 10*ASHPs!AK32*Input!$B45 -> 4.6250245 | E11: =MIN(ASHPs!H26:H30)*ASHPs!AF32*Input!$B45 + 10*ASHPs!AL32*Input!$B45 -> 5.9852282 | F11: =MIN(ASHPs!I26:I30)*ASHPs!AG32*Input!$B45 + 10*ASHPs!AM32*Input!$B45 -> 8.5372306 | G11: =MIN(ASHPs!J26:J30)*ASHPs!AH32*Input!$B45 + 10*ASHPs!AN32*Input!$B45 -> 11.643933 | J11: improved ASHP model | K11: =MIN(ASHPs!E17:E21)*ASHPs!AC23*Input!$B45 -> 3.4311157 | L11: =MIN(ASHPs!F17:F21)*ASHPs!AD23*Input!$B45 -> 4.000109 | M11: =MIN(ASHPs!G17:G21)*ASHPs!AE23*Input!$B45 -> 4.3058775 | N11: =MIN(ASHPs!H17:H21)*ASHPs!AF23*Input!$B45 -> 5.2884901 | O11: =MIN(ASHPs!I17:I21)*ASHPs!AG23*Input!$B45 -> 6.29 | P11: =MIN(ASHPs!J17:J21)*ASHPs!AH23*Input!$B45 -> 6.346 | S11: improved ASHP model | T11: =MIN(ASHPs!E8:E12)*ASHPs!AC14*Input!$B45 -> 3.4311157 | U11: =MIN(ASHPs!F8:F12)*ASHPs!AD14*Input!$B45 -> 4.000109 | V11: =MIN(ASHPs!G8:G12)*ASHPs!AE14*Input!$B45 -> 4.3058775 | W11: =MIN(ASHPs!H8:H12)*ASHPs!AF14*Input!$B45 -> 5.2884901 | X11: =MIN(ASHPs!I8:I12)*ASHPs!AG14*Input!$B45 -> 6.29 | Y11: =MIN(ASHPs!J8:J12)*ASHPs!AH14*Input!$B45 -> 6.346 | Z11: 15
A12: Fossil gas heated home | B12: =Input!$B60*Input!$B62 -> 0.672 | C12: =Input!$B60*Input!$B62 -> 0.672 | D12: =Input!$B60*Input!$B62 -> 0.672 | E12: =Input!$B60*Input!$B62 -> 0.672 | F12: =Input!$B60*Input!$B62 -> 0.672 | G12: =Input!$B60*Input!$B62 -> 0.672 | J12: fossil gas heated home | K12: =Input!$B60*Input!$B62 -> 0.672 | L12: =Input!$B60*Input!$B62 -> 0.672 | M12: =Input!$B60*Input!$B62 -> 0.672 | N12: =Input!$B60*Input!$B62 -> 0.672 | O12: =Input!$B60*Input!$B62 -> 0.672 | P12: =Input!$B60*Input!$B62 -> 0.672 | S12: fossil gas heated home | T12: =Input!$B60*Input!$B62 -> 0.672 | U12: =Input!$B60*Input!$B62 -> 0.672 | V12: =Input!$B60*Input!$B62 -> 0.672 | W12: =Input!$B60*Input!$B62 -> 0.672 | X12: =Input!$B60*Input!$B62 -> 0.672 | Y12: =Input!$B60*Input!$B62 -> 0.672 | Z12: =Input!$B60*Input!$B62 -> 0.672
A13: electric resistance space heating | B13: =ASHPs!I82*Input!$B58 -> 7.1496656 | C13: =ASHPs!J82*Input!$B58 -> 8.0242877 | D13: =ASHPs!K82*Input!$B58 -> 8.3991257 | E13: =ASHPs!L82*Input!$B58 -> 9.6485858 | F13: =ASHPs!M82*Input!$B58 -> 10.898046 | G13: =ASHPs!N82*Input!$B58 -> 12.147506 | J13: electrically heated home | K13: =ASHPs!I82*Input!$B58 -> 7.1496656 | L13: =ASHPs!J82*Input!$B58 -> 8.0242877 | M13: =ASHPs!K82*Input!$B58 -> 8.3991257 | N13: =ASHPs!L82*Input!$B58 -> 9.6485858 | O13: =ASHPs!M82*Input!$B58 -> 10.898046 | P13: =ASHPs!N82*Input!$B58 -> 12.147506 | S13: electrically heated home | T13: =ASHPs!I82*Input!$B58 -> 7.1496656 | U13: =ASHPs!J82*Input!$B58 -> 8.0242877 | V13: =ASHPs!K82*Input!$B58 -> 8.3991257 | W13: =ASHPs!L82*Input!$B58 -> 9.6485858 | X13: =ASHPs!M82*Input!$B58 -> 10.898046 | Y13: =ASHPs!N82*Input!$B58 -> 12.147506 | Z13: =ASHPs!O82*Input!$B58 -> 13.396966
A15: Single Toronto or Windsor home peak power draw analysis for space and water heating (kW) | J15: Single Ottawa home peak power draw analysis for space and water heating (kW) | S15: Single Northern home peak power draw analysis for space and water heating (kW)
A16: condition | B16: at -10'C | C16: at -13.5'C | D16: at -15'C | E16: at -20'C | F16: at -25'C | G16: at -30'C | J16: condition | K16: at -10'C | L16: at -13.5'C | M16: at -15'C | N16: at -20'C | O16: at -25'C | P16: at -30'C | S16: condition | T16: at -10'C | U16: at -13.5'C | V16: at -15'C | W16: at -20'C | X16: at -25'C | Y16: at -30'C | Z16: at -35'C
A18: ASHP +HPWH | B18: =B5+Input!$B69*Input!$B70 -> 4.0390798 | C18: =C5+Input!$B69*Input!$B70 -> 4.7489032 | D18: =D5+Input!$B69*Input!$B70 -> 5.1194406 | E18: =E5+Input!$B69*Input!$B70 -> 6.7747114 | F18: =F5+Input!$B69*Input!$B70 -> 9.1427306 | G18: =G5+Input!$B69*Input!$B70 -> 12.247833 | J18: ASHP +HPWH | K18: =K5+Input!$B69*Input!$B70 -> 3.9338327 | L18: =L5+Input!$B69*Input!$B70 -> 4.5174282 | M18: =M5+Input!$B69*Input!$B70 -> 4.847516 | N18: =N5+Input!$B69*Input!$B70 -> 6.1798762 | O18: =O5+Input!$B69*Input!$B70 -> 8.3180741 | P18: =P5+Input!$B69*Input!$B70 -> 11.792044 | S18: ASHP +HPWH | T18: =T5+Input!$B69*Input!$B70 -> 3.9338327 | U18: =U5+Input!$B69*Input!$B70 -> 4.5174282 | V18: =V5+Input!$B69*Input!$B70 -> 4.847516 | W18: =W5+Input!$B69*Input!$B70 -> 6.1798762 | X18: =X5+Input!$B69*Input!$B70 -> 8.3180741 | Y18: =Y5+Input!$B69*Input!$B70 -> 11.792044 | Z18: =Z5+Input!$B69*Input!$B70 -> 15.1845
A19: ASHP with ETS for peak hours + HPWH | B19: =B6+Input!$B69*Input!$B70 -> 1.0245 | C19: =C6+Input!$B69*Input!$B70 -> 1.0245 | D19: =D6+Input!$B69*Input!$B70 -> 1.0245 | E19: =E6+Input!$B69*Input!$B70 -> 1.0245 | F19: =F6+Input!$B69*Input!$B70 -> 1.0245 | G19: =G6+Input!$B69*Input!$B70 -> 1.0245 | J19: ASHP with ETS for peak hours + HPWH | K19: =K6+Input!$B69*Input!$B70 -> 1.0245 | L19: =L6+Input!$B69*Input!$B70 -> 1.0245 | M19: =M6+Input!$B69*Input!$B70 -> 1.0245 | N19: =N6+Input!$B69*Input!$B70 -> 1.0245 | O19: =O6+Input!$B69*Input!$B70 -> 1.0245 | P19: =P6+Input!$B69*Input!$B70 -> 1.0245 | S19: ASHP with ETS for peak hours + HPWH | T19: =T6+Input!$B69*Input!$B70 -> 1.0245 | U19: =U6+Input!$B69*Input!$B70 -> 1.0245 | V19: =V6+Input!$B69*Input!$B70 -> 1.0245 | W19: =W6+Input!$B69*Input!$B70 -> 1.0245 | X19: =X6+Input!$B69*Input!$B70 -> 1.0245 | Y19: =Y6+Input!$B69*Input!$B70 -> 1.0245 | Z19: =Z6+Input!$B69*Input!$B70 -> 1.0245
A20: ASHP/HPWH powered with home batteries | B20: =MAX((B5 + Input!$B69*Input!$B70 -Input!$B24),0) -> 0 | C20: =MAX((C5 + Input!$B69*Input!$B70 -Input!$B24),0) -> 0 | D20: =MAX((D5 + Input!$B69*Input!$B70 -Input!$B24),0) -> 0.11944064 | E20: =MAX((E5 + Input!$B69*Input!$B70 -Input!$B24),0) -> 1.7747114 | F20: =MAX((F5 + Input!$B69*Input!$B70 -Input!$B24),0) -> 4.1427306 | G20: =MAX((G5 + Input!$B69*Input!$B70 -Input!$B24),0) -> 7.247833 | J20: ASHP/HPWH powered with home batteries | K20: =MAX((K5 + Input!$B69*Input!$B70 -Input!$B24),0) -> 0 | L20: =MAX((L5 + Input!$B69*Input!$B70 -Input!$B24),0) -> 0 | M20: =MAX((M5 + Input!$B69*Input!$B70 -Input!$B24),0) -> 0 | N20: =MAX((N5 + Input!$B69*Input!$B70 -Input!$B24),0) -> 1.1798762 | O20: =MAX((O5 + Input!$B69*Input!$B70 -Input!$B24),0) -> 3.3180741 | P20: =MAX((P5 + Input!$B69*Input!$B70 -Input!$B24),0) -> 6.7920438 | S20: ASHP/HPWH powered with home batteries | T20: =MAX((T5 + Input!$B69*Input!$B70 -Input!$B24),0) -> 0 | U20: =MAX((U5 + Input!$B69*Input!$B70 -Input!$B24),0) -> 0 | V20: =MAX((V5 + Input!$B69*Input!$B70 -Input!$B24),0) -> 0 | W20: =MAX((W5 + Input!$B69*Input!$B70 -Input!$B24),0) -> 1.1798762 | X20: =MAX((X5 + Input!$B69*Input!$B70 -Input!$B24),0) -> 3.3180741 | Y20: =MAX((Y5 + Input!$B69*Input!$B70 -Input!$B24),0) -> 6.7920438 | Z20: =MAX((Z5 + Input!$B69*Input!$B70 -Input!$B24),0) -> 10.1845
A21: ASHP/HPWH powered with EV battery | B21: =MAX((B5 + Input!$B69*Input!$B70 -Input!$B35),0) -> 0 | C21: =MAX((C5 + Input!$B69*Input!$B70 -Input!$B35),0) -> 0 | D21: =MAX((D5 + Input!$B69*Input!$B70 -Input!$B35),0) -> 0 | E21: =MAX((E5 + Input!$B69*Input!$B70 -Input!$B35),0) -> 0 | F21: =MAX((F5 + Input!$B69*Input!$B70 -Input!$B35),0) -> 0 | G21: =MAX((G5 + Input!$B69*Input!$B70 -Input!$B35),0) -> 2.647833 | J21: ASHP/HPWH powered with EV battery | K21: =MAX((K5 + Input!$B69*Input!$B70 -Input!$B35),0) -> 0 | L21: =MAX((L5 + Input!$B69*Input!$B70 -Input!$B35),0) -> 0 | M21: =MAX((M5 + Input!$B69*Input!$B70 -Input!$B35),0) -> 0 | N21: =MAX((N5 + Input!$B69*Input!$B70 -Input!$B35),0) -> 0 | O21: =MAX((O5 + Input!$B69*Input!$B70 -Input!$B35),0) -> 0 | P21: =MAX((P5 + Input!$B69*Input!$B70 -Input!$B35),0) -> 2.1920438 | S21: ASHP/HPWH powered with EV battery | T21: =MAX((T5 + Input!$B69*Input!$B70 -Input!$B35),0) -> 0 | U21: =MAX((U5 + Input!$B69*Input!$B70 -Input!$B35),0) -> 0 | V21: =MAX((V5 + Input!$B69*Input!$B70 -Input!$B35),0) -> 0 | W21: =MAX((W5 + Input!$B69*Input!$B70 -Input!$B35),0) -> 0 | X21: =MAX((X5 + Input!$B69*Input!$B70 -Input!$B35),0) -> 0 | Y21: =MAX((Y5 + Input!$B69*Input!$B70 -Input!$B35),0) -> 2.1920438 | Z21: =MAX((Z5 + Input!$B69*Input!$B70 -Input!$B35),0) -> 5.5845
A22: GSHP/HPWH | B22: =B10+Input!$B69*Input!$B71 -> 1.7575561 | C22: =C10+Input!$B69*Input!$B71 -> 1.9350173 | D22: =D10+Input!$B69*Input!$B71 -> 2.1031196 | E22: =E10+Input!$B69*Input!$B71 -> 2.3770772 | F22: =F10+Input!$B69*Input!$B71 -> 3.8986995 | G22: =G10+Input!$B69*Input!$B71 -> 4.9536552 | J22: GSHP/HPWH | K22: =K10+Input!$B69*Input!$B71 -> 1.8863676 | L22: =L10+Input!$B69*Input!$B71 -> 2.0595227 | M22: =M10+Input!$B69*Input!$B71 -> 2.2337594 | N22: =N10+Input!$B69*Input!$B71 -> 2.41225 | O22: =O10+Input!$B69*Input!$B71 -> 2.84225 | P22: =P10+Input!$B69*Input!$B71 -> 3.34225 | S22: GSHP/HPWH | T22: =T10+Input!$B69*Input!$B71 -> 2.0023949 | U22: =U10+Input!$B69*Input!$B71 -> 2.1814808 | V22: =V10+Input!$B69*Input!$B71 -> 2.3571754 | W22: =W10+Input!$B69*Input!$B71 -> 2.5519274 | X22: =X10+Input!$B69*Input!$B71 -> 2.9803097 | Y22: =Y10+Input!$B69*Input!$B71 -> 3.3999423 | Z22: =Z10+Input!$B69*Input!$B71 -> 4.3249454
A23: Fossil gas space and water heating | B23: =B12 -> 0.672 | C23: =C12 -> 0.672 | D23: =D12 -> 0.672 | E23: =E12 -> 0.672 | F23: =F12 -> 0.672 | G23: =G12 -> 0.672 | J23: fossil gas space and water heaters | K23: =K12 -> 0.672 | L23: =L12 -> 0.672 | M23: =M12 -> 0.672 | N23: =N12 -> 0.672 | O23: =O12 -> 0.672 | P23: =P12 -> 0.672 | S23: fossil gas space and water heaters | T23: =T12 -> 0.672 | U23: =U12 -> 0.672 | V23: =V12 -> 0.672 | W23: =W12 -> 0.672 | X23: =X12 -> 0.672 | Y23: =Y12 -> 0.672 | Z23: =Z12 -> 0.672
A24: Electric resistance space and water heating | B24: =B13+Input!$B77*Input!$B78 -> 8.0496656 | C24: =C13+Input!$B77*Input!$B78 -> 8.9242877 | D24: =D13+Input!$B77*Input!$B78 -> 9.2991257 | E24: =E13+Input!$B77*Input!$B78 -> 10.548586 | F24: =F13+Input!$B77*Input!$B78 -> 11.798046 | G24: =G13+Input!$B77*Input!$B78 -> 13.047506 | J24: electric resistance space and water heating | K24: =K13+Input!$B77*Input!$B78 -> 8.0496656 | L24: =L13+Input!$B77*Input!$B78 -> 8.9242877 | M24: =M13+Input!$B77*Input!$B78 -> 9.2991257 | N24: =N13+Input!$B77*Input!$B78 -> 10.548586 | O24: =O13+Input!$B77*Input!$B78 -> 11.798046 | P24: =P13+Input!$B77*Input!$B78 -> 13.047506 | S24: electric resistance space and water heating | T24: =T13+Input!$B77*Input!$B78 -> 8.0496656 | U24: =U13+Input!$B77*Input!$B78 -> 8.9242877 | V24: =V13+Input!$B77*Input!$B78 -> 9.2991257 | W24: =W13+Input!$B77*Input!$B78 -> 10.548586 | X24: =X13+Input!$B77*Input!$B78 -> 11.798046 | Y24: =Y13+Input!$B77*Input!$B78 -> 13.047506 | Z24: =Z13+Input!$B77*Input!$B78 -> 14.296966
A26: Toronto and Windsor area homes increased peak power draw analysis for space and water heating (GW) | J26: Ottawa area homes increased peak power draw analysis for space and water heating (GW) | S26: Northern area homes peak power draw analysis for space and water heating (GW)
A27: These values show the increase in peak power draw when homes currently heated with fossil gas and electric resistance heaters shift to heat pumps
A28: condition | B28: % adoption | C28: at -10'C | D28: at -13.5'C | E28: at -15'C | F28: at -20'C | G28: at -25'C | H28: at -30'C | J28: condition | K28: % adoption | L28: at -10'C | M28: at -13.5'C | N28: at -15'C | O28: at -20'C | P28: at -25'C | Q28: at -30'C | S28: condition | T28: % adoption | U28: at -10'C | V28: at -13.5'C | W28: at -15'C | X28: at -20'C | Y28: at -25'C | Z28: at -30'C | AA28: at -35'C
A30: ASHP +HPWH | B30: ='full adoption'!B33 -> 1 | C30: =$B30*(('regional outcomes'!B18-B23)*(Input!$C106+Input!$D106)*(1-Input!$B$107-Input!$B$108)+('regional outcomes'!B18-'regional outcomes'!B24)*(Input!$C106+Input!$D106)*Input!$B$107)/1000000 -> 5.6920786 | D30: =$B30*(('regional outcomes'!C18-C23)*(Input!$C106+Input!$D106)*(1-Input!$B$107-Input!$B$108)+('regional outcomes'!C18-'regional outcomes'!C24)*(Input!$C106+Input!$D106)*Input!$B$107)/1000000 -> 7.1889549 | E30: =$B30*(('regional outcomes'!D18-D23)*(Input!$C106+Input!$D106)*(1-Input!$B$107-Input!$B$108)+('regional outcomes'!D18-'regional outcomes'!D24)*(Input!$C106+Input!$D106)*Input!$B$107)/1000000 -> 8.0059935 | F30: =$B30*(('regional outcomes'!E18-E23)*(Input!$C106+Input!$D106)*(1-Input!$B$107-Input!$B$108)+('regional outcomes'!E18-'regional outcomes'!E24)*(Input!$C106+Input!$D106)*Input!$B$107)/1000000 -> 11.841276 | G30: =$B30*(('regional outcomes'!F18-F23)*(Input!$C106+Input!$D106)*(1-Input!$B$107-Input!$B$108)+('regional outcomes'!F18-'regional outcomes'!F24)*(Input!$C106+Input!$D106)*Input!$B$107)/1000000 -> 17.562683 | H30: =$B30*(('regional outcomes'!G18-G23)*(Input!$C106+Input!$D106)*(1-Input!$B$107-Input!$B$108)+('regional outcomes'!G18-'regional outcomes'!G24)*(Input!$C106+Input!$D106)*Input!$B$107)/1000000 -> 25.234613 | J30: ASHP +HPWH | K30: ='full adoption'!B33 -> 1 | L30: =$K30*((K18-K23)*(Input!$E106)*(1-Input!$C108-Input!$C107)+(K18-K24)*(Input!$E106)*Input!$C107)/1000000 -> 1.0717148 | M30: =$K30*((L18-L23)*(Input!$E106)*(1-Input!$C108-Input!$C107)+(L18-L24)*(Input!$E106)*Input!$C107)/1000000 -> 1.3019209 | N30: =$K30*((M18-M23)*(Input!$E106)*(1-Input!$C108-Input!$C107)+(M18-M24)*(Input!$E106)*Input!$C107)/1000000 -> 1.4424781 | O30: =$K30*((N18-N23)*(Input!$E106)*(1-Input!$C108-Input!$C107)+(N18-N24)*(Input!$E106)*Input!$C107)/1000000 -> 2.0325768 | P30: =$K30*((O18-O23)*(Input!$E106)*(1-Input!$C108-Input!$C107)+(O18-O24)*(Input!$E106)*Input!$C107)/1000000 -> 3.0448363 | Q30: =$K30*((P18-P23)*(Input!$E106)*(1-Input!$C108-Input!$C107)+(P18-P24)*(Input!$E106)*Input!$C107)/1000000 -> 4.7568769 | S30: ASHP +HPWH | T30: ='full adoption'!B33 -> 1 | U30: =$K30*((T18-T23)*(Input!$F106+Input!$G106)*(1-Input!$B107-Input!$B$108)+(T18-T24)*(Input!$F106+Input!$G106)*Input!$C107)/1000000 -> 0.49859713 | V30: =$K30*((U18-U23)*(Input!$F106+Input!$G106)*(1-Input!$B107-Input!$B$108)+(U18-U24)*(Input!$F106+Input!$G106)*Input!$C107)/1000000 -> 0.6056966 | W30: =$K30*((V18-V23)*(Input!$F106+Input!$G106)*(1-Input!$B107-Input!$B$108)+(V18-V24)*(Input!$F106+Input!$G106)*Input!$C107)/1000000 -> 0.67108843 | X30: =$K30*((W18-W23)*(Input!$F106+Input!$G106)*(1-Input!$B107-Input!$B$108)+(W18-W24)*(Input!$F106+Input!$G106)*Input!$C107)/1000000 -> 0.94562187 | Y30: =$K30*((X18-X23)*(Input!$F106+Input!$G106)*(1-Input!$B107-Input!$B$108)+(X18-X24)*(Input!$F106+Input!$G106)*Input!$C107)/1000000 -> 1.4165584 | Z30: =$K30*((Y18-Y23)*(Input!$F106+Input!$G106)*(1-Input!$B107-Input!$B$108)+(Y18-Y24)*(Input!$F106+Input!$G106)*Input!$C107)/1000000 -> 2.2130562 | AA30: =$K30*((Z18-Z23)*(Input!$F106+Input!$G106)*(1-Input!$B107-Input!$B$108)+(Z18-Z24)*(Input!$F106+Input!$G106)*Input!$C107)/1000000 -> 2.9896872
A31: ASHP with ETS for peak hours + HPWH | B31: ='full adoption'!B34 -> 0.24 | C31: =(1-$B31)*C$30+('regional outcomes'!$B31*(('regional outcomes'!B19-B$23)*(1-Input!$B$107-Input!$B$108)+Input!$B$107*('regional outcomes'!B19-'regional outcomes'!B$24))*(Input!$C$106+Input!$D$106))/1000000 -> 3.7775039 | D31: =(1-$B31)*D$30+('regional outcomes'!$B31*(('regional outcomes'!C19-C$23)*(1-Input!$B$107-Input!$B$108)+Input!$B$107*('regional outcomes'!C19-'regional outcomes'!C$24))*(Input!$C$106+Input!$D$106))/1000000 -> 4.8235677 | E31: =(1-$B31)*E$30+('regional outcomes'!$B31*(('regional outcomes'!D19-D$23)*(1-Input!$B$107-Input!$B$108)+Input!$B$107*('regional outcomes'!D19-'regional outcomes'!D$24))*(Input!$C$106+Input!$D$106))/1000000 -> 5.4052761 | F31: =(1-$B31)*F$30+('regional outcomes'!$B31*(('regional outcomes'!E19-E$23)*(1-Input!$B$107-Input!$B$108)+Input!$B$107*('regional outcomes'!E19-'regional outcomes'!E$24))*(Input!$C$106+Input!$D$106))/1000000 -> 8.1892876 | G31: =(1-$B31)*G$30+('regional outcomes'!$B31*(('regional outcomes'!F19-F$23)*(1-Input!$B$107-Input!$B$108)+Input!$B$107*('regional outcomes'!F19-'regional outcomes'!F$24))*(Input!$C$106+Input!$D$106))/1000000 -> 12.406754 | H31: =(1-$B31)*H$30+('regional outcomes'!$B31*(('regional outcomes'!G19-G$23)*(1-Input!$B$107-Input!$B$108)+Input!$B$107*('regional outcomes'!G19-'regional outcomes'!G$24))*(Input!$C$106+Input!$D$106))/1000000 -> 18.106618 | J31: ASHP with ETS for peak hours + HPWH | K31: ='full adoption'!B34 -> 0.24 | L31: =(1-$K31)*L$30+($K31*(K19-K$23)*(1-Input!$B$107-Input!$B$108)+Input!$B$107*(K19-K$24))*(Input!$E$106)/1000000 -> 0.2448702 | M31: =(1-$K31)*M$30+($K31*(L19-L$23)*(1-Input!$B$107-Input!$B$108)+Input!$B$107*(L19-L$24))*(Input!$E$106)/1000000 -> 0.34430014 | N31: =(1-$K31)*N$30+($K31*(M19-M$23)*(1-Input!$B$107-Input!$B$108)+Input!$B$107*(M19-M$24))*(Input!$E$106)/1000000 -> 0.418755 | O31: =(1-$K31)*O$30+($K31*(N19-N$23)*(1-Input!$B$107-Input!$B$108)+Input!$B$107*(N19-N$24))*(Input!$E$106)/1000000 -> 0.75933482 | P31: =(1-$K31)*P$30+($K31*(O19-O$23)*(1-Input!$B$107-Input!$B$108)+Input!$B$107*(O19-O$24))*(Input!$E$106)/1000000 -> 1.4207567 | Q31: =(1-$K31)*Q$30+($K31*(P19-P$23)*(1-Input!$B$107-Input!$B$108)+Input!$B$107*(P19-P$24))*(Input!$E$106)/1000000 -> 2.6140124 | S31: ASHP with ETS for peak hours + HPWH | T31: ='full adoption'!B34 -> 0.24 | U31: =(1-$T31)*U$30+($T31*(T19-T$23)*(1-Input!$B$107-Input!$B$108)+Input!$B$107*(T19-T$24))*(Input!$F$106+Input!$G$106)/1000000 -> 0.1139217 | V31: =(1-$T31)*V$30+($T31*(U19-U$23)*(1-Input!$B$107-Input!$B$108)+Input!$B$107*(U19-U$24))*(Input!$F$106+Input!$G$106)/1000000 -> 0.1601798 | W31: =(1-$T31)*W$30+($T31*(V19-V$23)*(1-Input!$B$107-Input!$B$108)+Input!$B$107*(V19-V$24))*(Input!$F$106+Input!$G$106)/1000000 -> 0.19481866 | X31: =(1-$T31)*X$30+($T31*(W19-W$23)*(1-Input!$B$107-Input!$B$108)+Input!$B$107*(W19-W$24))*(Input!$F$106+Input!$G$106)/1000000 -> 0.35326763 | Y31: =(1-$T31)*Y$30+($T31*(X19-X$23)*(1-Input!$B$107-Input!$B$108)+Input!$B$107*(X19-X$24))*(Input!$F$106+Input!$G$106)/1000000 -> 0.66098295 | Z31: =(1-$T31)*Z$30+($T31*(Y19-Y$23)*(1-Input!$B$107-Input!$B$108)+Input!$B$107*(Y19-Y$24))*(Input!$F$106+Input!$G$106)/1000000 -> 1.2161249 | AA31: =(1-$T31)*AA$30+($T31*(Z19-Z$23)*(1-Input!$B$107-Input!$B$108)+Input!$B$107*(Z19-Z$24))*(Input!$F$106+Input!$G$106)/1000000 -> 1.756168
A32: ASHP/HPWH powered with home batteries | B32: ='full adoption'!B35 -> 0.27 | C32: =(1-$B32)*C$30+('regional outcomes'!$B32*(('regional outcomes'!B20-B$23)*(1-Input!$B$107-Input!$B$108)+Input!$B$107*('regional outcomes'!B20-'regional outcomes'!B$24))*(Input!$C$106+Input!$D$106))/1000000 -> 2.8061838 | D32: =(1-$B32)*D$30+('regional outcomes'!$B32*(('regional outcomes'!C20-C$23)*(1-Input!$B$107-Input!$B$108)+Input!$B$107*('regional outcomes'!C20-'regional outcomes'!C$24))*(Input!$C$106+Input!$D$106))/1000000 -> 3.7958961 | E32: =(1-$B32)*E$30+('regional outcomes'!$B32*(('regional outcomes'!D20-D$23)*(1-Input!$B$107-Input!$B$108)+Input!$B$107*('regional outcomes'!D20-'regional outcomes'!D$24))*(Input!$C$106+Input!$D$106))/1000000 -> 4.4335278 | F32: =(1-$B32)*F$30+('regional outcomes'!$B32*(('regional outcomes'!E20-E$23)*(1-Input!$B$107-Input!$B$108)+Input!$B$107*('regional outcomes'!E20-'regional outcomes'!E$24))*(Input!$C$106+Input!$D$106))/1000000 -> 8.26881 | G32: =(1-$B32)*G$30+('regional outcomes'!$B32*(('regional outcomes'!F20-F$23)*(1-Input!$B$107-Input!$B$108)+Input!$B$107*('regional outcomes'!F20-'regional outcomes'!F$24))*(Input!$C$106+Input!$D$106))/1000000 -> 13.990218 | H32: =(1-$B32)*H$30+('regional outcomes'!$B32*(('regional outcomes'!G20-G$23)*(1-Input!$B$107-Input!$B$108)+Input!$B$107*('regional outcomes'!G20-'regional outcomes'!G$24))*(Input!$C$106+Input!$D$106))/1000000 -> 21.662147 | J32: ASHP/HPWH powered with home batteries | K32: ='full adoption'!B35 -> 0.27 | L32: =(1-$K32)*L$30+($K32*(K20-K$23)*(1-Input!$B$107-Input!$B$108)+Input!$B$107*(K20-K$24))*(Input!$E$106)/1000000 -> 0.0078505982 | M32: =(1-$K32)*M$30+($K32*(L20-L$23)*(1-Input!$B$107-Input!$B$108)+Input!$B$107*(L20-L$24))*(Input!$E$106)/1000000 -> 0.10037436 | N32: =(1-$K32)*N$30+($K32*(M20-M$23)*(1-Input!$B$107-Input!$B$108)+Input!$B$107*(M20-M$24))*(Input!$E$106)/1000000 -> 0.17061251 | O32: =(1-$K32)*O$30+($K32*(N20-N$23)*(1-Input!$B$107-Input!$B$108)+Input!$B$107*(N20-N$24))*(Input!$E$106)/1000000 -> 0.73475644 | P32: =(1-$K32)*P$30+($K32*(O20-O$23)*(1-Input!$B$107-Input!$B$108)+Input!$B$107*(O20-O$24))*(Input!$E$106)/1000000 -> 1.8030402 | Q32: =(1-$K32)*Q$30+($K32*(P20-P$23)*(1-Input!$B$107-Input!$B$108)+Input!$B$107*(P20-P$24))*(Input!$E$106)/1000000 -> 3.6553096 | S32: ASHP/HPWH powered with home batteries | T32: ='full adoption'!B35 -> 0.27 | U32: =(1-$T32)*U$30+($T32*(T20-T$23)*(1-Input!$B$107-Input!$B$108)+Input!$B$107*(T20-T$24))*(Input!$F$106+Input!$G$106)/1000000 -> 0.0036523575 | V32: =(1-$T32)*V$30+($T32*(U20-U$23)*(1-Input!$B$107-Input!$B$108)+Input!$B$107*(U20-U$24))*(Input!$F$106+Input!$G$106)/1000000 -> 0.046697468 | W32: =(1-$T32)*W$30+($T32*(V20-V$23)*(1-Input!$B$107-Input!$B$108)+Input!$B$107*(V20-V$24))*(Input!$F$106+Input!$G$106)/1000000 -> 0.079374573 | X32: =(1-$T32)*X$30+($T32*(W20-W$23)*(1-Input!$B$107-Input!$B$108)+Input!$B$107*(W20-W$24))*(Input!$F$106+Input!$G$106)/1000000 -> 0.34183296 | Y32: =(1-$T32)*Y$30+($T32*(X20-X$23)*(1-Input!$B$107-Input!$B$108)+Input!$B$107*(X20-X$24))*(Input!$F$106+Input!$G$106)/1000000 -> 0.83883383 | Z32: =(1-$T32)*Z$30+($T32*(Y20-Y$23)*(1-Input!$B$107-Input!$B$108)+Input!$B$107*(Y20-Y$24))*(Input!$F$106+Input!$G$106)/1000000 -> 1.7005707 | AA32: =(1-$T32)*AA$30+($T32*(Z20-Z$23)*(1-Input!$B$107-Input!$B$108)+Input!$B$107*(Z20-Z$24))*(Input!$F$106+Input!$G$106)/1000000 -> 2.5400502
A33: ASHP/HPWH powered with EV battery | B33: ='full adoption'!B36 -> 0.31 | C33: =(1-$B33)*C$30+('regional outcomes'!$B33*(('regional outcomes'!B21-B$23)*(1-Input!$B$107-Input!$B$108)+Input!$B$107*('regional outcomes'!B21-'regional outcomes'!B$24))*(Input!$C$106+Input!$D$106))/1000000 -> 2.3786438 | D33: =(1-$B33)*D$30+('regional outcomes'!$B33*(('regional outcomes'!C21-C$23)*(1-Input!$B$107-Input!$B$108)+Input!$B$107*('regional outcomes'!C21-'regional outcomes'!C$24))*(Input!$C$106+Input!$D$106))/1000000 -> 3.2932207 | E33: =(1-$B33)*E$30+('regional outcomes'!$B33*(('regional outcomes'!D21-D$23)*(1-Input!$B$107-Input!$B$108)+Input!$B$107*('regional outcomes'!D21-'regional outcomes'!D$24))*(Input!$C$106+Input!$D$106))/1000000 -> 3.8062912 | F33: =(1-$B33)*F$30+('regional outcomes'!$B33*(('regional outcomes'!E21-E$23)*(1-Input!$B$107-Input!$B$108)+Input!$B$107*('regional outcomes'!E21-'regional outcomes'!E$24))*(Input!$C$106+Input!$D$106))/1000000 -> 6.283682 | G33: =(1-$B33)*G$30+('regional outcomes'!$B33*(('regional outcomes'!F21-F$23)*(1-Input!$B$107-Input!$B$108)+Input!$B$107*('regional outcomes'!F21-'regional outcomes'!F$24))*(Input!$C$106+Input!$D$106))/1000000 -> 10.062499 | H33: =(1-$B33)*H$30+('regional outcomes'!$B33*(('regional outcomes'!G21-G$23)*(1-Input!$B$107-Input!$B$108)+Input!$B$107*('regional outcomes'!G21-'regional outcomes'!G$24))*(Input!$C$106+Input!$D$106))/1000000 -> 17.359311 | J33: ASHP/HPWH powered with EV battery | K33: ='full adoption'!B36 -> 0.31 | L33: =(1-$K33)*L$30+($K33*(K21-K$23)*(1-Input!$B$107-Input!$B$108)+Input!$B$107*(K21-K$24))*(Input!$E$106)/1000000 -> -0.046778651 | M33: =(1-$K33)*M$30+($K33*(L21-L$23)*(1-Input!$B$107-Input!$B$108)+Input!$B$107*(L21-L$24))*(Input!$E$106)/1000000 -> 0.03653687 | N33: =(1-$K33)*N$30+($K33*(M21-M$23)*(1-Input!$B$107-Input!$B$108)+Input!$B$107*(M21-M$24))*(Input!$E$106)/1000000 -> 0.10115273 | O33: =(1-$K33)*O$30+($K33*(N21-N$23)*(1-Input!$B$107-Input!$B$108)+Input!$B$107*(N21-N$24))*(Input!$E$106)/1000000 -> 0.40042563 | P33: =(1-$K33)*P$30+($K33*(O21-O$23)*(1-Input!$B$107-Input!$B$108)+Input!$B$107*(O21-O$24))*(Input!$E$106)/1000000 -> 0.99098938 | Q33: =(1-$K33)*Q$30+($K33*(P21-P$23)*(1-Input!$B$107-Input!$B$108)+Input!$B$107*(P21-P$24))*(Input!$E$106)/1000000 -> 2.5510054 | S33: ASHP/HPWH powered with EV battery | T33: ='full adoption'!B36 -> 0.31 | U33: =(1-$T33)*U$30+($T33*(T21-T$23)*(1-Input!$B$107-Input!$B$108)+Input!$B$107*(T21-T$24))*(Input!$F$106+Input!$G$106)/1000000 -> -0.021762973 | V33: =(1-$T33)*V$30+($T33*(U21-U$23)*(1-Input!$B$107-Input!$B$108)+Input!$B$107*(U21-U$24))*(Input!$F$106+Input!$G$106)/1000000 -> 0.016998159 | W33: =(1-$T33)*W$30+($T33*(V21-V$23)*(1-Input!$B$107-Input!$B$108)+Input!$B$107*(V21-V$24))*(Input!$F$106+Input!$G$106)/1000000 -> 0.04705959 | X33: =(1-$T33)*X$30+($T33*(W21-W$23)*(1-Input!$B$107-Input!$B$108)+Input!$B$107*(W21-W$24))*(Input!$F$106+Input!$G$106)/1000000 -> 0.18629123 | Y33: =(1-$T33)*Y$30+($T33*(X21-X$23)*(1-Input!$B$107-Input!$B$108)+Input!$B$107*(X21-X$24))*(Input!$F$106+Input!$G$106)/1000000 -> 0.46104098 | Z33: =(1-$T33)*Z$30+($T33*(Y21-Y$23)*(1-Input!$B$107-Input!$B$108)+Input!$B$107*(Y21-Y$24))*(Input!$F$106+Input!$G$106)/1000000 -> 1.1868119 | AA33: =(1-$T33)*AA$30+($T33*(Z21-Z$23)*(1-Input!$B$107-Input!$B$108)+Input!$B$107*(Z21-Z$24))*(Input!$F$106+Input!$G$106)/1000000 -> 2.0228476
A34: GSHP/HPWH | B34: ='full adoption'!B37 -> 1 | C34: =(1-$B34)*C$30+('regional outcomes'!$B34*(('regional outcomes'!B22-B$23)*(1-Input!$B$107-Input!$B$108)+Input!$B$107*('regional outcomes'!B22-'regional outcomes'!B$24))*(Input!$C$106+Input!$D$106))/1000000 -> -0.34545108 | D34: =(1-$B34)*D$30+('regional outcomes'!$B34*(('regional outcomes'!C22-C$23)*(1-Input!$B$107-Input!$B$108)+Input!$B$107*('regional outcomes'!C22-'regional outcomes'!C$24))*(Input!$C$106+Input!$D$106))/1000000 -> -0.25734958 | E34: =(1-$B34)*E$30+('regional outcomes'!$B34*(('regional outcomes'!D22-D$23)*(1-Input!$B$107-Input!$B$108)+Input!$B$107*('regional outcomes'!D22-'regional outcomes'!D$24))*(Input!$C$106+Input!$D$106))/1000000 -> 0.023990774 | F34: =(1-$B34)*F$30+('regional outcomes'!$B34*(('regional outcomes'!E22-E$23)*(1-Input!$B$107-Input!$B$108)+Input!$B$107*('regional outcomes'!E22-'regional outcomes'!E$24))*(Input!$C$106+Input!$D$106))/1000000 -> 0.20394428 | G34: =(1-$B34)*G$30+('regional outcomes'!$B34*(('regional outcomes'!F22-F$23)*(1-Input!$B$107-Input!$B$108)+Input!$B$107*('regional outcomes'!F22-'regional outcomes'!F$24))*(Input!$C$106+Input!$D$106))/1000000 -> 3.6855566 | H34: =(1-$B34)*H$30+('regional outcomes'!$B34*(('regional outcomes'!G22-G$23)*(1-Input!$B$107-Input!$B$108)+Input!$B$107*('regional outcomes'!G22-'regional outcomes'!G$24))*(Input!$C$106+Input!$D$106))/1000000 -> 5.9322425 | J34: GSHP/EWH | K34: ='full adoption'!B37 -> 1 | L34: =(1-$K34)*L$30+($K34*(K22-K$23)*(1-Input!$B$107-Input!$B$108)+Input!$B$107*(K22-K$24))*(Input!$E$106)/1000000 -> -0.00090687206 | M34: =(1-$K34)*M$30+($K34*(L22-L$23)*(1-Input!$B$107-Input!$B$108)+Input!$B$107*(L22-L$24))*(Input!$E$106)/1000000 -> 0.01427857 | N34: =(1-$K34)*N$30+($K34*(M22-M$23)*(1-Input!$B$107-Input!$B$108)+Input!$B$107*(M22-M$24))*(Input!$E$106)/1000000 -> 0.073188754 | O34: =(1-$K34)*O$30+($K34*(N22-N$23)*(1-Input!$B$107-Input!$B$108)+Input!$B$107*(N22-N$24))*(Input!$E$106)/1000000 -> 0.058800763 | P34: =(1-$K34)*P$30+($K34*(O22-O$23)*(1-Input!$B$107-Input!$B$108)+Input!$B$107*(O22-O$24))*(Input!$E$106)/1000000 -> 0.17617301 | Q34: =(1-$K34)*Q$30+($K34*(P22-P$23)*(1-Input!$B$107-Input!$B$108)+Input!$B$107*(P22-P$24))*(Input!$E$106)/1000000 -> 0.3302167 | S34: GSHP/EWH | T34: ='full adoption'!B37 -> 1 | U34: =(1-$T34)*U$30+($T34*(T22-T$23)*(1-Input!$B$107-Input!$B$108)+Input!$B$107*(T22-T$24))*(Input!$F$106+Input!$G$106)/1000000 -> 0.027856877 | V34: =(1-$T34)*V$30+($T34*(U22-U$23)*(1-Input!$B$107-Input!$B$108)+Input!$B$107*(U22-U$24))*(Input!$F$106+Input!$G$106)/1000000 -> 0.036367123 | W34: =(1-$T34)*W$30+($T34*(V22-V$23)*(1-Input!$B$107-Input!$B$108)+Input!$B$107*(V22-V$24))*(Input!$F$106+Input!$G$106)/1000000 -> 0.064129412 | X34: =(1-$T34)*X$30+($T34*(W22-W$23)*(1-Input!$B$107-Input!$B$108)+Input!$B$107*(W22-W$24))*(Input!$F$106+Input!$G$106)/1000000 -> 0.061398978 | Y34: =(1-$T34)*Y$30+($T34*(X22-X$23)*(1-Input!$B$107-Input!$B$108)+Input!$B$107*(X22-X$24))*(Input!$F$106+Input!$G$106)/1000000 -> 0.11561014 | Z34: =(1-$T34)*Z$30+($T34*(Y22-Y$23)*(1-Input!$B$107-Input!$B$108)+Input!$B$107*(Y22-Y$24))*(Input!$F$106+Input!$G$106)/1000000 -> 0.16768879 | AA34: =(1-$T34)*AA$30+($T34*(Z22-Z$23)*(1-Input!$B$107-Input!$B$108)+Input!$B$107*(Z22-Z$24))*(Input!$F$106+Input!$G$106)/1000000 -> 0.34293901
B38: Ontario single home weighted average power draw (kW)
B39: These values show the geographically weighted average power demand for a single family home in Ontario
B40: at local morning minimum | C40: at local afternoon maximum | D40: at local evening minimum | E40: extreme cold (5'C below design temp)
A42: ASHP +HPWH | B42: =(Input!$C$111*'regional outcomes'!E18+Input!$D$111*'regional outcomes'!B18+Input!$E$111*'regional outcomes'!O18+Input!$F$111*'regional outcomes'!X18+Input!$G$111*'regional outcomes'!Y18) -> 6.985029 | C42: =(Input!$C$111*'regional outcomes'!D18+Input!$D$111*'regional outcomes'!B18+Input!$E$111*'regional outcomes'!M18+Input!$F$111*'regional outcomes'!V18+Input!$G$111*'regional outcomes'!W18) -> 5.0023173 | D42: =(Input!$C$111*'regional outcomes'!D18+Input!$D$111*'regional outcomes'!B18+Input!$E$111*'regional outcomes'!N18+Input!$F$111*'regional outcomes'!X18+Input!$G$111*'regional outcomes'!X18) -> 5.3875385 | E42: =(Input!$C$111*'regional outcomes'!F18+Input!$D$111*'regional outcomes'!F18+Input!$E$111*'regional outcomes'!P18+Input!$F$111*'regional outcomes'!Z18+Input!$G$111*'regional outcomes'!Z18) -> 9.9806067
A43: ASHP with ETS for peak hours + HPWH | B43: =(Input!$C$111*'regional outcomes'!E19+Input!$D$111*'regional outcomes'!B19+Input!$E$111*'regional outcomes'!O19+Input!$F$111*'regional outcomes'!X19+Input!$G$111*'regional outcomes'!Y19) -> 1.0244986 | C43: =(Input!$C$111*'regional outcomes'!D19+Input!$D$111*'regional outcomes'!B19+Input!$E$111*'regional outcomes'!M19+Input!$F$111*'regional outcomes'!V19+Input!$G$111*'regional outcomes'!W19) -> 1.0244986 | D43: =(Input!$C$111*'regional outcomes'!D19+Input!$D$111*'regional outcomes'!B19+Input!$E$111*'regional outcomes'!N19+Input!$F$111*'regional outcomes'!X19+Input!$G$111*'regional outcomes'!X19) -> 1.0244986 | E43: =(Input!$C$111*'regional outcomes'!F19+Input!$D$111*'regional outcomes'!F19+Input!$E$111*'regional outcomes'!P19+Input!$F$111*'regional outcomes'!Z19+Input!$G$111*'regional outcomes'!Z19) -> 1.0244986
A44: ASHP/HPWH powered with batteries | B44: =(Input!$C$111*'regional outcomes'!E20+Input!$D$111*'regional outcomes'!B20+Input!$E$111*'regional outcomes'!O20+Input!$F$111*'regional outcomes'!X20+Input!$G$111*'regional outcomes'!Y20) -> 2.0944223 | C44: =(Input!$C$111*'regional outcomes'!D20+Input!$D$111*'regional outcomes'!B20+Input!$E$111*'regional outcomes'!M20+Input!$F$111*'regional outcomes'!V20+Input!$G$111*'regional outcomes'!W20) -> 0.13832748 | D44: =(Input!$C$111*'regional outcomes'!D20+Input!$D$111*'regional outcomes'!B20+Input!$E$111*'regional outcomes'!N20+Input!$F$111*'regional outcomes'!X20+Input!$G$111*'regional outcomes'!X20) -> 0.49693182 | E44: =(Input!$C$111*'regional outcomes'!F20+Input!$D$111*'regional outcomes'!F20+Input!$E$111*'regional outcomes'!P20+Input!$F$111*'regional outcomes'!Z20+Input!$G$111*'regional outcomes'!Z20) -> 4.9806133
A45: ASHP/HPWH powered with EV battery | B45: =(Input!$C$111*'regional outcomes'!E21+Input!$D$111*'regional outcomes'!B21+Input!$E$111*'regional outcomes'!O21+Input!$F$111*'regional outcomes'!X21+Input!$G$111*'regional outcomes'!Y21) -> 0.11024449 | C45: =(Input!$C$111*'regional outcomes'!D21+Input!$D$111*'regional outcomes'!B21+Input!$E$111*'regional outcomes'!M21+Input!$F$111*'regional outcomes'!V21+Input!$G$111*'regional outcomes'!W21) -> 0 | D45: =(Input!$C$111*'regional outcomes'!D21+Input!$D$111*'regional outcomes'!B21+Input!$E$111*'regional outcomes'!N21+Input!$F$111*'regional outcomes'!X21+Input!$G$111*'regional outcomes'!X21) -> 0 | E45: =(Input!$C$111*'regional outcomes'!F21+Input!$D$111*'regional outcomes'!F21+Input!$E$111*'regional outcomes'!P21+Input!$F$111*'regional outcomes'!Z21+Input!$G$111*'regional outcomes'!Z21) -> 0.73507219
A46: GSHP/HPWH | B46: =(Input!$C$111*'regional outcomes'!E22+Input!$D$111*'regional outcomes'!B22+Input!$E$111*'regional outcomes'!O22+Input!$F$111*'regional outcomes'!X22+Input!$G$111*'regional outcomes'!Y22) -> 2.4421047 | C46: =(Input!$C$111*'regional outcomes'!D22+Input!$D$111*'regional outcomes'!B22+Input!$E$111*'regional outcomes'!M22+Input!$F$111*'regional outcomes'!V22+Input!$G$111*'regional outcomes'!W22) -> 2.1117592 | D46: =(Input!$C$111*'regional outcomes'!D22+Input!$D$111*'regional outcomes'!B22+Input!$E$111*'regional outcomes'!N22+Input!$F$111*'regional outcomes'!X22+Input!$G$111*'regional outcomes'!X22) -> 2.1738419 | E46: =(Input!$C$111*'regional outcomes'!F22+Input!$D$111*'regional outcomes'!F22+Input!$E$111*'regional outcomes'!P22+Input!$F$111*'regional outcomes'!Z22+Input!$G$111*'regional outcomes'!Z22) -> 3.843735
A47: NG space and water heater | B47: =(Input!$C$111*'regional outcomes'!E23+Input!$D$111*'regional outcomes'!B23+Input!$E$111*'regional outcomes'!O23+Input!$F$111*'regional outcomes'!X23+Input!$G$111*'regional outcomes'!Y23) -> 0.6719991 | C47: =(Input!$C$111*'regional outcomes'!D23+Input!$D$111*'regional outcomes'!B23+Input!$E$111*'regional outcomes'!M23+Input!$F$111*'regional outcomes'!V23+Input!$G$111*'regional outcomes'!W23) -> 0.6719991 | D47: =(Input!$C$111*'regional outcomes'!D23+Input!$D$111*'regional outcomes'!B23+Input!$E$111*'regional outcomes'!N23+Input!$F$111*'regional outcomes'!X23+Input!$G$111*'regional outcomes'!X23) -> 0.6719991 | E47: =(Input!$C$111*'regional outcomes'!F23+Input!$D$111*'regional outcomes'!F23+Input!$E$111*'regional outcomes'!P23+Input!$F$111*'regional outcomes'!Z23+Input!$G$111*'regional outcomes'!Z23) -> 0.6719991
A48: electric resistance space and water heating | B48: =(Input!$C$111*'regional outcomes'!E24+Input!$D$111*'regional outcomes'!B24+Input!$E$111*'regional outcomes'!O24+Input!$F$111*'regional outcomes'!X24+Input!$G$111*'regional outcomes'!Y24) -> 10.607884 | C48: =(Input!$C$111*'regional outcomes'!D24+Input!$D$111*'regional outcomes'!B24+Input!$E$111*'regional outcomes'!M24+Input!$F$111*'regional outcomes'!V24+Input!$G$111*'regional outcomes'!W24) -> 9.2197197 | D48: =(Input!$C$111*'regional outcomes'!D24+Input!$D$111*'regional outcomes'!B24+Input!$E$111*'regional outcomes'!N24+Input!$F$111*'regional outcomes'!X24+Input!$G$111*'regional outcomes'!X24) -> 9.527021 | E48: =(Input!$C$111*'regional outcomes'!F24+Input!$D$111*'regional outcomes'!F24+Input!$E$111*'regional outcomes'!P24+Input!$F$111*'regional outcomes'!Z24+Input!$G$111*'regional outcomes'!Z24) -> 12.168171

Sheet Fig 1
A2: power draw for an average single family home in Ontario | D2: sourced from "regional outcomes sheet"
B3: local afternoon maximum
A4: ='regional outcomes'!A18 -> ASHP +HPWH | B4: ='regional outcomes'!C42 -> 5.0023173
A5: ='regional outcomes'!A19 -> ASHP with ETS for peak hours + HPWH | B5: ='regional outcomes'!C43 -> 1.0244986
A6: ='regional outcomes'!A20 -> ASHP/HPWH powered with home batteries | B6: ='regional outcomes'!C44 -> 0.13832748
A7: ='regional outcomes'!A21 -> ASHP/HPWH powered with EV battery | B7: ='regional outcomes'!C45 -> 0
A8: ='regional outcomes'!A22 -> GSHP/HPWH | B8: ='regional outcomes'!C46 -> 2.1117592
A9: ='regional outcomes'!A23 -> Fossil gas space and water heating | B9: ='regional outcomes'!C47 -> 0.6719991
A10: ='regional outcomes'!A24 -> Electric resistance space and water heating | B10: ='regional outcomes'!C48 -> 9.2197197

Sheet Fig 2
A2: power draw for an average single family home in Ontario | D2: sourced from "regional outcomes sheet"
B3: local afternoon maximum
A4: ='regional outcomes'!A18 -> ASHP +HPWH | B4: ='regional outcomes'!C42 -> 5.0023173
A5: ='regional outcomes'!A19 -> ASHP with ETS for peak hours + HPWH | B5: ='regional outcomes'!C43 -> 1.0244986
A6: ='regional outcomes'!A20 -> ASHP/HPWH powered with home batteries | B6: ='regional outcomes'!C44 -> 0.13832748
A7: ='regional outcomes'!A21 -> ASHP/HPWH powered with EV battery | B7: ='regional outcomes'!C45 -> 0
A8: ='regional outcomes'!A22 -> GSHP/HPWH | B8: ='regional outcomes'!C46 -> 2.1117592
A9: ='regional outcomes'!A23 -> Fossil gas space and water heating | B9: ='regional outcomes'!C47 -> 0.6719991
A10: ='regional outcomes'!A24 -> Electric resistance space and water heating | B10: ='regional outcomes'!C48 -> 9.2197197

Sheet Fig 3
A2: power draw for an average single family home in Ontario
A3: At local afternoon maximum
A4: current heating/water heating power draw | B4: ='steady adoption'!E6 -> 8.7931229
B5: % adoption | C5: power draw | D5: net increase
A6: existing mix of space and water heating systems | C6: ='steady adoption'!E6 -> 8.7931229
A7: 100% of homes have ASHPs and HPWHs | C7: =C20*Input!$B$106/1000000 -> 18.766268 | D7: =C7-B$4 -> 9.9731456
A8: ASHP/HPWH + ETS | B8: 1 | C8: =(C21*B8+C$20*(1-B8))*Input!B$106/1000000 -> 3.843422 | D8: =C8-B$4 -> -4.9497009
A9: ASHP/HPWH + home batteries | B9: 1 | C9: =(C22*B9+C$20*(1-B9))*Input!B$106/1000000 -> 0.5189376 | D9: =C9-B$4 -> -8.2741853
A10: ASHP/HPWH + EV battery | B10: 1 | C10: =(C23*B10+C$20*(1-B10))*Input!B$106/1000000 -> 0 | D10: =C10-B$4 -> -8.7931229
A11: 100% of homes have GSHPs and HPWHs | B11: 1 | C11: =(C24*B11+C$20*(1-B11))*Input!B$106/1000000 -> 7.9222962 | D11: =C11-B$4 -> -0.8708267
B17: Ontario single home weighted average power draw (kW) | F17: sourced from "regional outcomes sheet"
B18: at local morning minimum | C18: at local afternoon maximum | D18: at local evening minimum | E18: extreme cold (5'C below design temp)
A20: ASHP +HPWH | B20: ='regional outcomes'!B42 -> 6.985029 | C20: ='regional outcomes'!C42 -> 5.0023173 | D20: ='regional outcomes'!D42 -> 5.3875385 | E20: ='regional outcomes'!E42 -> 9.9806067
A21: ASHP with ETS for peak hours + HPWH | B21: ='regional outcomes'!B43 -> 1.0244986 | C21: ='regional outcomes'!C43 -> 1.0244986 | D21: ='regional outcomes'!D43 -> 1.0244986 | E21: ='regional outcomes'!E43 -> 1.0244986
A22: ASHP/HPWH powered with batteries | B22: ='regional outcomes'!B44 -> 2.0944223 | C22: ='regional outcomes'!C44 -> 0.13832748 | D22: ='regional outcomes'!D44 -> 0.49693182 | E22: ='regional outcomes'!E44 -> 4.9806133
A23: ASHP/HPWH powered with EV battery | B23: ='regional outcomes'!B45 -> 0.11024449 | C23: ='regional outcomes'!C45 -> 0 | D23: ='regional outcomes'!D45 -> 0 | E23: ='regional outcomes'!E45 -> 0.73507219
A24: GSHP/EWH | B24: ='regional outcomes'!B46 -> 2.4421047 | C24: ='regional outcomes'!C46 -> 2.1117592 | D24: ='regional outcomes'!D46 -> 2.1738419 | E24: ='regional outcomes'!E46 -> 3.843735
A25: NG space and water heater | B25: ='regional outcomes'!B47 -> 0.6719991 | C25: ='regional outcomes'!C47 -> 0.6719991 | D25: ='regional outcomes'!D47 -> 0.6719991 | E25: ='regional outcomes'!E47 -> 0.6719991
A26: electric resistance space and water heating | B26: ='regional outcomes'!B48 -> 10.607884 | C26: ='regional outcomes'!C48 -> 9.2197197 | D26: ='regional outcomes'!D48 -> 9.527021 | E26: ='regional outcomes'!E48 -> 12.168171

Sheet Fig 4
A1: power draw for an average single family home in Ontario | D1: sourced from "regional outcomes sheet"
B3: local afternoon maximum
A4: ='regional outcomes'!A18 -> ASHP +HPWH | B4: ='regional outcomes'!C42 -> 5.0023173
A5: ='regional outcomes'!A19 -> ASHP with ETS for peak hours + HPWH | B5: ='regional outcomes'!C43 -> 1.0244986
A6: ='regional outcomes'!A20 -> ASHP/HPWH powered with home batteries | B6: ='regional outcomes'!C44 -> 0.13832748
A7: ='regional outcomes'!A21 -> ASHP/HPWH powered with EV battery | B7: ='regional outcomes'!C45 -> 0
A8: ='regional outcomes'!A22 -> GSHP/HPWH | B8: ='regional outcomes'!C46 -> 2.1117592
A9: ='regional outcomes'!A23 -> Fossil gas space and water heating | B9: ='regional outcomes'!C47 -> 0.6719991
A10: ='regional outcomes'!A24 -> Electric resistance space and water heating | B10: ='regional outcomes'!C48 -> 9.2197197

Sheet Fig 5
A1: power draw for an average single family home in Ontario | D1: sourced from "regional outcomes sheet"
B3: local afternoon maximum
A4: ='regional outcomes'!A18 -> ASHP +HPWH | B4: ='regional outcomes'!C42 -> 5.0023173
A5: ='regional outcomes'!A19 -> ASHP with ETS for peak hours + HPWH | B5: ='regional outcomes'!C43 -> 1.0244986
A6: ='regional outcomes'!A20 -> ASHP/HPWH powered with home batteries | B6: ='regional outcomes'!C44 -> 0.13832748
A7: ='regional outcomes'!A21 -> ASHP/HPWH powered with EV battery | B7: ='regional outcomes'!C45 -> 0
A8: ='regional outcomes'!A22 -> GSHP/HPWH | B8: ='regional outcomes'!C46 -> 2.1117592
A9: ='regional outcomes'!A23 -> Fossil gas space and water heating | B9: ='regional outcomes'!C47 -> 0.6719991
A10: ='regional outcomes'!A24 -> Electric resistance space and water heating | B10: ='regional outcomes'!C48 -> 9.2197197

Sheet Fig 6
A1: power draw for an average single family home in Ontario | D1: sourced from "regional outcomes sheet"
B3: extreme winter day | C3: local afternoon maximum
A4: ASHP +HPWH | B4: ='regional outcomes'!E42 -> 9.9806067 | C4: ='regional outcomes'!C42 -> 5.0023173
A5: ASHP with ETS for peak hours + HPWH | B5: ='regional outcomes'!E43 -> 1.0244986 | C5: ='regional outcomes'!C43 -> 1.0244986
A6: ASHP/HPWH powered with home batteries | B6: ='regional outcomes'!E44 -> 4.9806133 | C6: ='regional outcomes'!C44 -> 0.13832748
A7: ASHP/HPWH powered with EV battery | B7: ='regional outcomes'!E45 -> 0.73507219 | C7: ='regional outcomes'!C45 -> 0
A8: GSHP/HPWH | B8: ='regional outcomes'!E46 -> 3.843735 | C8: ='regional outcomes'!C46 -> 2.1117592
A9: Fossil gas space and water heating | B9: ='regional outcomes'!E47 -> 0.6719991 | C9: ='regional outcomes'!C47 -> 0.6719991
A10: Electric resistance space and water heating | B10: ='regional outcomes'!E48 -> 12.168171 | C10: ='regional outcomes'!C48 -> 9.2197197

Sheet Fig 7
A1: power draw for an average single family home in Ontario | D1: sourced from "regional outcomes sheet" | F1: Annual kWh energy use for space and water heating in single family homes
B3: local afternoon maximum | G3: Annual kWh energy use for space heating | H3: Annual GJ energy use for space heating | I3: Annual GJ energy use for water heating | J3: Annual GJ heating penalty for HPWH | K3: assumptions
A4: ='regional outcomes'!A18 -> ASHP +HPWH | B4: ='regional outcomes'!C42 -> 5.0023173 | F4: ='regional outcomes'!A18 -> ASHP +HPWH | G4: =(H4+I4+J4)/Input!B$87 -> 9017.9012 | H4: =Input!B84/Input!B43 -> 27.62963 | I4: =Input!B86/Input!B68 -> 2.8533333 | J4: =6/12*Input!B86/Input!B43 -> 1.9814815 | K4: includes heating penalty but not cooling benefit
A5: ='regional outcomes'!A19 -> ASHP with ETS for peak hours + HPWH | B5: ='regional outcomes'!C43 -> 1.0244986 | F5: ='regional outcomes'!A19 -> ASHP with ETS for peak hours + HPWH | G5: =(H5+I5+J5)/Input!B$87 -> 12391.482 | H5: =(6/24*5/7*Input!B$84/Input!B5+(1-6/24*5/7)*Input!B$84/Input!B$43) -> 39.774522 | I5: =I$4 -> 2.8533333 | J5: =J$4 -> 1.9814815 | K5: ETS used 6 hours/day 5 days a week during heating season
A6: ='regional outcomes'!A20 -> ASHP/HPWH powered with home batteries | B6: ='regional outcomes'!C44 -> 0.13832748 | F6: ='regional outcomes'!A20 -> ASHP/HPWH powered with home batteries | G6: =(H6+I6+J6)/Input!B$87 -> 9081.8587 | H6: =(2/24*Input!B84/Input!B43*(1-Input!B19) + Input!B84/Input!B43) -> 27.859877 | I6: =I$4 -> 2.8533333 | J6: =J$4 -> 1.9814815 | K6: batteries used 2 hours/day 7 days a week during heating season
A7: ='regional outcomes'!A21 -> ASHP/HPWH powered with EV battery | B7: ='regional outcomes'!C45 -> 0 | F7: ='regional outcomes'!A21 -> ASHP/HPWH powered with EV battery | G7: =(H7+I7+J7)/Input!B$87 -> 9145.5029 | H7: =(4/24*Input!B84/Input!B43*(1-Input!B32) + Input!B84/Input!B43) -> 28.088996 | I7: =I$4 -> 2.8533333 | J7: =J$4 -> 1.9814815 | K7: EV battery used 4 hours/day 7 days a week during heating season
A8: ='regional outcomes'!A22 -> GSHP/HPWH | B8: ='regional outcomes'!C46 -> 2.1117592 | F8: ='regional outcomes'!A22 -> GSHP/HPWH | G8: =(H8+I8+J8)/Input!B$87 -> 6197.7227 | H8: =Input!B84/Input!B52 -> 20.162162 | I8: =0.5*Input!B86/Input!B68+ 0.25*Input!B86/Input!B52 -> 2.1496396 | K8: assumes 50% of water heater heat comes from EWH, 25% from GSHP in winter, 25% free heat from GSHP in summer
A9: ='regional outcomes'!A23 -> Fossil gas space and water heating | B9: ='regional outcomes'!C47 -> 0.6719991 | F9: ='regional outcomes'!A23 -> Fossil gas space and water heating | G9: =(H9+I9+J9)/Input!B$87 -> 26249.018 | H9: =Input!B84/Input!B61 -> 78.526316 | I9: =Input!B86/Input!B63 -> 15.970149
A10: ='regional outcomes'!A24 -> Electric resistance space and water heating | B10: ='regional outcomes'!C48 -> 9.2197197 | F10: ='regional outcomes'!A24 -> Electric resistance space and water heating | G10: =(H10+I10+J10)/Input!B$87 -> 23988.4 | H10: =Input!B84/Input!B57 -> 74.6 | I10: =Input!B86/Input!B76 -> 11.758242

Sheet customer cost
A2: Electricity Rates
B4: Toronto Hydro | C4: Toronto Hydro | D4: Toronto Hydro | E4: Toronto Hydro | F4: Toronto Hydro | G4: Toronto Hydro | H4: Toronto Hydro
A5: source | B5: https://www.torontohydro.com/for-home/rates | C5: TOU off peak | D5: TOU on peak | E5: TOU mid peak | F5: ULO overnight | G5: ULO on peak | H5: ULO mid peak
A6: time-averaged TOU rate ($/kWh) | B6: =(7.4*24*2 + 7.4*12*5 + 10.2*6*5 + 15.1*6*5)/(7*24)/100 -> 0.09275 | C6: =0.074 -> 0.074 | D6: 0.151 | E6: 0.102 | F6: 0.024 | G6: 0.24 | H6: 0.102
A7: electricity distribution ($/kWh) | B7: 0.00304 | C7: 0.00304 | D7: 0.00304 | E7: 0.00304 | F7: 0.00304 | G7: 0.00304 | H7: 0.00304
A8: electricity transmission charge ($/kWh) | B8: 0.01891 | C8: 0.01891 | D8: 0.01891 | E8: 0.01891 | F8: 0.01891 | G8: 0.01891 | H8: 0.01891
A9: regulatory charges ($/kWh) | B9: 0.0052 | C9: 0.0052 | D9: 0.0052 | E9: 0.0052 | F9: 0.0052 | G9: 0.0052 | H9: 0.0052
A10: HST | B10: 0.13 | C10: 0.13 | D10: 0.13 | E10: 0.13 | F10: 0.13 | G10: 0.13 | H10: 0.13
A11: Ontario Electricity Rebate | B11: 0.117 | C11: 0.117 | D11: 0.117 | E11: 0.117 | F11: 0.117 | G11: 0.117 | H11: 0.117
A12: line loss adjustment factor | B12: 1.0295 | C12: 1.0295 | D12: 1.0295 | E12: 1.0295 | F12: 1.0295 | G12: 1.0295 | H12: 1.0295
A13: total electricity variable cost ($/kWh) | B13: =(SUM(B6:B9)*B12*(1-B11))*(1+B10) -> 0.12316425 | C13: =(SUM(C6:C9)*C12*(1-C11))*(1+C10) -> 0.10390379 | D13: =(SUM(D6:D9)*D12*(1-D11))*(1+D10) -> 0.1830001 | E13: =(SUM(E6:E9)*E12*(1-E11))*(1+E10) -> 0.13266608 | F13: =(SUM(F6:F9)*F12*(1-F11))*(1+F10) -> 0.052542549 | G13: =(SUM(G6:G9)*G12*(1-G11))*(1+G10) -> 0.27442311 | H13: =(SUM(H6:H9)*H12*(1-H11))*(1+H10) -> 0.13266608
A15: weekdays when peak reduction is used for heating | B15: =365*(5/12)*5/7 -> 108.63095
A16: weekend days when peak reduction used for heating | B16: =365*(5/12)*2/7 -> 43.452381
A18: weekdays when peak reduction used for everything | B18: =365*5/7 -> 260.71429
A19: weekend days when peak reduction used for everything | B19: =365*2/7 -> 104.28571
B21: annualized cost | C21: kW for charging | D21: hours charging | E21: hours discharge | F21: annual savings with TOU | G21: annual savings with ULO | I21: assumptions
A22: ETS | B22: =Input!B3 -> 1029.6276 | C22: =Input!B6 -> 14 | D22: NA | E22: =Input!B9 -> 13.371216 | F22: =-Input!$B84/Input!B87*(6/24*5/7*('customer cost'!D13/Input!B11-'customer cost'!C13/Input!$B43)) -> -534.77104 | G22: =-Input!$B84/Input!B87*(6/24*5/7*('customer cost'!F13/Input!B11-'customer cost'!G13/Input!$B43)) -> 181.67335 | I22: used every weekday during heating season | J22: based on total seaonal heating load
A23: battery | B23: =Input!B16 -> 2921.1611 | C23: =Input!B22 -> 5.5555556 | D23: =Input!B21/Input!B19 -> 2.2222222 | E23: =Input!B21 -> 2 | F23: =-(D23*C$13-E23*D$13)*B$18 -> 35.223253 | G23: =-(D23*F$13-D23*G$13)*B$18-(D23*F$13-D23*H$13)*B$19 -> 147.11816 | I23: used year round to offset peaks | J23: based on hours of use per day
A24: EV bidirectional charger | B24: =Input!B29 -> 1024.4795 | C24: =Input!B36 -> 11.52 | D24: =Input!B34/(Input!B35/Input!B36) -> 4.8 | E24: =Input!B34 -> 4 | F24: =-(D24*C$13-E24*D$13)*B$18 -> 60.81479 | G24: =-(D24*F$13-D24*G$13)*B$18-(D24*F$13-D24*H$13)*B$19 -> 317.77522 | I24: used year round to offset peaks | J24: based on hours of use per day
A27: assumptions
A29: equipment is only used during peak hours
A30: equipment is charged long enough to cover the six peak hours or the max amount of output time, whichever is less
A31: equipment is used for 5 months of the year
A32: assumes batteries are used all months of the year for heating and for other applications during peak hours
A33: batteries are only used on weekdays with TOU but used on weekends with ULO
A34: assumes heating use is distributed evenly throughout the day

Sheet Fig 8
B3: Ontario single home weighted average power draw (kW) | H3: weighted change to ON power draw (electric/furnace subtracted | M3: annualized equipment cost $ | Q3: avg utility cost for the KW saved with wind + storage | V3: cost savings by investing in mitigation measures over utility upgrades
B4: at local morning minimum | C4: at local afternoon maximum | D4: at local evening minimum | E4: extreme cold (5'C below design temp) | H4: at local morning minimum | I4: at local afternoon maximum | J4: at local evening minimum | K4: extreme cold (5'C below design temp)
Q5: at local morning minimum | R5: at local afternoon maximum | S5: at local evening minimum | T5: extreme cold (5'C below design temp) | V5: at local afternoon maximum | W5: extreme cold (5'C below design temp)
A6: ASHP +HPWH | B6: ='regional outcomes'!B42 -> 6.985029 | C6: ='regional outcomes'!C42 -> 5.0023173 | D6: ='regional outcomes'!D42 -> 5.3875385 | E6: ='regional outcomes'!E42 -> 9.9806067 | H6: =(B6-B$11)*(1-Input!$B$107-Input!$B$108)+(B6-B$12)*(Input!$B$107) -> 4.2544745 | I6: =(C6-C$11)*(1-Input!$B$107-Input!$B$108)+(C6-C$12)*(Input!$B$107) -> 2.6584315 | J6: =(D6-D$11)*(1-Input!$B$107-Input!$B$108)+(D6-D$12)*(Input!$B$107) -> 2.9628875 | K6: =(E6-E$11)*(1-Input!$B$107-Input!$B$108)+(E6-E$12)*(Input!$B$107) -> 6.7464071
A7: ASHP with ETS for peak hours + HPWH | B7: ='regional outcomes'!B43 -> 1.0244986 | C7: ='regional outcomes'!C43 -> 1.0244986 | D7: ='regional outcomes'!D43 -> 1.0244986 | E7: ='regional outcomes'!E43 -> 1.0244986 | H7: =(B7-B$11)*(1-Input!$B$107-Input!$B$108)+(B7-B$12)*(Input!$B$107) -> -1.1696081 | I7: =(C7-C$11)*(1-Input!$B$107-Input!$B$108)+(C7-C$12)*(Input!$B$107) -> -0.96138352 | J7: =(D7-D$11)*(1-Input!$B$107-Input!$B$108)+(D7-D$12)*(Input!$B$107) -> -1.0074787 | K7: =(E7-E$11)*(1-Input!$B$107-Input!$B$108)+(E7-E$12)*(Input!$B$107) -> -1.4036512 | M7: =Input!$B$3 -> 1029.6276 | N7: =Input!$B$3 -> 1029.6276 | O7: =Input!$B$3 -> 1029.6276 | Q7: =Input!$B$135*('Fig 8'!B$6-'Fig 8'!B7) -> 3599.055 | R7: =Input!$B$135*('Fig 8'!C$6-'Fig 8'!C7) -> 2401.8649 | S7: =Input!$B$135*('Fig 8'!D$6-'Fig 8'!D7) -> 2634.467 | T7: =Input!$B$135*('Fig 8'!E$6-'Fig 8'!E7) -> 5407.8285 | U7: ETS | V7: =R7-N7 -> 1372.2372 | W7: =T7-O7 -> 4378.2008
A8: ASHP/HPWH powered with batteries | B8: ='regional outcomes'!B44 -> 2.0944223 | C8: ='regional outcomes'!C44 -> 0.13832748 | D8: ='regional outcomes'!D44 -> 0.49693182 | E8: ='regional outcomes'!E44 -> 4.9806133 | H8: =(B8-B$11)*(1-Input!$B$107-Input!$B$108)+(B8-B$12)*(Input!$B$107) -> -0.19597758 | I8: =(C8-C$11)*(1-Input!$B$107-Input!$B$108)+(C8-C$12)*(Input!$B$107) -> -1.7677993 | J8: =(D8-D$11)*(1-Input!$B$107-Input!$B$108)+(D8-D$12)*(Input!$B$107) -> -1.4875645 | K8: =(E8-E$11)*(1-Input!$B$107-Input!$B$108)+(E8-E$12)*(Input!$B$107) -> 2.1964132 | M8: =Input!$B$16 -> 2921.1611 | N8: =Input!$B$16 -> 2921.1611 | O8: =Input!$B$16 -> 2921.1611 | Q8: =Input!$B$135*('Fig 8'!B$6-'Fig 8'!B8) -> 2953.0195 | R8: =Input!$B$135*('Fig 8'!C$6-'Fig 8'!C8) -> 2936.9479 | S8: =Input!$B$135*('Fig 8'!D$6-'Fig 8'!D8) -> 2953.0195 | T8: =Input!$B$135*('Fig 8'!E$6-'Fig 8'!E8) -> 3019.0688 | U8: Home battery | V8: =R8-N8 -> 15.786808 | W8: =T8-O8 -> 97.9077
A9: ASHP/HPWH powered with EV battery | B9: ='regional outcomes'!B45 -> 0.11024449 | C9: ='regional outcomes'!C45 -> 0 | D9: ='regional outcomes'!D45 -> 0 | E9: ='regional outcomes'!E45 -> 0.73507219 | H9: =(B9-B$11)*(1-Input!$B$107-Input!$B$108)+(B9-B$12)*(Input!$B$107) -> -2.0015794 | I9: =(C9-C$11)*(1-Input!$B$107-Input!$B$108)+(C9-C$12)*(Input!$B$107) -> -1.8936773 | J9: =(D9-D$11)*(1-Input!$B$107-Input!$B$108)+(D9-D$12)*(Input!$B$107) -> -1.9397725 | K9: =(E9-E$11)*(1-Input!$B$107-Input!$B$108)+(E9-E$12)*(Input!$B$107) -> -1.6670292 | M9: =Input!$B$29 -> 1024.4795 | N9: =Input!$B$29 -> 1024.4795 | O9: =Input!$B$29 -> 1024.4795 | Q9: =Input!$B$135*('Fig 8'!B$6-'Fig 8'!B9) -> 4151.095 | R9: =Input!$B$135*('Fig 8'!C$6-'Fig 8'!C9) -> 3020.4721 | S9: =Input!$B$135*('Fig 8'!D$6-'Fig 8'!D9) -> 3253.0742 | T9: =Input!$B$135*('Fig 8'!E$6-'Fig 8'!E9) -> 5582.5884 | U9: EV battery | V9: =R9-N9 -> 1995.9926 | W9: =T9-O9 -> 4558.1089
A10: GSHP/HPWH | B10: ='regional outcomes'!B46 -> 2.4421047 | C10: ='regional outcomes'!C46 -> 2.1117592 | D10: ='regional outcomes'!D46 -> 2.1738419 | E10: ='regional outcomes'!E46 -> 3.843735 | H10: =(B10-B$11)*(1-Input!$B$107-Input!$B$108)+(B10-B$12)*(Input!$B$107) -> 0.12041343 | I10: =(C10-C$11)*(1-Input!$B$107-Input!$B$108)+(C10-C$12)*(Input!$B$107) -> 0.028023561 | J10: =(D10-D$11)*(1-Input!$B$107-Input!$B$108)+(D10-D$12)*(Input!$B$107) -> 0.038423684 | K10: =(E10-E$11)*(1-Input!$B$107-Input!$B$108)+(E10-E$12)*(Input!$B$107) -> 1.1618539 | M10: =(Input!$B$49+Input!$B75) -> 537.88417 | N10: =(Input!$B$49+Input!$B75) -> 537.88417 | O10: =(Input!$B$49+Input!$B75) -> 537.88417 | Q10: =Input!$B$135*('Fig 8'!B$6-'Fig 8'!B10) -> 2743.0838 | R10: =Input!$B$135*('Fig 8'!C$6-'Fig 8'!C10) -> 1745.3611 | S10: =Input!$B$135*('Fig 8'!D$6-'Fig 8'!D10) -> 1940.4768 | T10: =Input!$B$135*('Fig 8'!E$6-'Fig 8'!E10) -> 3705.5325 | U10: GSHP | V10: =R10-N10 -> 1207.4769 | W10: =T10-O10 -> 3167.6484
A11: NG space and water heater | B11: ='regional outcomes'!B47 -> 0.6719991 | C11: ='regional outcomes'!C47 -> 0.6719991 | D11: ='regional outcomes'!D47 -> 0.6719991 | E11: ='regional outcomes'!E47 -> 0.6719991
A12: electric resistance space and water heating | B12: ='regional outcomes'!B48 -> 10.607884 | C12: ='regional outcomes'!C48 -> 9.2197197 | D12: ='regional outcomes'!D48 -> 9.527021 | E12: ='regional outcomes'!E48 -> 12.168171

Sheet Table 2
A2: Table 2: Cost of Reducing ASHP Power Demand During Ontario Winter Peak Demand Hour by 1 kW Using Available Technologies
A4: Column1 | B4: ETS | C4: home battery | D4: EV battery | E4: GSHP/HPWH
A5: capacity (kWh) | B5: 120 | C5: 13.5 | D5: 98 | E5: na
A6: lifetime (yrs) | B6: 15 | C6: 10 | D6: 15 | E6: 20
A7: upfront cost ($) | B7: =Input!B2 -> 10000 | C7: =Input!B14 -> 21500 | D7: =Input!B27 -> 9950 | E7: =Input!B47-Input!B39 -> 8000
A8: annualized cost ($) | B8: =Input!B3 -> 1029.6276 | C8: =Input!B16 -> 2921.1611 | D8: =Input!B29 -> 1024.4795 | E8: =Input!B49 -> 697.47646
A9: maximum duration of peak reduction (hrs) | B9: =Input!B9 -> 13.371216 | C9: =Input!B20 -> 2.43 | D9: =Input!B33 -> 9.19 | E9: na
A10: kW saved in 2023/24 winter peak | B10: ='ON power outcomes'!H4-'ON power outcomes'!H5 -> 3.9778187 | C10: ='ON power outcomes'!H4-'ON power outcomes'!H6 -> 4.8639898 | D10: ='ON power outcomes'!H4-'ON power outcomes'!H7 -> 5.0023173 | E10: ='ON power outcomes'!H4-'ON power outcomes'!H8 -> 2.8905582
A11: annualized cost per W-year in winter 2023/24 peak | B11: =B8/B10 -> 258.84228 | C11: =C8/C10 -> 600.56892 | D11: =D8/D10 -> 204.80098 | E11: =E8/E10 -> 241.29473
A12: cost savings/installation/yr | B12: =(B15-B11)*B10 -> 1372.2372 | C12: =(C15-C11)*C10 -> 15.786808 | D12: =(D15-D11)*D10 -> 1995.9926 | E12: =(E15-E11)*E10 -> 1047.8847
A13: kW saved in extreme cold event | B13: ='ON power outcomes'!G4-'ON power outcomes'!G5 -> 8.956108 | C13: ='ON power outcomes'!G4-'ON power outcomes'!G6 -> 4.9999933 | D13: ='ON power outcomes'!G4-'ON power outcomes'!G7 -> 9.2455345 | E13: ='ON power outcomes'!G4-'ON power outcomes'!G8 -> 6.1368717
A14: annualized cost per kW-year in extreme cold event | B14: =B8/B13 -> 114.96374 | C14: =C8/C13 -> 584.233 | D14: =D8/D13 -> 110.80803 | E14: =E8/E13 -> 113.65342
A15: annualized capital cost per kW of wind + storage | B15: =Input!$B135 -> 603.81457 | C15: =Input!$B135 -> 603.81457 | D15: =Input!$B135 -> 603.81457 | E15: =Input!$B135 -> 603.81457
A16: cost savings/household/yr | B16: =(B15-B14)*B13 -> 4378.2008 | C16: =(C15-C14)*C13 -> 97.9077 | D16: =(D15-D14)*D13 -> 4558.1089 | E16: =(E15-E14)*E13 -> 3008.0561

Sheet assumptions
A1: assumptions
A3: ducted central system, assumes that the ductwork can accommodate the increased air flow
A4: average 36,000 BTU/hr heat loss at -20'C
A5: sized for heating at design temperature according to NRCan Heat Pump sizing and selection guide, option D https://www.nrcan.gc.ca/sites/nrcan/files/canmetenergy/pdf/ASHP%20Sizing%20and%20Selection%20Guide%20(EN).pdf
A6: design temperatures for cities based on NRCan heat pump sizing tool
B7: Toronto | C7: -18'C
B8: Thunder Bay | C8: -31
B9: Windsor | C9: -19
B10: Ottawa | C10: -24
B11: Kapuskasing | C11: -34
B12: North Bay | C12: -28
A13: indoor air temperature of 20-21'C
A14: where heat pump data was not available at lower temperatures, the average power draw at higher temperatures was used and the capacity was linearly extrapolated from the capacity at higher temperatures
A15: assume the backup heater comes on once the heating load exceeds the heat pump capacity to generate the heating shortfall
A16: assumes max 10 KW backup heater for Southern areas, and 15 kW backup heater for Northern areas (Thunder Bay, Kapuskasing, North Bay)
A17: when modelling ASHP at -35'C, assumed only backup heater was providing heat (12 kW used for Northern areas when retrofits are included)
A18: used IESO weather station cities
A19: used Economic region census data for Ontario and for Northern cities (Thunder Bay = Northwest region, North Bay + Kapuskasing = Northeast region)
A20: homes heated with propane, oil and other fuels are treated as though they were heated with NG
A21: assumption that improved ASHP model has a seasonal COP of 3.0
A22: assumed homes use the same heating type to heat water as they do for space heating (eg heat pumps, electric resistance, gas)
A23: heating load does not including effect of heating penalty from HPWH
A24: existing gas, heat pump and electric resistance heating are evenly distributed across the province
... A53: North Bay + Kapuskasing = Northeast

Sheet formulas
A1: Formulas used
A3: See report for further details
A6: ASHP
A21: GSHP
A32: ASHP with home or EV batteries
A37: kWh energy use
A48: Cost of meeting a 1 kW increase in demand with wind energy and utility-scale storage
A51: Row Number | B51: Input | C51: Cost | D51: Source
A52: 1 | B52: Capital Cost of Wind Energy | C52: $1,955 per kW[1] | D52: Clean Energy Canada
A53: 2 | B53: Annualized Capital Cost of Wind Energy | C53: $140 per kW-Year[2]
A54: 3 | B54: Capital Cost of 8-Hour Energy Storage | C54: $4,810 per kW[3] | D54: Clean Energy Canada
A55: 4 | B55: Annualized Capital Cost of 8-Hour Storage | C55: $574 per kW-Year[4]
A56: 5 | B56: Annualized Capital Cost of 1 kW of wind and storage capacity | C56: $484 per kW-Year[5] | D56: Clean Energy Canada
A57: 6 | B57: Generation Reserve Margin Adder | C57: $57 per kW-Year[6] | D57: North American Electric Reliability Corporation
A58: 7 | B58: Transmission Loss Adder | C58: $15 per kW-Year[7] | D58: IESO
A59: 8 | B59: Distribution Loss Adder | C59: $16 per kW-Year[8] | D59: Alectra
A60: 9 | B60: Total Annualized Capital Cost of Wind and Storage Capacity to meet 1 kW increase in customer demand [Rows: 5+6+7+8] | C60: $573 per kW-Year
A61: 10 | B61: Annualized Capital Cost of Additional Transmission capacity including transmission loss adder | C61: $30 per kW-Year[9] | D61: Dunsky Report for IESO
A62: 11 | B62: Annualized Capital Cost of Additional Distribution capacity including distribution loss adder | C62: $1 per kW-Year[10] | D62: Dunsky Report for IESO
A63: 12 | B63: Total Annualized Capital Cost of Meeting 1 kW increase in consumer demand [Rows: 9+10+11] | C63: $604 per kW-Year
A66: [1] See the Workbook for Clean Energy Canada’s A Renewables Powerhouse. https://cleanenergycanada.org/report/a-renewables-powerhouse
A67: [2] According to Clean Energy Canada’s Workbook, the expected economic life of new wind turbines is 31 years. We have amortized the capital cost over 31 years using a 6% cost of capital.
A68: [3] See the Workbook for Clean Energy Canada’s A Renewables Powerhouse.
A69: [4] According to Clean Energy Canada’s Workbook, the expected life of a new energy storage facility is 12 years. We have amortized the capital cost over 12 years using a 6% cost of capital.
A70: [5] The Clean Energy Canada report uses an energy storage to wind ratio of 60%. The combined cost is $140 per kW-Year + [$574 per kW-Year x 0.6]. Email from Evan Pivnick, Program Manager, Clean Energy Canada to Jack Gibbons, Ontario Clean Air Alliance (March 20, 2023).
A71: [6] Ontario’s generation reserve margin for the winter of 2022-23 was 11.8%. The reserve margin is the amount of capacity the grid needs to have available over and above the peak demand under normal weather conditions. North American Electric Reliability Corporation, 2022-2023 Winter Reliability Assessment, (November 2022), page 38.
A72: [7] To meet a 1 kW increase in customer demand, wind generation and storage capacity must be increased by 2.8% to account for the 2.8% energy loss in the transmission system during the winter peak. Email from Customer Relations, IESO to Jack Gibbons, Ontario Clean Air Alliance, (February 13, 2023).
A73: [8] To meet a 1 kW increase in customer demand, wind generation and storage capacity must be increased to account for the energy loss in the distribution system during the winter peak. Alectra Utilities’ distribution losses during the peak winter hour are 2.92%. Email from Tom Wasik, Vice President, Asset Management, Alectra Utilities, to Jack Gibbons, Ontario Clean Air Alliance, (March 7, 2023).
A74: [9] According to a report for the IESO, the cost of new transmission capacity is $116.80 per MW-day. According to Colin Campbell of the IESO, this cost can be converted to an annual cost by multiplying it by 250 days. We have also increased the cost by 1.028 to account for the need for additional capacity to account for transmission losses. Dunsky, Ontario’s Distributed Energy Resources Potential Study, Vol 2, (2022), page 29; and Email from Colin Campbell, IESO to Jack Gibbons, Ontario Clean Air Alliance, (January 19, 2023).
A75: [10] According to a report for the IESO, the cost of new distribution capacity is $4.46 per MW-day. According to Colin Campbell of the IESO, this cost can be converted to an annual cost by multiplying it by 250 days. We have also increased the cost by 1.0292 to account for the need for additional capacity to account for distribution losses. Dunsky, Ontario’s Distributed Energy Resources Potential Study, Vol 2, (2022), page 29; and Email from Colin Campbell, IESO to Jack Gibbons, Ontario Clean Air Alliance, (January 19, 2023).

Sheet ON power outcomes
A2: Figure 1
B3: local afternoon maximum | G3: extreme winter day | H3: local afternoon maximum
A4: ='regional outcomes'!A18 -> ASHP +HPWH | B4: ='Fig 8'!C6 -> 5.0023173 | D4: =B5/B4 -> 0.20480481 | F4: ASHP +HPWH | G4: ='Fig 8'!E6 -> 9.9806067 | H4: ='Fig 8'!C6 -> 5.0023173
A5: ='regional outcomes'!A19 -> ASHP with ETS for peak hours + HPWH | B5: ='Fig 8'!C7 -> 1.0244986 | D5: =B10/B4 -> 1.8430897 | F5: ASHP with ETS for peak hours + HPWH | G5: ='Fig 8'!E7 -> 1.0244986 | H5: ='Fig 8'!C7 -> 1.0244986 | I5: =H5/H4 -> 0.20480481
A6: ='regional outcomes'!A20 -> ASHP/HPWH powered with home batteries | B6: ='Fig 8'!C8 -> 0.13832748 | C6: =B6/B4 -> 0.027652679 | F6: ASHP/HPWH powered with home batteries | G6: ='Fig 8'!E8 -> 4.9806133 | H6: ='Fig 8'!C8 -> 0.13832748
A7: ='regional outcomes'!A21 -> ASHP/HPWH powered with EV battery | B7: ='Fig 8'!C9 -> 0 | F7: ASHP/HPWH powered with EV battery | G7: ='Fig 8'!E9 -> 0.73507219 | H7: ='Fig 8'!C9 -> 0
A8: ='regional outcomes'!A22 -> GSHP/HPWH | B8: ='Fig 8'!C10 -> 2.1117592 | D8: =B8/B4 -> 0.42215618 | F8: GSHP/HPWH | G8: ='Fig 8'!E10 -> 3.843735 | H8: ='Fig 8'!C10 -> 2.1117592
A9: ='regional outcomes'!A23 -> Fossil gas space and water heating | B9: ='Fig 8'!C11 -> 0.6719991 | F9: Fossil gas space and water heating | G9: ='Fig 8'!E11 -> 0.6719991 | H9: ='Fig 8'!C11 -> 0.6719991
A10: ='regional outcomes'!A24 -> Electric resistance space and water heating | B10: ='Fig 8'!C12 -> 9.2197197 | F10: Electric resistance space and water heating | G10: ='Fig 8'!E12 -> 12.168171 | H10: ='Fig 8'!C12 -> 9.2197197
B30: Annual kWh energy use for space heating | C30: Annual GJ energy use for space heating | D30: Annual GJ energy use for water heating | E30: Annual GJ heating penalty for HPWH | F30: assumptions
A31: ='regional outcomes'!A18 -> ASHP +HPWH | B31: =(C31+D31+E31)/Input!B$87 -> 9017.9012 | C31: =Input!B84/Input!B43 -> 27.62963 | D31: =Input!B86/Input!B68 -> 2.8533333 | E31: =6/12*Input!B86/Input!B43 -> 1.9814815 | F31: includes heating penalty but not cooling benefit
A32: ='regional outcomes'!A19 -> ASHP with ETS for peak hours + HPWH | B32: =(C32+D32+E32)/Input!B$87 -> 12391.482 | C32: =(6/24*5/7*Input!B$84/Input!B5+(1-6/24*5/7)*Input!B$84/Input!B$43) -> 39.774522 | D32: =D$31 -> 2.8533333 | E32: =E$31 -> 1.9814815 | F32: ETS used 6 hours/day 5 days a week during heating season
A33: ='regional outcomes'!A20 -> ASHP/HPWH powered with home batteries | B33: =(C33+D33+E33)/Input!B$87 -> 9081.8587 | C33: =(2/24*Input!B84/Input!B43*(1-Input!B19) + Input!B84/Input!B43) -> 27.859877 | D33: =D$31 -> 2.8533333 | E33: =E$31 -> 1.9814815 | F33: batteries used 2 hours/day 7 days a week during heating season
A34: ='regional outcomes'!A21 -> ASHP/HPWH powered with EV battery | B34: =(C34+D34+E34)/Input!B$87 -> 9145.5029 | C34: =(4/24*Input!B84/Input!B43*(1-Input!B32) + Input!B84/Input!B43) -> 28.088996 | D34: =D$31 -> 2.8533333 | E34: =E$31 -> 1.9814815 | F34: EV battery used 4 hours/day 7 days a week during heating season
A35: ='regional outcomes'!A22 -> GSHP/HPWH | B35: =(C35+D35+E35)/Input!B$87 -> 6197.7227 | C35: =Input!B84/Input!B52 -> 20.162162 | D35: =0.5*Input!B86/Input!B68+ 0.25*Input!B86/Input!B52 -> 2.1496396 | F35: assumes 50% of water heater heat comes from EWH, 25% from GSHP in winter, 25% free heat from GSHP in summer
A36: ='regional outcomes'!A23 -> Fossil gas space and water heating | B36: =(C36+D36+E36)/Input!B$87 -> 26249.018 | C36: =Input!B84/Input!B61 -> 78.526316 | D36: =Input!B86/Input!B63 -> 15.970149
A37: ='regional outcomes'!A24 -> Electric resistance space and water heating | B37: =(C37+D37+E37)/Input!B$87 -> 23988.4 | C37: =Input!B84/Input!B57 -> 74.6 | D37: =Input!B86/Input!B76 -> 11.758242

Sheet steady adoption
A2: Ontario increased peak hour power draw for space and water heating (GW) | K2: difference between projected winter peak (21.3 GW) and 2022 APO winter 2023/24 effective capacity (29.7 GW)
K3: 8.4
A4: condition | B4: year | C4: % adoption | D4: at local morning miniumum | E4: 2023/24 peak hour | F4: at local evening minimum | G4: extreme cold (5'C below design temp) | H4: 2023/24 peak hour with all tech | I4: morning min with tech in 50% of BAU+ adoption | J4: extreme cold with all tech | K4: current peak | L4: current maximum capacity
A5: 100% gas and electric | C5: 0 | D5: =(Input!$B110*'steady adoption'!B54+(1-Input!$B110)*'steady adoption'!B53)*Input!$B106/1000000 -> 8.6651829 | E5: =(Input!$B110*'steady adoption'!C54+(1-Input!$B110)*'steady adoption'!C53)*Input!$B106/1000000 -> 7.8067678 | F5: =(Input!$B110*'steady adoption'!D54+(1-Input!$B110)*'steady adoption'!D53)*Input!$B106/1000000 -> 7.9967973 | G5: =(Input!$B110*'steady adoption'!E54+(1-Input!$B110)*'steady adoption'!E53)*Input!$B106/1000000 -> 9.6300356 | H5: =E26 -> 7.8067678 | I5: =G26 -> 8.6651829 | J5: =H26 -> 9.6300356 | K5: =$E$6 -> 8.7931229 | L5: =K5+K$3 -> 17.193123
A6: current mix | B6: 2023 | C6: =Input!B108 -> 0.09 | D6: =($C6*B48+Input!$B107*B54+(1-$C6-Input!$B107)*B53)*Input!$B106/1000000 -> 10.243716 | E6: =($C6*C48+Input!$B107*C54+(1-$C6-Input!$B107)*C53)*Input!$B106/1000000 -> 8.7931229 | F6: =($C6*D48+Input!$B107*D54+(1-$C6-Input!$B107)*D53)*Input!$B106/1000000 -> 9.0961144 | G6: =($C6*E48+Input!$B107*E54+(1-$C6-Input!$B107)*E53)*Input!$B106/1000000 -> 12.133148 | H6: =E27 -> 8.0868432 | I6: =G27 -> 9.3038697 | J6: =H27 -> 10.89493 | K6: =$E$6 -> 8.7931229 | L6: =K6+K$3 -> 17.193123
A7: ASHP +HPWH | B7: 2024 | C7: =C6+0.0607 -> 0.1507 | D7: =$C7*D$21+(1-$C7)*D$5 -> 11.308349 | E7: =$C7*E$21+(1-$C7)*E$5 -> 9.4583645 | F7: =$C7*F$21+(1-$C7)*F$5 -> 9.8375427 | G7: =$C7*G$21+(1-$C7)*G$5 -> 13.821358 | H7: =E28 -> 8.279784 | I7: =G28 -> 9.7438539 | J7: =H28 -> 11.766301 | K7: =$E$6 -> 8.7931229 | L7: =K7+K$3 -> 17.193123
A8: ASHP +HPWH | B8: 2025 | C8: =C7+0.0607 -> 0.2114 | D8: =$C8*D$21+(1-$C8)*D$5 -> 12.372982 | E8: =$C8*E$21+(1-$C8)*E$5 -> 10.123606 | F8: =$C8*F$21+(1-$C8)*F$5 -> 10.578971 | G8: =$C8*G$21+(1-$C8)*G$5 -> 15.509569 | H8: =E29 -> 8.4727248 | I8: =G29 -> 10.183838 | J8: =H29 -> 12.637673 | K8: =$E$6 -> 8.7931229 | L8: =K8+K$3 -> 17.193123
A9: ASHP +HPWH | B9: 2026 | C9: =C8+0.0607 -> 0.2721 | D9: =$C9*D$21+(1-$C9)*D$5 -> 13.437615 | E9: =$C9*E$21+(1-$C9)*E$5 -> 10.788848 | F9: =$C9*F$21+(1-$C9)*F$5 -> 11.320399 | G9: =$C9*G$21+(1-$C9)*G$5 -> 17.197779 | H9: =E30 -> 8.6656656 | I9: =G30 -> 10.623822 | J9: =H30 -> 13.509044 | K9: =$E$6 -> 8.7931229 | L9: =K9+K$3 -> 17.193123
A10: ASHP +HPWH | B10: 2027 | C10: =C9+0.0607 -> 0.3328 | D10: =$C10*D$21+(1-$C10)*D$5 -> 14.502248 | E10: =$C10*E$21+(1-$C10)*E$5 -> 11.45409 | F10: =$C10*F$21+(1-$C10)*F$5 -> 12.061828 | G10: =$C10*G$21+(1-$C10)*G$5 -> 18.885989 | H10: =E31 -> 8.8586064 | I10: =G31 -> 11.063807 | J10: =H31 -> 14.380416 | K10: =$E$6 -> 8.7931229 | L10: =K10+K$3 -> 17.193123
A11: ASHP +HPWH | B11: 2028 | C11: =C10+0.0607 -> 0.3935 | D11: =$C11*D$21+(1-$C11)*D$5 -> 15.566881 | E11: =$C11*E$21+(1-$C11)*E$5 -> 12.119331 | F11: =$C11*F$21+(1-$C11)*F$5 -> 12.803256 | G11: =$C11*G$21+(1-$C11)*G$5 -> 20.574199 | H11: =E32 -> 9.0515472 | I11: =G32 -> 11.503791 | J11: =H32 -> 15.251787 | K11: =$E$6 -> 8.7931229 | L11: =K11+K$3 -> 17.193123
A12: ASHP +HPWH | B12: 2029 | C12: =C11+0.0607 -> 0.4542 | D12: =$C12*D$21+(1-$C12)*D$5 -> 16.631514 | E12: =$C12*E$21+(1-$C12)*E$5 -> 12.784573 | F12: =$C12*F$21+(1-$C12)*F$5 -> 13.544684 | G12: =$C12*G$21+(1-$C12)*G$5 -> 22.26241 | H12: =E33 -> 9.244488 | I12: =G33 -> 11.943775 | J12: =H33 -> 16.123159 | K12: =$E$6 -> 8.7931229 | L12: =K12+K$3 -> 17.193123
A13: ASHP +HPWH | B13: 2030 | C13: =C12+0.0607 -> 0.5149 | D13: =$C13*D$21+(1-$C13)*D$5 -> 17.696147 | E13: =$C13*E$21+(1-$C13)*E$5 -> 13.449815 | F13: =$C13*F$21+(1-$C13)*F$5 -> 14.286112 | G13: =$C13*G$21+(1-$C13)*G$5 -> 23.95062 | H13: =E34 -> 9.4374288 | I13: =G34 -> 12.383759 | J13: =H34 -> 16.99453 | K13: =$E$6 -> 8.7931229 | L13: =K13+K$3 -> 17.193123
A14: ASHP +HPWH | B14: 2031 | C14: =C13+0.0607 -> 0.5756 | D14: =$C14*D$21+(1-$C14)*D$5 -> 18.76078 | E14: =$C14*E$21+(1-$C14)*E$5 -> 14.115056 | F14: =$C14*F$21+(1-$C14)*F$5 -> 15.027541 | G14: =$C14*G$21+(1-$C14)*G$5 -> 25.63883 | H14: =E35 -> 9.6303696 | I14: =G35 -> 12.823743 | J14: =H35 -> 17.865901 | K14: =$E$6 -> 8.7931229 | L14: =K14+K$3 -> 17.193123
A15: ASHP +HPWH | B15: 2032 | C15: =C14+0.0607 -> 0.6363 | D15: =$C15*D$21+(1-$C15)*D$5 -> 19.825413 | E15: =$C15*E$21+(1-$C15)*E$5 -> 14.780298 | F15: =$C15*F$21+(1-$C15)*F$5 -> 15.768969 | G15: =$C15*G$21+(1-$C15)*G$5 -> 27.32704 | H15: =E36 -> 9.8233104 | I15: =G36 -> 13.263728 | J15: =H36 -> 18.737273 | K15: =$E$6 -> 8.7931229 | L15: =K15+K$3 -> 17.193123
A16: ASHP +HPWH | B16: 2033 | C16: =C15+0.0607 -> 0.697 | D16: =$C16*D$21+(1-$C16)*D$5 -> 20.890046 | E16: =$C16*E$21+(1-$C16)*E$5 -> 15.44554 | F16: =$C16*F$21+(1-$C16)*F$5 -> 16.510397 | G16: =$C16*G$21+(1-$C16)*G$5 -> 29.015251 | H16: =E37 -> 10.016251 | I16: =G37 -> 13.703712 | J16: =H37 -> 19.608644 | K16: =$E$6 -> 8.7931229 | L16: =K16+K$3 -> 17.193123
A17: ASHP +HPWH | B17: 2034 | C17: =C16+0.0607 -> 0.7577 | D17: =$C17*D$21+(1-$C17)*D$5 -> 21.954679 | E17: =$C17*E$21+(1-$C17)*E$5 -> 16.110781 | F17: =$C17*F$21+(1-$C17)*F$5 -> 17.251826 | G17: =$C17*G$21+(1-$C17)*G$5 -> 30.703461 | H17: =E38 -> 10.209192 | I17: =G38 -> 14.143696 | J17: =H38 -> 20.480016 | K17: =$E$6 -> 8.7931229 | L17: =K17+K$3 -> 17.193123
A18: ASHP +HPWH | B18: 2035 | C18: =C17+0.0607 -> 0.8184 | D18: =$C18*D$21+(1-$C18)*D$5 -> 23.019312 | E18: =$C18*E$21+(1-$C18)*E$5 -> 16.776023 | F18: =$C18*F$21+(1-$C18)*F$5 -> 17.993254 | G18: =$C18*G$21+(1-$C18)*G$5 -> 32.391671 | H18: =E39 -> 10.402133 | I18: =G39 -> 14.58368 | J18: =H39 -> 21.351387 | K18: =$E$6 -> 8.7931229 | L18: =K18+K$3 -> 17.193123
... A20: ASHP +HPWH | B20: 2037 | C20: =C19+0.0607 -> 0.9398 | D20: =$C20*D$21+(1-$C20)*D$5 -> 25.148578 | E20: =$C20*E$21+(1-$C20)*E$5 -> 18.106507 | F20: =$C20*F$21+(1-$C20)*F$5 -> 19.47611 | G20: =$C20*G$21+(1-$C20)*G$5 -> 35.768092 | H20: =E41 -> 10.788014 | I20: =G41 -> 15.463649 | J20: =H41 -> 23.09413 | K20: =$E$6 -> 8.7931229 | L20: =K20+K$3 -> 17.193123
A21: ASHP + HPWH | B21: 2038 | C21: =C20+0.0607 -> 1.0005 | D21: =B48*Input!$B106/1000000 -> 26.204441 | E21: =C48*Input!$B106/1000000 -> 18.766268 | F21: =D48*Input!$B106/1000000 -> 20.211431 | G21: =E48*Input!$B106/1000000 -> 37.442396 | H21: =E42 -> 10.918716 | I21: =G42 -> 15.761702 | J21: =H42 -> 23.684414 | K21: =$E$6 -> 8.7931229 | L21: =K21+K$3 -> 17.193123
A23: Ontario increased peak hour power draw for space and water heating (GW) from 2023 levels at afternoon maximum
A25: condition | B25: year | C25: % adoption | D25: no tech | E25: with tech in 50% of homes | F25: no tech morning | G25: with tech in 50% of homes | H25: extreme with tech
A26: 100% gas and electric | C26: 0 | D26: =(Input!$B110*'steady adoption'!C54+(1-Input!$B110)*'steady adoption'!C53)*Input!$B106/1000000 -> 7.8067678 | E26: =(Input!$B110*'steady adoption'!C54+(1-Input!$B110)*'steady adoption'!C53)*Input!$B106/1000000 -> 7.8067678 | F26: =D5 -> 8.6651829 | G26: =D5 -> 8.6651829 | H26: =G5 -> 9.6300356
A27: current mix | B27: 2023 | C27: =Input!B108 -> 0.09 | D27: =($C27*C48+Input!$B107*C54+(1-$C27-Input!$B107)*C53)*Input!$B106/1000000 -> 8.7931229 | E27: =$C27*E$42+(1-$C27)*E$26 -> 8.0868432 | F27: =D6 -> 10.243716 | G27: =$C27*G$42+(1-$C27)*G$26 -> 9.3038697 | H27: =$C27*H$42+(1-$C27)*H$26 -> 10.89493
A28: ASHP +HPWH | B28: 2024 | C28: =C27+0.062 -> 0.152 | D28: =$C28*D$42+(1-$C28)*D$26 -> 9.4726119 | E28: =$C28*E$42+(1-$C28)*E$26 -> 8.279784 | F28: =D7 -> 11.308349 | G28: =$C28*G$42+(1-$C28)*G$26 -> 9.7438539 | H28: =$C28*H$42+(1-$C28)*H$26 -> 11.766301
A29: ASHP +HPWH | B29: 2025 | C29: =C28+0.062 -> 0.214 | D29: =$C29*D$42+(1-$C29)*D$26 -> 10.152101 | E29: =$C29*E$42+(1-$C29)*E$26 -> 8.4727248 | F29: =D8 -> 12.372982 | G29: =$C29*G$42+(1-$C29)*G$26 -> 10.183838 | H29: =$C29*H$42+(1-$C29)*H$26 -> 12.637673
A30: ASHP +HPWH | B30: 2026 | C30: =C29+0.062 -> 0.276 | D30: =$C30*D$42+(1-$C30)*D$26 -> 10.83159 | E30: =$C30*E$42+(1-$C30)*E$26 -> 8.6656656 | F30: =D9 -> 13.437615 | G30: =$C30*G$42+(1-$C30)*G$26 -> 10.623822 | H30: =$C30*H$42+(1-$C30)*H$26 -> 13.509044
A31: ASHP +HPWH | B31: 2027 | C31: =C30+0.062 -> 0.338 | D31: =$C31*D$42+(1-$C31)*D$26 -> 11.511079 | E31: =$C31*E$42+(1-$C31)*E$26 -> 8.8586064 | F31: =D10 -> 14.502248 | G31: =$C31*G$42+(1-$C31)*G$26 -> 11.063807 | H31: =$C31*H$42+(1-$C31)*H$26 -> 14.380416
A32: ASHP +HPWH | B32: 2028 | C32: =C31+0.062 -> 0.4 | D32: =$C32*D$42+(1-$C32)*D$26 -> 12.190568 | E32: =$C32*E$42+(1-$C32)*E$26 -> 9.0515472 | F32: =D11 -> 15.566881 | G32: =$C32*G$42+(1-$C32)*G$26 -> 11.503791 | H32: =$C32*H$42+(1-$C32)*H$26 -> 15.251787
A33: ASHP +HPWH | B33: 2029 | C33: =C32+0.062 -> 0.462 | D33: =$C33*D$42+(1-$C33)*D$26 -> 12.870057 | E33: =$C33*E$42+(1-$C33)*E$26 -> 9.244488 | F33: =D12 -> 16.631514 | G33: =$C33*G$42+(1-$C33)*G$26 -> 11.943775 | H33: =$C33*H$42+(1-$C33)*H$26 -> 16.123159
A34: ASHP +HPWH | B34: 2030 | C34: =C33+0.062 -> 0.524 | D34: =$C34*D$42+(1-$C34)*D$26 -> 13.549546 | E34: =$C34*E$42+(1-$C34)*E$26 -> 9.4374288 | F34: =D13 -> 17.696147 | G34: =$C34*G$42+(1-$C34)*G$26 -> 12.383759 | H34: =$C34*H$42+(1-$C34)*H$26 -> 16.99453
A35: ASHP +HPWH | B35: 2031 | C35: =C34+0.062 -> 0.586 | D35: =$C35*D$42+(1-$C35)*D$26 -> 14.229035 | E35: =$C35*E$42+(1-$C35)*E$26 -> 9.6303696 | F35: =D14 -> 18.76078 | G35: =$C35*G$42+(1-$C35)*G$26 -> 12.823743 | H35: =$C35*H$42+(1-$C35)*H$26 -> 17.865901
A36: ASHP +HPWH | B36: 2032 | C36: =C35+0.062 -> 0.648 | D36: =$C36*D$42+(1-$C36)*D$26 -> 14.908524 | E36: =$C36*E$42+(1-$C36)*E$26 -> 9.8233104 | F36: =D15 -> 19.825413 | G36: =$C36*G$42+(1-$C36)*G$26 -> 13.263728 | H36: =$C36*H$42+(1-$C36)*H$26 -> 18.737273
A37: ASHP +HPWH | B37: 2033 | C37: =C36+0.062 -> 0.71 | D37: =$C37*D$42+(1-$C37)*D$26 -> 15.588013 | E37: =$C37*E$42+(1-$C37)*E$26 -> 10.016251 | F37: =D16 -> 20.890046 | G37: =$C37*G$42+(1-$C37)*G$26 -> 13.703712 | H37: =$C37*H$42+(1-$C37)*H$26 -> 19.608644
A38: ASHP +HPWH | B38: 2034 | C38: =C37+0.062 -> 0.772 | D38: =$C38*D$42+(1-$C38)*D$26 -> 16.267502 | E38: =$C38*E$42+(1-$C38)*E$26 -> 10.209192 | F38: =D17 -> 21.954679 | G38: =$C38*G$42+(1-$C38)*G$26 -> 14.143696 | H38: =$C38*H$42+(1-$C38)*H$26 -> 20.480016
A39: ASHP +HPWH | B39: 2035 | C39: =C38+0.062 -> 0.834 | D39: =$C39*D$42+(1-$C39)*D$26 -> 16.946991 | E39: =$C39*E$42+(1-$C39)*E$26 -> 10.402133 | F39: =D18 -> 23.019312 | G39: =$C39*G$42+(1-$C39)*G$26 -> 14.58368 | H39: =$C39*H$42+(1-$C39)*H$26 -> 21.351387
... A41: ASHP +HPWH | B41: 2037 | C41: =C40+0.062 -> 0.958 | D41: =$C41*D$42+(1-$C41)*D$26 -> 18.305969 | E41: =$C41*E$42+(1-$C41)*E$26 -> 10.788014 | F41: =D20 -> 25.148578 | G41: =$C41*G$42+(1-$C41)*G$26 -> 15.463649 | H41: =$C41*H$42+(1-$C41)*H$26 -> 23.09413
A42: ASHP + HPWH | B42: 2038 | C42: =C41+0.062 -> 1.02 | D42: =C48*Input!$B106/1000000 -> 18.766268 | E42: ='ON 2024 peak'!C17 -> 10.918716 | F42: =D21 -> 26.204441 | G42: ='ON 2024 peak'!AF16 -> 15.761702 | H42: ='ON 2024 peak'!R16 -> 23.684414
B45: Ontario single home weighted average power draw (kW) | G45: weighted change to ON power draw (electric/furnace subtracted
B46: at local morning miniumu | C46: at local afternoon maximum | D46: at local evening minimum | E46: extreme cold (5'C below design temp) | G46: at local morning miniumu | H46: at local afternoon maximum | I46: at local evening minimum | J46: extreme cold (5'C below design temp)
A48: ASHP +HPWH | B48: ='Fig 8'!B6 -> 6.985029 | C48: ='Fig 8'!C6 -> 5.0023173 | D48: ='Fig 8'!D6 -> 5.3875385 | E48: ='Fig 8'!E6 -> 9.9806067 | G48: ='Fig 8'!H6 -> 4.2544745 | H48: ='Fig 8'!I6 -> 2.6584315 | I48: ='Fig 8'!J6 -> 2.9628875 | J48: ='Fig 8'!K6 -> 6.7464071
A49: ASHP with ETS for peak hours + HPWH | B49: ='Fig 8'!B7 -> 1.0244986 | C49: ='Fig 8'!C7 -> 1.0244986 | D49: ='Fig 8'!D7 -> 1.0244986 | E49: ='Fig 8'!E7 -> 1.0244986 | G49: ='Fig 8'!H7 -> -1.1696081 | H49: ='Fig 8'!I7 -> -0.96138352 | I49: ='Fig 8'!J7 -> -1.0074787 | J49: ='Fig 8'!K7 -> -1.4036512
A50: ASHP/HPWH powered with batteries | B50: ='Fig 8'!B8 -> 2.0944223 | C50: ='Fig 8'!C8 -> 0.13832748 | D50: ='Fig 8'!D8 -> 0.49693182 | E50: ='Fig 8'!E8 -> 4.9806133 | G50: ='Fig 8'!H8 -> -0.19597758 | H50: ='Fig 8'!I8 -> -1.7677993 | I50: ='Fig 8'!J8 -> -1.4875645 | J50: ='Fig 8'!K8 -> 2.1964132
A51: ASHP/HPWH powered with EV battery | B51: ='Fig 8'!B9 -> 0.11024449 | C51: ='Fig 8'!C9 -> 0 | D51: ='Fig 8'!D9 -> 0 | E51: ='Fig 8'!E9 -> 0.73507219 | G51: ='Fig 8'!H9 -> -2.0015794 | H51: ='Fig 8'!I9 -> -1.8936773 | I51: ='Fig 8'!J9 -> -1.9397725 | J51: ='Fig 8'!K9 -> -1.6670292
A52: GSHP/EWH | B52: ='Fig 8'!B10 -> 2.4421047 | C52: ='Fig 8'!C10 -> 2.1117592 | D52: ='Fig 8'!D10 -> 2.1738419 | E52: ='Fig 8'!E10 -> 3.843735 | G52: ='Fig 8'!H10 -> 0.12041343 | H52: ='Fig 8'!I10 -> 0.028023561 | I52: ='Fig 8'!J10 -> 0.038423684 | J52: ='Fig 8'!K10 -> 1.1618539
A53: NG space and water heater | B53: ='Fig 8'!B11 -> 0.6719991 | C53: ='Fig 8'!C11 -> 0.6719991 | D53: ='Fig 8'!D11 -> 0.6719991 | E53: ='Fig 8'!E11 -> 0.6719991
A54: electric resistance space and water heating | B54: ='Fig 8'!B12 -> 10.607884 | C54: ='Fig 8'!C12 -> 9.2197197 | D54: ='Fig 8'!D12 -> 9.527021 | E54: ='Fig 8'!E12 -> 12.168171
A56: Ontario increased peak hour power draw for space and water heating (GW)
B57: % adoption | C57: at local morning miniumu | D57: at local afternoon maximum | E57: at local evening minimum | F57: extreme cold (5'C below design temp)
A58: ASHP +HPWH | B58: 1 | C58: =G48*Input!$B$106/1000000 -> 15.960725 | D58: =H48*Input!$B$106/1000000 -> 9.9731456 | E58: =I48*Input!$B$106/1000000 -> 11.115317 | F58: =J48*Input!$B$106/1000000 -> 25.309248
A59: ASHP with ETS for peak hours + HPWH | B59: 1 | C59: =G49*Input!$B$106/1000000 -> -4.3878025 | D59: =H49*Input!$B$106/1000000 -> -3.6066447 | E59: =I49*Input!$B$106/1000000 -> -3.7795715 | F59: =J49*Input!$B$106/1000000 -> -5.2658184
A60: ASHP/HPWH powered with batteries | B60: 1 | C60: =G50*Input!$B$106/1000000 -> -0.73521282 | D60: =H50*Input!$B$106/1000000 -> -6.6319255 | E60: =I50*Input!$B$106/1000000 -> -5.5806206 | F60: =J50*Input!$B$106/1000000 -> 8.2398771
A61: ASHP/HPWH powered with EV battery | B61: 1 | C61: =G51*Input!$B$106/1000000 -> -7.5089552 | D61: =H51*Input!$B$106/1000000 -> -7.1041587 | E61: =I51*Input!$B$106/1000000 -> -7.2770855 | F61: =J51*Input!$B$106/1000000 -> -6.2538851
A62: GSHP/EWH | B62: 1 | C62: =G52*Input!$B$106/1000000 -> 0.45173279 | D62: =H52*Input!$B$106/1000000 -> 0.10513081 | E62: =I52*Input!$B$106/1000000 -> 0.14414703 | F62: =J52*Input!$B$106/1000000 -> 4.3587123

Sheet ON 2024 peak
A2: 100% cASHP adoption with and without other tech at projected winter 2023/2024 peak
A3: winter peak is projected to occur at afternoon maximum
A4: Need to ID available capacity!
P6: At extreme cold temperature | AD6: At morning minimum
A7: At local afternoon maximum | G7: utility savings by investing in peak mitigation technologies
A8: current heating/water heating power draw | B8: ='steady adoption'!E6 -> 8.7931229 | P8: current heating/water heating power draw | Q8: ='steady adoption'!G6 -> 12.133148 | AD8: current heating/water heating power draw | AE8: ='steady adoption'!D6 -> 10.243716
B9: % adoption | C9: power draw | D9: net increase | H9: decreased power draw | I9: cost ($M) | J9: cost savings ($M) | Q9: % adoption | R9: power draw | S9: net increase | AE9: % adoption | AF9: power draw | AG9: net increase
A10: existing mix of space and water heating systems | C10: ='steady adoption'!E6 -> 8.7931229 | G10: ASHP/HPWH | H10: =D$11-D11 -> 0 | I10: =H10*604 -> 0 | P10: ASHP +HPWH | R10: =E41*Input!$B$106/1000000 -> 37.442396 | S10: =R10-Q$8 -> 25.309248 | AD10: ASHP +HPWH | AF10: =B41*Input!$B$106/1000000 -> 26.204441 | AG10: =AF10-AE$8 -> 15.960725
A11: 100% of homes have ASHPs and HPWHs | C11: =C41*Input!$B$106/1000000 -> 18.766268 | D11: =C11-B$8 -> 9.9731456 | G11: ASHP/HPWH + ETS | H11: =D$11-D12 -> 14.922846 | I11: =H11*604 -> 9013.3993 | J11: =I11-B12*Input!B$106*Input!B3/1000000 -> 5150.7357 | P11: ASHP with ETS for peak hours + HPWH | Q11: =B12 -> 1 | R11: =(E42*Q11+E$41*(1-Q11))*Input!B$106/1000000 -> 3.843422 | S11: =R11-Q$8 -> -8.289726 | AD11: ASHP with ETS for peak hours + HPWH | AE11: =B12 -> 1 | AF11: =(B42*AE11+B$41*(1-AE11))*Input!B$106/1000000 -> 3.843422 | AG11: =AF11-AE$8 -> -6.4002942
A12: ASHP/HPWH + ETS | B12: 1 | C12: =(C42*B12+C$41*(1-B12))*Input!B$106/1000000 -> 3.843422 | D12: =C12-B$8 -> -4.9497009 | G12: ASHP/HPWH + home batteries | H12: =D$11-D13 -> 18.247331 | I12: =H12*604 -> 11021.388 | J12: =I12-B13*Input!B$106*Input!B16/1000000 -> 62.60814 | P12: ASHP/HPWH powered with batteries | Q12: =B13 -> 1 | R12: =(E43*Q12+E$41*(1-Q12))*Input!B$106/1000000 -> 18.684846 | S12: =R12-Q$8 -> 6.5516976 | AD12: ASHP/HPWH powered with batteries | AE12: =B13 -> 1 | AF12: =(B43*AE12+B$41*(1-AE12))*Input!B$106/1000000 -> 7.8572568 | AG12: =AF12-AE$8 -> -2.3864594
A13: ASHP/HPWH + home batteries | B13: 1 | C13: =(C43*B13+C$41*(1-B13))*Input!B$106/1000000 -> 0.5189376 | D13: =C13-B$8 -> -8.2741853 | G13: ASHP/HPWH + EV battery | H13: =D$11-D14 -> 18.766268 | I13: =H13*604 -> 11334.826 | J13: =I13-B14*Input!B$106*Input!B29/1000000 -> 7491.4759 | P13: ASHP/HPWH powered with EV battery | Q13: =B14 -> 1 | R13: =(E44*Q13+E$41*(1-Q13))*Input!B$106/1000000 -> 2.7576343 | S13: =R13-Q$8 -> -9.3755137 | AD13: ASHP/HPWH powered with EV battery | AE13: =B14 -> 1 | AF13: =(B44*AE13+B$41*(1-AE13))*Input!B$106/1000000 -> 0.41358387 | AG13: =AF13-AE$8 -> -9.8301323
A14: ASHP/HPWH + EV battery | B14: 1 | C14: =(C44*B14+C$41*(1-B14))*Input!B$106/1000000 -> 0 | D14: =C14-B$8 -> -8.7931229 | E14: =D15/D11 -> -0.087317155 | G14: ASHP/HPWH and GSHP/HPWH | H14: =D$11-D15 -> 10.843972 | I14: =H14*604 -> 6549.7593 | J14: =I14-B15*Input!B$106*(Input!B49+Input!B75)/1000000 -> 4531.8787 | P14: ASHP/HPWH + GSHP/EWH (high adoption) | Q14: =B15 -> 1 | R14: =(E45*Q14+E$41*(1-Q14))*Input!B$106/1000000 -> 14.419829 | S14: =R14-Q$8 -> 2.2866813 | AD14: ASHP/HPWH + GSHP/EWH (high adoption) | AE14: =B15 -> 1 | AF14: =(B45*AE14+B$41*(1-AE14))*Input!B$106/1000000 -> 9.1615926 | AG14: =AF14-AE$8 -> -1.0821236
A15: 100% of homes have GSHPs and HPWHs | B15: 1 | C15: =(C45*B15+C$41*(1-B15))*Input!B$106/1000000 -> 7.9222962 | D15: =C15-B$8 -> -0.8708267 | G15: ASHP/HPWH and GSHP/HPWH (low adoption) | H15: =D$11-D16 -> 10.843972 | I15: =H15*604 -> 6549.7593 | J15: =I15-B16*Input!B$106*(Input!B49+Input!B75)/1000000 -> 4531.8787 | P15: ASHP/HPWH + GSHP/EWH (low adoption) | Q15: =B16 -> 1 | R15: =(E45*Q15+E$41*(1-Q15))*Input!B$106/1000000 -> 14.419829 | S15: =R15-Q$8 -> 2.2866813 | AD15: ASHP/HPWH + GSHP/EWH (low adoption) | AE15: =B16 -> 1 | AF15: =(B45*AE15+B$41*(1-AE15))*Input!B$106/1000000 -> 9.1615926 | AG15: =AF15-AE$8 -> -1.0821236
A16: 100% of homes have GSHPs and HPWHs | B16: 1 | C16: =(C45*B16+C$41*(1-B16))*Input!B$106/1000000 -> 7.9222962 | D16: =C16-B$8 -> -0.8708267 | E16: =D17/D11 -> 0.21313169 | G16: ASHP/HPWH + all tech | H16: =D$11-D17 -> 7.8475523 | I16: =H16*604 -> 4739.9216 | J16: =I16-0.5*(B12*Input!B3+'ON 2024 peak'!B13*Input!B16+'ON 2024 peak'!B14*Input!B29+'ON 2024 peak'!B15*(Input!B49+Input!B75))*Input!B106/1000000 -> -5601.4154 | P16: half of IESO BAU+ combined | R16: =0.5*R17+0.5*R10 -> 23.684414 | S16: =R16-Q$8 -> 11.551266 | AD16: half of IESO BAU+ combined | AF16: =0.5*AF17+0.5*AF10 -> 15.761702 | AG16: =AF16-AE$8 -> 5.5179862 | AH16: =AG16/AG10 -> 0.34572278
A17: ASHP/HPWH + all tech | C17: =0.5*C18+0.5*C11 -> 10.918716 | D17: =C17-B$8 -> 2.1255933 | G17: all combined | H17: =D$11-D18 -> 15.695105 | I17: =H17*604 -> 9479.8431 | P17: all combined | R17: =(Q11*E42+Q12*E43+Q13*E44+Q14*E45)/(Q11+Q12+Q13+Q14)*Input!B106/1000000 -> 9.9264328 | S17: =R17-Q$8 -> -2.2067152 | AD17: all combined | AF17: =(AE11*B42+AE12*B43+AE13*B44+AE14*B45)/(AE11+AE12+AE13+AE14)*Input!B106/1000000 -> 5.3189638 | AG17: =AF17-AE$8 -> -4.9247524
A18: all combined | C18: =(B12*C42+B13*C43+B14*C44+B15*C45)/(B12+B13+B14+B15)*Input!B106/1000000 -> 3.0711639 | D18: =C18-B$8 -> -5.7219589
A19: % of homes that must adopt a tech to reach no new increase | C19: =1-C18/(C11+C18) -> 0.85936241 | P19: % of homes that must adopt a tech to reach no new increase | R19: =1-R17/(R10+R17) -> 0.79044378 | AD19: % of homes that must adopt a tech to reach no new increase | AF19: =1-AF17/(AF10+AF17) -> 0.83126937
B22: % adoption | C22: power draw | D22: 0.1 | G22: 0.3
A23: ASHP/HPWH | C23: =C41*Input!$B$106/1000000 -> 18.766268 | D23: =C23-B$8 -> 9.9731456
A24: ASHP/HPWH + ETS | B24: 0.1 | C24: =(C42*B24+C$41*(1-B24))*Input!B$106/1000000 -> 17.273984 | D24: =C24-B$8 -> 8.4808609 | E24: 0.3 | F24: =(C42*E24+C$41*(1-E24))*Input!B$106/1000000 -> 14.289415 | G24: =F24-B$8 -> 5.4962917
A25: ASHP/HPWH + home batteries | B25: 0.1 | C25: =(C43*B25+C$41*(1-B25))*Input!B$106/1000000 -> 16.941535 | D25: =C25-B$8 -> 8.1484125 | E25: 0.3 | F25: =(C43*E25+C$41*(1-E25))*Input!B$106/1000000 -> 13.292069 | G25: =F25-B$8 -> 4.4989463
A26: ASHP/HPWH + EV battery | B26: 0.1 | C26: =(C44*B26+C$41*(1-B26))*Input!B$106/1000000 -> 16.889642 | D26: =C26-B$8 -> 8.0965187 | E26: 0.3 | F26: =(C44*E26+C$41*(1-E26))*Input!B$106/1000000 -> 13.136388 | G26: =F26-B$8 -> 4.3432651
A27: ASHP/HPWH and GSHP/EWH | B27: 0.1 | C27: =(C45*B27+C$41*(1-B27))*Input!B$106/1000000 -> 17.681871 | D27: =C27-B$8 -> 8.8887484 | E27: 0.3 | F27: =(C45*E27+C$41*(1-E27))*Input!B$106/1000000 -> 15.513077 | G27: =F27-B$8 -> 6.7199539
A28: all together | C28: =(C45*B27+C44*B26+C43*B25+C42*B24+C$41*(1-B27-B26-B25-B24))*Input!B$106/1000000 -> 12.488227 | D28: =C28-B$8 -> 3.6951038
E31: =9.97/21.4 -> 0.46588785
B38: Ontario single home weighted average power draw (kW) | G38: weighted change to ON power draw (electric/furnace subtracted
B39: at local morning miniumu | C39: at local afternoon maximum | D39: at local evening minimum | E39: extreme cold (5'C below design temp) | G39: at local morning miniumu | H39: at local afternoon maximum | I39: at local evening minimum | J39: extreme cold (5'C below design temp)
A41: ASHP +HPWH | B41: ='Fig 8'!B6 -> 6.985029 | C41: ='Fig 8'!C6 -> 5.0023173 | D41: ='Fig 8'!D6 -> 5.3875385 | E41: ='Fig 8'!E6 -> 9.9806067 | G41: ='Fig 8'!H6 -> 4.2544745 | H41: ='Fig 8'!I6 -> 2.6584315 | I41: ='Fig 8'!J6 -> 2.9628875 | J41: ='Fig 8'!K6 -> 6.7464071
A42: ASHP with ETS for peak hours + HPWH | B42: ='Fig 8'!B7 -> 1.0244986 | C42: ='Fig 8'!C7 -> 1.0244986 | D42: ='Fig 8'!D7 -> 1.0244986 | E42: ='Fig 8'!E7 -> 1.0244986 | G42: ='Fig 8'!H7 -> -1.1696081 | H42: ='Fig 8'!I7 -> -0.96138352 | I42: ='Fig 8'!J7 -> -1.0074787 | J42: ='Fig 8'!K7 -> -1.4036512
A43: ASHP/HPWH powered with batteries | B43: ='Fig 8'!B8 -> 2.0944223 | C43: ='Fig 8'!C8 -> 0.13832748 | D43: ='Fig 8'!D8 -> 0.49693182 | E43: ='Fig 8'!E8 -> 4.9806133 | G43: ='Fig 8'!H8 -> -0.19597758 | H43: ='Fig 8'!I8 -> -1.7677993 | I43: ='Fig 8'!J8 -> -1.4875645 | J43: ='Fig 8'!K8 -> 2.1964132
A44: ASHP/HPWH powered with EV battery | B44: ='Fig 8'!B9 -> 0.11024449 | C44: ='Fig 8'!C9 -> 0 | D44: ='Fig 8'!D9 -> 0 | E44: ='Fig 8'!E9 -> 0.73507219 | G44: ='Fig 8'!H9 -> -2.0015794 | H44: ='Fig 8'!I9 -> -1.8936773 | I44: ='Fig 8'!J9 -> -1.9397725 | J44: ='Fig 8'!K9 -> -1.6670292
A45: GSHP/EWH | B45: ='Fig 8'!B10 -> 2.4421047 | C45: ='Fig 8'!C10 -> 2.1117592 | D45: ='Fig 8'!D10 -> 2.1738419 | E45: ='Fig 8'!E10 -> 3.843735 | G45: ='Fig 8'!H10 -> 0.12041343 | H45: ='Fig 8'!I10 -> 0.028023561 | I45: ='Fig 8'!J10 -> 0.038423684 | J45: ='Fig 8'!K10 -> 1.1618539
A46: NG space and water heater | B46: ='Fig 8'!B11 -> 0.6719991 | C46: ='Fig 8'!C11 -> 0.6719991 | D46: ='Fig 8'!D11 -> 0.6719991 | E46: ='Fig 8'!E11 -> 0.6719991
A47: electric resistance space and water heating | B47: ='Fig 8'!B12 -> 10.607884 | C47: ='Fig 8'!C12 -> 9.2197197 | D47: ='Fig 8'!D12 -> 9.527021 | E47: ='Fig 8'!E12 -> 12.168171
A49: Ontario increased peak hour power draw for space and water heating (GW)
B50: % adoption | C50: at local morning miniumu | D50: at local afternoon maximum | E50: at local evening minimum | F50: extreme cold (5'C below design temp)
A51: ASHP +HPWH | B51: 1 | C51: ='steady adoption'!C58 -> 15.960725 | D51: ='steady adoption'!D58 -> 9.9731456 | E51: ='steady adoption'!E58 -> 11.115317 | F51: ='steady adoption'!F58 -> 25.309248
A52: ASHP with ETS for peak hours + HPWH | B52: 1 | C52: ='steady adoption'!C59 -> -4.3878025 | D52: ='steady adoption'!D59 -> -3.6066447 | E52: ='steady adoption'!E59 -> -3.7795715 | F52: ='steady adoption'!F59 -> -5.2658184
A53: ASHP/HPWH powered with batteries | B53: 1 | C53: ='steady adoption'!C60 -> -0.73521282 | D53: ='steady adoption'!D60 -> -6.6319255 | E53: ='steady adoption'!E60 -> -5.5806206 | F53: ='steady adoption'!F60 -> 8.2398771
A54: ASHP/HPWH powered with EV battery | B54: 1 | C54: ='steady adoption'!C61 -> -7.5089552 | D54: ='steady adoption'!D61 -> -7.1041587 | E54: ='steady adoption'!E61 -> -7.2770855 | F54: ='steady adoption'!F61 -> -6.2538851
A55: GSHP/EWH | B55: 1 | C55: ='steady adoption'!C62 -> 0.45173279 | D55: ='steady adoption'!D62 -> 0.10513081 | E55: ='steady adoption'!E62 -> 0.14414703 | F55: ='steady adoption'!F62 -> 4.3587123

Sheet using available capacity
B3: kW | C3: hours of charging | D3: kWh | E3: hours to offset | F3: 1 hour offset - % adoption before using up capacity | G3: 2 hour offset | H3: 4 hour offset | I3: 6 hour offset | N3: adoption | O3: % of tech | P3: power draw to charge | Q3: kWh use at 50% of IESO BAU+ adoption
A4: ETS charging average | B4: =Input!B84/Input!B87/(5/12*365*24) -> 5.6773212 | C4: =Input!B$7 -> 10.989011 | D4: =B4*C4 -> 62.388145 | E4: =Input!B$9 -> 13.371216 | F4: =$A$15*1000000/Input!$B$106/($B4) -> 3.2465113 | G4: =$A$16*1000000/Input!$B$106/($B4*2) -> 1.5933005 | H4: =$A$17*1000000/Input!$B$106/($B4*4) -> 0.73807822 | I4: =$A$18*1000000/Input!$B$106/($B4*6) -> 0.42221173
A5: ETS charging morning minimum | B5: =B28-Input!B77*Input!B78 -> 9.7078838 | C5: =Input!B$7 -> 10.989011 | D5: =B5*C5 -> 106.68004 | E5: =Input!B$9 -> 13.371216 | F5: =$A$15*1000000/Input!$B$106/($B5) -> 1.8986102 | G5: =$A$16*1000000/Input!$B$106/($B5*2) -> 0.93178689 | H5: =$A$17*1000000/Input!$B$106/($B5*4) -> 0.4316396 | I5: =$A$18*1000000/Input!$B$106/($B5*6) -> 0.24691598
A6: ETS charging afternoon maximum | B6: =C28-Input!B77*Input!B78 -> 8.3197197 | C6: =Input!B$7 -> 10.989011 | D6: =B6*C6 -> 91.425491 | E6: =Input!B$9 -> 13.371216 | F6: =$A$15*1000000/Input!$B$106/($B6) -> 2.2153976 | G6: =$A$16*1000000/Input!$B$106/($B6*2) -> 1.0872576 | H6: =$A$17*1000000/Input!$B$106/($B6*4) -> 0.50365965 | I6: =$A$18*1000000/Input!$B$106/($B6*6) -> 0.28811447 | N6: 0.24 | O6: =N6/SUM(N6:N10) -> 0.29268293 | P6: =B6*6 -> 49.918318 | Q6: =0.5*N6*6*B6*Input!B106/1000000 -> 22.472318
A7: ETS charging evenign minimum | B7: =D28-Input!B77*Input!B78 -> 8.627021 | C7: =Input!B$7 -> 10.989011 | D7: =B7*C7 -> 94.802429 | E7: =Input!B$9 -> 13.371216 | F7: =$A$15*1000000/Input!$B$106/($B7) -> 2.1364834 | G7: =$A$16*1000000/Input!$B$106/($B7*2) -> 1.0485287 | H7: =$A$17*1000000/Input!$B$106/($B7*4) -> 0.48571889 | I7: =$A$18*1000000/Input!$B$106/($B7*6) -> 0.2778516
A8: ETS chargign extreme cold | B8: =E28-Input!B77*Input!B78 -> 11.268171 | C8: =Input!B$7 -> 10.989011 | D8: =B8*C8 -> 123.82605 | E8: =Input!B$9 -> 13.371216 | F8: =$A$15*1000000/Input!$B$106/($B8) -> 1.6357124 | G8: =$A$16*1000000/Input!$B$106/($B8*2) -> 0.80276375 | H8: =$A$17*1000000/Input!$B$106/($B8*4) -> 0.37187111 | I8: =$A$18*1000000/Input!$B$106/($B8*6) -> 0.21272589
A9: battery charging | B9: =Input!B22 -> 5.5555556 | C9: =Input!B21/Input!B19 -> 2.2222222 | D9: =B9*C9 -> 12.345679 | E9: =Input!B21 -> 2 | F9: =$A$15*1000000/Input!$B$106/($B9) -> 3.3176677 | G9: =$A$16*1000000/Input!$B$106/($B9*2) -> 1.6282222 | H9: na | I9: na | N9: 0.27 | O9: =N9/SUM(N6:N10) -> 0.32926829 | P9: =B9*2 -> 11.111111 | Q9: =0.5*N9*2*B9*Input!B106/1000000 -> 5.6272725
A10: EV charging | B10: =Input!B36 -> 11.52 | C10: =Input!B34/(Input!B35/Input!B36) -> 4.8 | D10: =B10*C10 -> 55.296 | E10: =Input!B34 -> 4 | F10: =$A$15*1000000/Input!$B$106/($B10) -> 1.5999555 | G10: =$A$16*1000000/Input!$B$106/($B10*2) -> 0.78521518 | H10: =$A$17*1000000/Input!$B$106/($B10*4) -> 0.36374194 | I10: na | N10: 0.31 | O10: =N10/SUM(N6:N10) -> 0.37804878 | P10: =B10*4 -> 46.08 | Q10: =0.5*N10*4*B10*Input!B106/1000000 -> 26.794821
A12: assumes charged only enough for the offset time | Q12: =SUM(Q6:Q10) -> 54.894412 | R12: This is less than available GWh in 24 hours before peak
A14: Available GWh in 24 hours before peak (ie difference between the hourly demand and the peak demand
A15: ='hourly demand'!M28/1000 -> 69.146 | B15: 1 hour
A16: ='hourly demand'!M29/1000 -> 67.87 | B16: 2 hours
A17: ='hourly demand'!M30/1000 -> 62.88 | B17: 4 hours
A18: ='hourly demand'!M31/1000 -> 53.955 | B18: 6 hours
B19: Ontario single home weighted average power draw (kW) | G19: weighted change to ON power draw (electric/furnace subtracted
B20: at local morning miniumu | C20: at local afternoon maximum | D20: at local evening minimum | E20: extreme cold (5'C below design temp) | G20: at local morning miniumu | H20: at local afternoon maximum | I20: at local evening minimum | J20: extreme cold (5'C below design temp)
A22: ASHP +HPWH | B22: =(Input!$C$111*'regional outcomes'!E18+Input!$D$111*'regional outcomes'!B18+Input!$E$111*'regional outcomes'!O18+Input!$F$111*'regional outcomes'!X18+Input!$G$111*'regional outcomes'!Y18) -> 6.985029 | C22: =(Input!$C$111*'regional outcomes'!D18+Input!$D$111*'regional outcomes'!B18+Input!$E$111*'regional outcomes'!M18+Input!$F$111*'regional outcomes'!V18+Input!$G$111*'regional outcomes'!W18) -> 5.0023173 | D22: =(Input!$C$111*'regional outcomes'!D18+Input!$D$111*'regional outcomes'!B18+Input!$E$111*'regional outcomes'!N18+Input!$F$111*'regional outcomes'!X18+Input!$G$111*'regional outcomes'!X18) -> 5.3875385 | E22: =(Input!$C$111*'regional outcomes'!F18+Input!$D$111*'regional outcomes'!F18+Input!$E$111*'regional outcomes'!P18+Input!$F$111*'regional outcomes'!Z18+Input!$G$111*'regional outcomes'!Z18) -> 9.9806067 | G22: =(B22-B$27)*(1-Input!$B$107-Input!$B$108)+(B22-B$28)*(Input!$B$107) -> 4.2544745 | H22: =(C22-C$27)*(1-Input!$B$107-Input!$B$108)+(C22-C$28)*(Input!$B$107) -> 2.6584315 | I22: =(D22-D$27)*(1-Input!$B$107-Input!$B$108)+(D22-D$28)*(Input!$B$107) -> 2.9628875 | J22: =(E22-E$27)*(1-Input!$B$107-Input!$B$108)+(E22-E$28)*(Input!$B$107) -> 6.7464071
A23: ASHP with ETS for peak hours + HPWH | B23: =(Input!$C$111*'regional outcomes'!E19+Input!$D$111*'regional outcomes'!B19+Input!$E$111*'regional outcomes'!O19+Input!$F$111*'regional outcomes'!X19+Input!$G$111*'regional outcomes'!Y19) -> 1.0244986 | C23: =(Input!$C$111*'regional outcomes'!D19+Input!$D$111*'regional outcomes'!B19+Input!$E$111*'regional outcomes'!M19+Input!$F$111*'regional outcomes'!V19+Input!$G$111*'regional outcomes'!W19) -> 1.0244986 | D23: =(Input!$C$111*'regional outcomes'!D19+Input!$D$111*'regional outcomes'!B19+Input!$E$111*'regional outcomes'!N19+Input!$F$111*'regional outcomes'!X19+Input!$G$111*'regional outcomes'!X19) -> 1.0244986 | E23: =(Input!$C$111*'regional outcomes'!F19+Input!$D$111*'regional outcomes'!F19+Input!$E$111*'regional outcomes'!P19+Input!$F$111*'regional outcomes'!Z19+Input!$G$111*'regional outcomes'!Z19) -> 1.0244986 | G23: =(B23-B$27)*(1-Input!$B$107-Input!$B$108)+(B23-B$28)*(Input!$B$107) -> -1.1696081 | H23: =(C23-C$27)*(1-Input!$B$107-Input!$B$108)+(C23-C$28)*(Input!$B$107) -> -0.96138352 | I23: =(D23-D$27)*(1-Input!$B$107-Input!$B$108)+(D23-D$28)*(Input!$B$107) -> -1.0074787 | J23: =(E23-E$27)*(1-Input!$B$107-Input!$B$108)+(E23-E$28)*(Input!$B$107) -> -1.4036512
A24: ASHP/HPWH powered with batteries | B24: =(Input!$C$111*'regional outcomes'!E20+Input!$D$111*'regional outcomes'!B20+Input!$E$111*'regional outcomes'!O20+Input!$F$111*'regional outcomes'!X20+Input!$G$111*'regional outcomes'!Y20) -> 2.0944223 | C24: =(Input!$C$111*'regional outcomes'!D20+Input!$D$111*'regional outcomes'!B20+Input!$E$111*'regional outcomes'!M20+Input!$F$111*'regional outcomes'!V20+Input!$G$111*'regional outcomes'!W20) -> 0.13832748 | D24: =(Input!$C$111*'regional outcomes'!D20+Input!$D$111*'regional outcomes'!B20+Input!$E$111*'regional outcomes'!N20+Input!$F$111*'regional outcomes'!X20+Input!$G$111*'regional outcomes'!X20) -> 0.49693182 | E24: =(Input!$C$111*'regional outcomes'!F20+Input!$D$111*'regional outcomes'!F20+Input!$E$111*'regional outcomes'!P20+Input!$F$111*'regional outcomes'!Z20+Input!$G$111*'regional outcomes'!Z20) -> 4.9806133 | G24: =(B24-B$27)*(1-Input!$B$107-Input!$B$108)+(B24-B$28)*(Input!$B$107) -> -0.19597758 | H24: =(C24-C$27)*(1-Input!$B$107-Input!$B$108)+(C24-C$28)*(Input!$B$107) -> -1.7677993 | I24: =(D24-D$27)*(1-Input!$B$107-Input!$B$108)+(D24-D$28)*(Input!$B$107) -> -1.4875645 | J24: =(E24-E$27)*(1-Input!$B$107-Input!$B$108)+(E24-E$28)*(Input!$B$107) -> 2.1964132
A25: ASHP/HPWH powered with EV battery | B25: =(Input!$C$111*'regional outcomes'!E21+Input!$D$111*'regional outcomes'!B21+Input!$E$111*'regional outcomes'!O21+Input!$F$111*'regional outcomes'!X21+Input!$G$111*'regional outcomes'!Y21) -> 0.11024449 | C25: =(Input!$C$111*'regional outcomes'!D21+Input!$D$111*'regional outcomes'!B21+Input!$E$111*'regional outcomes'!M21+Input!$F$111*'regional outcomes'!V21+Input!$G$111*'regional outcomes'!W21) -> 0 | D25: =(Input!$C$111*'regional outcomes'!D21+Input!$D$111*'regional outcomes'!B21+Input!$E$111*'regional outcomes'!N21+Input!$F$111*'regional outcomes'!X21+Input!$G$111*'regional outcomes'!X21) -> 0 | E25: =(Input!$C$111*'regional outcomes'!F21+Input!$D$111*'regional outcomes'!F21+Input!$E$111*'regional outcomes'!P21+Input!$F$111*'regional outcomes'!Z21+Input!$G$111*'regional outcomes'!Z21) -> 0.73507219 | G25: =(B25-B$27)*(1-Input!$B$107-Input!$B$108)+(B25-B$28)*(Input!$B$107) -> -2.0015794 | H25: =(C25-C$27)*(1-Input!$B$107-Input!$B$108)+(C25-C$28)*(Input!$B$107) -> -1.8936773 | I25: =(D25-D$27)*(1-Input!$B$107-Input!$B$108)+(D25-D$28)*(Input!$B$107) -> -1.9397725 | J25: =(E25-E$27)*(1-Input!$B$107-Input!$B$108)+(E25-E$28)*(Input!$B$107) -> -1.6670292
A26: GSHP/EWH | B26: =(Input!$C$111*'regional outcomes'!E22+Input!$D$111*'regional outcomes'!B22+Input!$E$111*'regional outcomes'!O22+Input!$F$111*'regional outcomes'!X22+Input!$G$111*'regional outcomes'!Y22) -> 2.4421047 | C26: =(Input!$C$111*'regional outcomes'!D22+Input!$D$111*'regional outcomes'!B22+Input!$E$111*'regional outcomes'!M22+Input!$F$111*'regional outcomes'!V22+Input!$G$111*'regional outcomes'!W22) -> 2.1117592 | D26: =(Input!$C$111*'regional outcomes'!D22+Input!$D$111*'regional outcomes'!B22+Input!$E$111*'regional outcomes'!N22+Input!$F$111*'regional outcomes'!X22+Input!$G$111*'regional outcomes'!X22) -> 2.1738419 | E26: =(Input!$C$111*'regional outcomes'!F22+Input!$D$111*'regional outcomes'!F22+Input!$E$111*'regional outcomes'!P22+Input!$F$111*'regional outcomes'!Z22+Input!$G$111*'regional outcomes'!Z22) -> 3.843735 | G26: =(B26-B$27)*(1-Input!$B$107-Input!$B$108)+(B26-B$28)*(Input!$B$107) -> 0.12041343 | H26: =(C26-C$27)*(1-Input!$B$107-Input!$B$108)+(C26-C$28)*(Input!$B$107) -> 0.028023561 | I26: =(D26-D$27)*(1-Input!$B$107-Input!$B$108)+(D26-D$28)*(Input!$B$107) -> 0.038423684 | J26: =(E26-E$27)*(1-Input!$B$107-Input!$B$108)+(E26-E$28)*(Input!$B$107) -> 1.1618539
A27: NG space and water heater | B27: =(Input!$C$111*'regional outcomes'!E23+Input!$D$111*'regional outcomes'!B23+Input!$E$111*'regional outcomes'!O23+Input!$F$111*'regional outcomes'!X23+Input!$G$111*'regional outcomes'!Y23) -> 0.6719991 | C27: =(Input!$C$111*'regional outcomes'!D23+Input!$D$111*'regional outcomes'!B23+Input!$E$111*'regional outcomes'!M23+Input!$F$111*'regional outcomes'!V23+Input!$G$111*'regional outcomes'!W23) -> 0.6719991 | D27: =(Input!$C$111*'regional outcomes'!D23+Input!$D$111*'regional outcomes'!B23+Input!$E$111*'regional outcomes'!N23+Input!$F$111*'regional outcomes'!X23+Input!$G$111*'regional outcomes'!X23) -> 0.6719991 | E27: =(Input!$C$111*'regional outcomes'!F23+Input!$D$111*'regional outcomes'!F23+Input!$E$111*'regional outcomes'!P23+Input!$F$111*'regional outcomes'!Z23+Input!$G$111*'regional outcomes'!Z23) -> 0.6719991
A28: electric resistance space and water heating | B28: =(Input!$C$111*'regional outcomes'!E24+Input!$D$111*'regional outcomes'!B24+Input!$E$111*'regional outcomes'!O24+Input!$F$111*'regional outcomes'!X24+Input!$G$111*'regional outcomes'!Y24) -> 10.607884 | C28: =(Input!$C$111*'regional outcomes'!D24+Input!$D$111*'regional outcomes'!B24+Input!$E$111*'regional outcomes'!M24+Input!$F$111*'regional outcomes'!V24+Input!$G$111*'regional outcomes'!W24) -> 9.2197197 | D28: =(Input!$C$111*'regional outcomes'!D24+Input!$D$111*'regional outcomes'!B24+Input!$E$111*'regional outcomes'!N24+Input!$F$111*'regional outcomes'!X24+Input!$G$111*'regional outcomes'!X24) -> 9.527021 | E28: =(Input!$C$111*'regional outcomes'!F24+Input!$D$111*'regional outcomes'!F24+Input!$E$111*'regional outcomes'!P24+Input!$F$111*'regional outcomes'!Z24+Input!$G$111*'regional outcomes'!Z24) -> 12.168171
A30: Ontario increased peak hour power draw for space and water heating (GW)
B31: % adoption | C31: at local morning miniumu | D31: at local afternoon maximum | E31: at local evening minimum | F31: extreme cold (5'C below design temp)
A32: ASHP +HPWH | B32: 1 | C32: =G22*Input!$B$106/1000000 -> 15.960725 | D32: =H22*Input!$B$106/1000000 -> 9.9731456 | E32: =I22*Input!$B$106/1000000 -> 11.115317 | F32: =J22*Input!$B$106/1000000 -> 25.309248
A33: ASHP with ETS for peak hours + HPWH | B33: 1 | C33: =G23*Input!$B$106/1000000 -> -4.3878025 | D33: =H23*Input!$B$106/1000000 -> -3.6066447 | E33: =I23*Input!$B$106/1000000 -> -3.7795715 | F33: =J23*Input!$B$106/1000000 -> -5.2658184
A34: ASHP/HPWH powered with batteries | B34: 1 | C34: =G24*Input!$B$106/1000000 -> -0.73521282 | D34: =H24*Input!$B$106/1000000 -> -6.6319255 | E34: =I24*Input!$B$106/1000000 -> -5.5806206 | F34: =J24*Input!$B$106/1000000 -> 8.2398771
A35: ASHP/HPWH powered with EV battery | B35: 1 | C35: =G25*Input!$B$106/1000000 -> -7.5089552 | D35: =H25*Input!$B$106/1000000 -> -7.1041587 | E35: =I25*Input!$B$106/1000000 -> -7.2770855 | F35: =J25*Input!$B$106/1000000 -> -6.2538851
A36: GSHP/EWH | B36: 1 | C36: =G26*Input!$B$106/1000000 -> 0.45173279 | D36: =H26*Input!$B$106/1000000 -> 0.10513081 | E36: =I26*Input!$B$106/1000000 -> 0.14414703 | F36: =J26*Input!$B$106/1000000 -> 4.3587123

Sheet full adoption
B2: Ontario single home weighted average power draw (kW) | G2: weighted change to ON power draw (electric/furnace subtracted
B3: at local morning miniumu | C3: at local afternoon maximum | D3: at local evening minimum | E3: extreme cold (5'C below design temp) | G3: at local morning miniumu | H3: at local afternoon maximum | I3: at local evening minimum | J3: extreme cold (5'C below design temp)
A5: ASHP +HPWH | B5: ='Fig 8'!B6 -> 6.985029 | C5: ='Fig 8'!C6 -> 5.0023173 | D5: ='Fig 8'!D6 -> 5.3875385 | E5: ='Fig 8'!E6 -> 9.9806067 | G5: ='Fig 8'!H6 -> 4.2544745 | H5: ='Fig 8'!I6 -> 2.6584315 | I5: ='Fig 8'!J6 -> 2.9628875 | J5: ='Fig 8'!K6 -> 6.7464071
A6: ASHP with ETS for peak hours + HPWH | B6: ='Fig 8'!B7 -> 1.0244986 | C6: ='Fig 8'!C7 -> 1.0244986 | D6: ='Fig 8'!D7 -> 1.0244986 | E6: ='Fig 8'!E7 -> 1.0244986 | G6: ='Fig 8'!H7 -> -1.1696081 | H6: ='Fig 8'!I7 -> -0.96138352 | I6: ='Fig 8'!J7 -> -1.0074787 | J6: ='Fig 8'!K7 -> -1.4036512
A7: ASHP/HPWH powered with batteries | B7: ='Fig 8'!B8 -> 2.0944223 | C7: ='Fig 8'!C8 -> 0.13832748 | D7: ='Fig 8'!D8 -> 0.49693182 | E7: ='Fig 8'!E8 -> 4.9806133 | G7: ='Fig 8'!H8 -> -0.19597758 | H7: ='Fig 8'!I8 -> -1.7677993 | I7: ='Fig 8'!J8 -> -1.4875645 | J7: ='Fig 8'!K8 -> 2.1964132
A8: ASHP/HPWH powered with EV battery | B8: ='Fig 8'!B9 -> 0.11024449 | C8: ='Fig 8'!C9 -> 0 | D8: ='Fig 8'!D9 -> 0 | E8: ='Fig 8'!E9 -> 0.73507219 | G8: ='Fig 8'!H9 -> -2.0015794 | H8: ='Fig 8'!I9 -> -1.8936773 | I8: ='Fig 8'!J9 -> -1.9397725 | J8: ='Fig 8'!K9 -> -1.6670292
A9: GSHP/EWH | B9: ='Fig 8'!B10 -> 2.4421047 | C9: ='Fig 8'!C10 -> 2.1117592 | D9: ='Fig 8'!D10 -> 2.1738419 | E9: ='Fig 8'!E10 -> 3.843735 | G9: ='Fig 8'!H10 -> 0.12041343 | H9: ='Fig 8'!I10 -> 0.028023561 | I9: ='Fig 8'!J10 -> 0.038423684 | J9: ='Fig 8'!K10 -> 1.1618539
A10: NG space and water heater | B10: ='Fig 8'!B11 -> 0.6719991 | C10: ='Fig 8'!C11 -> 0.6719991 | D10: ='Fig 8'!D11 -> 0.6719991 | E10: ='Fig 8'!E11 -> 0.6719991
A11: electric resistance space and water heating | B11: ='Fig 8'!B12 -> 10.607884 | C11: ='Fig 8'!C12 -> 9.2197197 | D11: ='Fig 8'!D12 -> 9.527021 | E11: ='Fig 8'!E12 -> 12.168171
A13: Ontario increased peak hour power draw for space and water heating (GW)
B14: % adoption | C14: at local morning miniumu | D14: at local afternoon maximum | E14: at local evening minimum | F14: extreme cold (5'C below design temp)
A15: ASHP +HPWH | B15: 1 | C15: ='steady adoption'!C58 -> 15.960725 | D15: ='steady adoption'!D58 -> 9.9731456 | E15: ='steady adoption'!E58 -> 11.115317 | F15: ='steady adoption'!F58 -> 25.309248
A16: ASHP with ETS for peak hours + HPWH | B16: 1 | C16: ='steady adoption'!C59 -> -4.3878025 | D16: ='steady adoption'!D59 -> -3.6066447 | E16: ='steady adoption'!E59 -> -3.7795715 | F16: ='steady adoption'!F59 -> -5.2658184
A17: ASHP/HPWH powered with batteries | B17: 1 | C17: ='steady adoption'!C60 -> -0.73521282 | D17: ='steady adoption'!D60 -> -6.6319255 | E17: ='steady adoption'!E60 -> -5.5806206 | F17: ='steady adoption'!F60 -> 8.2398771
A18: ASHP/HPWH powered with EV battery | B18: 1 | C18: ='steady adoption'!C61 -> -7.5089552 | D18: ='steady adoption'!D61 -> -7.1041587 | E18: ='steady adoption'!E61 -> -7.2770855 | F18: ='steady adoption'!F61 -> -6.2538851
A19: GSHP/EWH | B19: 1 | C19: ='steady adoption'!C62 -> 0.45173279 | D19: ='steady adoption'!D62 -> 0.10513081 | E19: ='steady adoption'!E62 -> 0.14414703 | F19: ='steady adoption'!F62 -> 4.3587123
A21: ASHP +HPWH | B21: =Input!B42 -> 1 | C21: =C15 -> 15.960725 | D21: =D15 -> 9.9731456 | E21: =E15 -> 11.115317 | F21: =F15 -> 25.309248
A22: with ETS for peak hours + HPWH | B22: =Input!B4 -> 0.24 | C22: =(1-$B22)*C$21 +($B22)*C16 -> 11.077078 | D22: =(1-$B22)*D$21 +($B22)*D16 -> 6.7139959 | E22: =(1-$B22)*E$21 +($B22)*E16 -> 7.5405438 | F22: =(1-$B22)*F$21 +($B22)*F16 -> 17.971232
A23: with batteries | B23: =Input!B17 -> 0.27 | C23: =(1-$B23)*C$21 +($B23)*C17 -> 11.452822 | D23: =(1-$B23)*D$21 +($B23)*D17 -> 5.4897764 | E23: =(1-$B23)*E$21 +($B23)*E17 -> 6.6074139 | F23: =(1-$B23)*F$21 +($B23)*F17 -> 20.700518
A24: with EV battery | B24: =Input!B30 -> 0.31 | C24: =(1-$B24)*C$21 +($B24)*C18 -> 8.685124 | D24: =(1-$B24)*D$21 +($B24)*D18 -> 4.6791813 | E24: =(1-$B24)*E$21 +($B24)*E18 -> 5.4136722 | F24: =(1-$B24)*F$21 +($B24)*F18 -> 15.524676
A25: GSHP/EWH (100%) | B25: 1 | C25: =(1-$B25)*C$21 +($B25)*C19 -> 0.45173279 | D25: =(1-$B25)*D$21 +($B25)*D19 -> 0.10513081 | E25: =(1-$B25)*E$21 +($B25)*E19 -> 0.14414703 | F25: =(1-$B25)*F$21 +($B25)*F19 -> 4.3587123
A26: GSHP/EWH high adoption | B26: =Input!B50 -> 0.3 | C26: =(1-$B26)*C$21 +($B26)*C19 -> 11.308027 | D26: =(1-$B26)*D$21 +($B26)*D19 -> 7.0127412 | E26: =(1-$B26)*E$21 +($B26)*E19 -> 7.823966 | F26: =(1-$B26)*F$21 +($B26)*F19 -> 19.024087
A27: GSHP/EWH low adoption | B27: =Input!B51 -> 0.1 | C27: =(1-$B27)*C$21 +($B27)*C19 -> 14.409826 | D27: =(1-$B27)*D$21 +($B27)*D19 -> 8.9863441 | E27: =(1-$B27)*E$21 +($B27)*E19 -> 10.0182 | F27: =(1-$B27)*F$21 +($B27)*F19 -> 23.214194
A30: Ontario increased peak hour power draw analysis for space and water heating (GW)
A31: condition | B31: % adoption | C31: at -10'C | D31: at -13.5'C | E31: at -15'C | F31: at -20'C | G31: at -25'C | H31: at -30 | J31: at local morning miniumu | K31: at local afternoon maximum | L31: at local evening minimum
A33: ASHP +HPWH | B33: =Input!B42 -> 1 | C33: ='regional outcomes'!C30+'regional outcomes'!L30+'regional outcomes'!U30 -> 7.2623906 | D33: ='regional outcomes'!D30+'regional outcomes'!M30+'regional outcomes'!V30 -> 9.0965724 | E33: ='regional outcomes'!E30+'regional outcomes'!N30+'regional outcomes'!W30 -> 10.11956 | F33: ='regional outcomes'!F30+'regional outcomes'!O30+'regional outcomes'!X30 -> 14.819474 | G33: ='regional outcomes'!G30+'regional outcomes'!P30+'regional outcomes'!Y30 -> 22.024078 | H33: ='regional outcomes'!H30+'regional outcomes'!Q30+'regional outcomes'!Z30 -> 32.204546 | J33: can't do this easily because Toronto and Windsor and TB+ K and NB are combined on regional outomes
A34: with ETS for peak hours + HPWH | B34: =Input!B4 -> 0.24 | C34: ='regional outcomes'!C31+'regional outcomes'!L31+'regional outcomes'!U31 -> 4.1362958 | D34: ='regional outcomes'!D31+'regional outcomes'!M31+'regional outcomes'!V31 -> 5.3280476 | E34: ='regional outcomes'!E31+'regional outcomes'!N31+'regional outcomes'!W31 -> 6.0188498 | F34: ='regional outcomes'!F31+'regional outcomes'!O31+'regional outcomes'!X31 -> 9.30189 | G34: ='regional outcomes'!G31+'regional outcomes'!P31+'regional outcomes'!Y31 -> 14.488494 | H34: ='regional outcomes'!H31+'regional outcomes'!Q31+'regional outcomes'!Z31 -> 21.936755
A35: with batteries | B35: =Input!B17 -> 0.27 | C35: ='regional outcomes'!C32+'regional outcomes'!L32+'regional outcomes'!U32 -> 2.8176868 | D35: ='regional outcomes'!D32+'regional outcomes'!M32+'regional outcomes'!V32 -> 3.9429679 | E35: ='regional outcomes'!E32+'regional outcomes'!N32+'regional outcomes'!W32 -> 4.6835148 | F35: ='regional outcomes'!F32+'regional outcomes'!O32+'regional outcomes'!X32 -> 9.3453994 | G35: ='regional outcomes'!G32+'regional outcomes'!P32+'regional outcomes'!Y32 -> 16.632092 | H35: ='regional outcomes'!H32+'regional outcomes'!Q32+'regional outcomes'!Z32 -> 27.018027
A36: with EV battery | B36: =Input!B30 -> 0.31 | C36: ='regional outcomes'!C33+'regional outcomes'!L33+'regional outcomes'!U33 -> 2.3101022 | D36: ='regional outcomes'!D33+'regional outcomes'!M33+'regional outcomes'!V33 -> 3.3467557 | E36: ='regional outcomes'!E33+'regional outcomes'!N33+'regional outcomes'!W33 -> 3.9545035 | F36: ='regional outcomes'!F33+'regional outcomes'!O33+'regional outcomes'!X33 -> 6.8703988 | G36: ='regional outcomes'!G33+'regional outcomes'!P33+'regional outcomes'!Y33 -> 11.51453 | H36: ='regional outcomes'!H33+'regional outcomes'!Q33+'regional outcomes'!Z33 -> 21.097128
A37: GSHP/EWH (100%) | B37: 1 | C37: ='regional outcomes'!C34+'regional outcomes'!L34+'regional outcomes'!U34 -> -0.31850108 | D37: ='regional outcomes'!D34+'regional outcomes'!M34+'regional outcomes'!V34 -> -0.20670389 | E37: ='regional outcomes'!E34+'regional outcomes'!N34+'regional outcomes'!W34 -> 0.16130894 | F37: ='regional outcomes'!F34+'regional outcomes'!O34+'regional outcomes'!X34 -> 0.32414402 | G37: ='regional outcomes'!G34+'regional outcomes'!P34+'regional outcomes'!Y34 -> 3.9773397 | H37: ='regional outcomes'!H34+'regional outcomes'!Q34+'regional outcomes'!Z34 -> 6.430148
A38: GSHP/EWH high adoption | B38: =Input!B50 -> 0.3 | C38: =$B38*C$37+(1-$B38)*C$33 -> 4.9881231 | D38: =$B38*D$37+(1-$B38)*D$33 -> 6.3055895 | E38: =$B38*E$37+(1-$B38)*E$33 -> 7.1320847 | F38: =$B38*F$37+(1-$B38)*F$33 -> 10.470875 | G38: =$B38*G$37+(1-$B38)*G$33 -> 16.610057 | H38: =$B38*H$37+(1-$B38)*H$33 -> 24.472227
A39: GSHP/EWH low adoption | B39: =Input!B51 -> 0.1 | C39: =$B39*C$37+(1-$B39)*C$33 -> 6.5043014 | D39: =$B39*D$37+(1-$B39)*D$33 -> 8.1662447 | E39: =$B39*E$37+(1-$B39)*E$33 -> 9.1237349 | F39: =$B39*F$37+(1-$B39)*F$33 -> 13.369941 | G39: =$B39*G$37+(1-$B39)*G$33 -> 20.219404 | H39: =$B39*H$37+(1-$B39)*H$33 -> 29.627106

Sheet by region
B2: At local afternoon maximum
B3: Toronto | E3: Windsor | H3: Ottawa | K3: Thunder Bay | N3: North Bay | Q3: Kapuskasing
B4: afternoon max | C4: morning min | D4: afternoon min | E4: afternoon max | F4: morning min | G4: afternoon min | H4: afternoon max | I4: morning min | J4: afternoon min | K4: afternoon max | L4: morning min | M4: afternoon min | N4: afternoon max | O4: morning min | P4: afternoon min | Q4: afternoon max | R4: morning min | S4: afternoon min
A5: ASHP + HPWH | B5: ='regional outcomes'!C18 -> 4.7489032 | C5: ='regional outcomes'!E18 -> 6.7747114 | D5: ='regional outcomes'!D18 -> 5.1194406 | E5: ='regional outcomes'!B18 -> 4.0390798 | F5: ='regional outcomes'!B18 -> 4.0390798 | G5: ='regional outcomes'!B18 -> 4.0390798 | H5: ='regional outcomes'!M18 -> 4.847516 | I5: ='regional outcomes'!O18 -> 8.3180741 | J5: ='regional outcomes'!N18 -> 6.1798762 | K5: ='regional outcomes'!V18 -> 4.847516 | L5: ='regional outcomes'!X18 -> 8.3180741 | M5: ='regional outcomes'!X18 -> 8.3180741 | N5: ='regional outcomes'!W18 -> 6.1798762 | O5: ='regional outcomes'!Y18 -> 11.792044 | P5: ='regional outcomes'!X18 -> 8.3180741 | Q5: ='regional outcomes'!W18 -> 6.1798762 | R5: ='regional outcomes'!Y18 -> 11.792044 | S5: ='regional outcomes'!X18 -> 8.3180741
A6: temperature | B6: -13.5 | C6: =-18.5 -> -18.5 | D6: -15 | E6: -8.9 | F6: -11.6 | G6: -11.5 | H6: -17.2 | I6: -24 | J6: -19.7 | K6: -15.9 | L6: -23.8 | M6: -25.2 | N6: -22.1 | O6: -28.5 | P6: -25 | Q6: -21.1 | R6: -31.6 | S6: -24.7
B8: afternoon max
B9: Toronto | C9: Windsor | D9: Ottawa | E9: Thunder Bay | F9: North Bay | G9: Kapuskasing
A10: ASHP+HPWH at afternoon max | B10: =B5 -> 4.7489032 | C10: =E5 -> 4.0390798 | D10: =H5 -> 4.847516 | E10: =K5 -> 4.847516 | F10: =N5 -> 6.1798762 | G10: =Q5 -> 6.1798762
A11: ASHP+HPWH at morning min | B11: =C5 -> 6.7747114 | C11: =G5 -> 4.0390798 | D11: =I5 -> 8.3180741 | E11: =L5 -> 8.3180741 | F11: =O5 -> 11.792044 | G11: =R5 -> 11.792044
A12: ASHP+HPWH at afternoon min | B12: =D5 -> 5.1194406 | C12: =G5 -> 4.0390798 | D12: =J5 -> 6.1798762 | E12: =M5 -> 8.3180741 | F12: =P5 -> 8.3180741 | G12: =R5 -> 11.792044

Sheet hourly demand
B1: 2022 APO hourly demand forecast - grid
B2: source: https://www.ieso.ca/en/Sector-Participants/Planning-and-Forecasting/Annual-Planning-Outlook
H4: Winter maximum | M4: =_xlfn.MAXIFS(M39:M8822,$J39:$J8822,"Winter") -> 21963 | N4: =_xlfn.MAXIFS(N39:N8822,$J39:$J8822,"Winter") -> 22833 | O4: =_xlfn.MAXIFS(O39:O8822,$J39:$J8822,"Winter") -> 23135 | P4: =_xlfn.MAXIFS(P39:P8822,$J39:$J8822,"Winter") -> 23723 | Q4: =_xlfn.MAXIFS(Q39:Q8822,$J39:$J8822,"Winter") -> 23551 | R4: =_xlfn.MAXIFS(R39:R8822,$J39:$J8822,"Winter") -> 24243 | S4: =_xlfn.MAXIFS(S39:S8822,$J39:$J8822,"Winter") -> 24840 | T4: =_xlfn.MAXIFS(T39:T8822,$J39:$J8822,"Winter") -> 25280 | ... AF4: =_xlfn.MAXIFS(AF39:AF8822,$J39:$J8822,"Winter") -> 30691 | AN4: capacity used | AO4: capacity available
M5: 20687 | AF5: 29629 | AN5: 17191 | AO5: =AN$28-AN5 -> 1451
M6: 19990 | AF6: 28937 | AN6: 16755 | AO6: =AN$28-AN6 -> 1887
M7: 18946 | AF7: 28529 | AN7: 16544 | AO7: =AN$28-AN7 -> 2098
M8: 17810 | AF8: 27984 | AN8: 16548 | AO8: =AN$28-AN8 -> 2094
M9: 17191 | AF9: 27710 | AN9: 16711 | AO9: =AN$28-AN9 -> 1931
M10: 16755 | AF10: 26989 | AN10: 17305 | AO10: =AN$28-AN10 -> 1337
M11: 16544 | AF11: 26160 | AN11: 18594 | AO11: =AN$28-AN11 -> 48
M12: 16548 | AF12: 25759 | AN12: 20164 | AO12: =AN$28-AN12 -> -1522
M13: 16711 | AF13: 26347 | AN13: 20358 | AO13: =AN$28-AN13 -> -1716
M14: 17305 | AF14: 27404 | AN14: 20048 | AO14: =AN$28-AN14 -> -1406
M15: 18594 | AF15: 27424 | AN15: 19600 | AO15: =AN$28-AN15 -> -958
M16: 20164 | AF16: 27309 | AN16: 19328 | AO16: =AN$28-AN16 -> -686
... M27: 21930 | AF27: 30055 | AN27: 19866 | AO27: =AN$28-AN27 -> -1224
H28: available MWh | K28: 1 hour peak mitigation | M28: =23*M4-SUM(M5:M27) -> 69146 | AF28: =23*AF4-SUM(AF5:AF27) -> 84395 | AN28: 18642 | AO28: =AN$28-AN28 -> 0
K29: 2 hour peak mitigation | M29: =22*M4-SUM(M6:M27) -> 67870
K30: 4 hour peak mitigation | M30: =20*M4-SUM(M8:M27) -> 62880
K31: 6 hour peak mitigation | M31: =18*M4-SUM(M10:M27) -> 53955
M33: =MAX(M39:M1048576) -> 23236
B34: Ontario | K34: Hourly Demand (MW) | M34: Year
M35: 1 | N35: =M35+1 -> 2 | O35: =N35+1 -> 3 | P35: =O35+1 -> 4 | Q35: =P35+1 -> 5 | R35: =Q35+1 -> 6 | S35: =R35+1 -> 7 | T35: =S35+1 -> 8 | U35: =T35+1 -> 9 | ... AF35: =AE35+1 -> 20
B36: # | C36: Hour of Year | D36: Day of Year | E36: Non-Leap Year | H36: Leap Year | K36: Hour of Day | M36: 2024 | N36: =M36+1 -> 2025 | O36: =N36+1 -> 2026 | P36: =O36+1 -> 2027 | Q36: =P36+1 -> 2028 | R36: =Q36+1 -> 2029 | S36: =R36+1 -> 2030 | T36: =S36+1 -> 2031 | U36: =T36+1 -> 2032 | ... AF36: =AE36+1 -> 2043
E37: Month of Year | F37: Day of Month | G37: Season | H37: Month of Year | I37: Day of Month | J37: Season | M37: Leap Year | N37: Non-Leap Year | O37: Non-Leap Year | P37: Non-Leap Year | Q37: Leap Year | R37: Non-Leap Year | S37: Non-Leap Year | T37: Non-Leap Year | U37: Leap Year | V37: Non-Leap Year | W37: Non-Leap Year | X37: Non-Leap Year | Y37: Leap Year | Z37: Non-Leap Year | AA37: Non-Leap Year | AB37: Non-Leap Year | AC37: Leap Year | AD37: Non-Leap Year | AE37: Non-Leap Year | AF37: Non-Leap Year
B39: 1 | C39: 1 | D39: 1 | E39: 1 | F39: 1 | G39: Winter | H39: 1 | I39: 1 | J39: Winter | K39: 1 | M39: 16081 | N39: 16738 | O39: 17426 | P39: 17893 | Q39: 18323 | R39: 18974 | S39: 19629 | T39: 20213 | U39: 20868 | V39: 21667 | W39: 22358 | X39: 23126 | Y39: 23811 | Z39: 24421 | AA39: 25010 | AB39: 25507 | AC39: 25951 | AD39: 26274 | AE39: 26519 | AF39: 26721
B40: 2 | C40: 2 | D40: 1 | E40: 1 | F40: 1 | G40: Winter | H40: 1 | I40: 1 | J40: Winter | K40: 2 | M40: 15639 | N40: 16308 | O40: 17008 | P40: 17464 | Q40: 17928 | R40: 18588 | S40: 19238 | T40: 19846 | U40: 20504 | V40: 21276 | W40: 21958 | X40: 22701 | Y40: 23368 | Z40: 23965 | AA40: 24535 | AB40: 25017 | AC40: 25448 | AD40: 25764 | AE40: 26005 | AF40: 26203
